Workbook
Name MSTR.DE_Fondsstammdaten_auf_Tranchenbasis: Stammdaten!$A$1:$AR$765
Name MSTR.DE_Vertriebszulassungen_alle_Fonds_gewünschtes_Land: #REF!
Name MSTR.DE_Vertriebszulassungen_alle_Fonds_gewünschtes_Land: #REF!
Name MSTR.ML_Vertriebszulassungen__Fondsauswahl__Landauswahl_: #REF!
Name MSTR.ML_Vertriebszulassungen__Fondsauswahl__Landauswahl_: 'ML_Vertriebszulassungen (Fon...'!$A$1:$M$208

Sheet Mozart Reports
A1: 2 | B1: 06a1599ff0674ba3baa39a49bc61495a
A2: <mi app="e" ver="22"><rptloc guid="0472236aadf84d518d1978f3f84ae95f" rank="0" ds="1"><ri hasPG="0" name="ML_Sales authorization (select fund and country)" id="24B8006649039079A5AEDF9A2E08B3E2" path="Public Objects\Reports\Zulassung\ML_Sales authorization (select fund and country)" cf="0" prompt="1" ve="0" vm="0" flashpth="C:\Users\WKABAR\AppData\Local\Temp\1\" fimagepth="C:\Users\WKABAR\AppData\Local\Temp\1\" swfn="DashboardViewer.swf" fvars="" dvis=""><ans /><ci ps="001 RCM Reporting" srv="svumstr01p.at.rcm.rbg.cc" prj="001 RCM Reporting" prjid="7A65503545C9B91DE5D037896D921FD8" li="rifa" am="s" /><lu ut="09/30/2025 09:21:22" si="2.00000001f5626c73bc3ef5776b26ec375731a1ade3b25014ff18ee2f189cc5560a1cd100cc5ec935bb40b2b822b149bcf6a852d353712a6b6899ac499ab76090df4245a073fae137ddec383e4e40258d9606dff7043bcd1f5d4a26f2ea09c974a4d8bab779aa4e83b4b6a4ae417d275dcaee6518f5029054b10853ebb0b6a7b945d8724873f64f88a31a523fcea9ce5b1af6194b12098c799f3f457f84468895613e55de5ffea2523bca92405f0ffcb886c1a8bff4bc321f0818cec9e07c25558ae30e2cbff2ee6127e071f7744b2dddb671a220f4e766bd190566f8bdc666097dd6967e4051c39d8b1146eb59417ac4d9d34e326809eb9253acace40ffea7c12e09f088dca58ab865fa9a11da452b2520fe6e57588dfa097cf81efe566a65c05871ae33c9d2a824859819c003704acb862cd55e687c90bb1e13dd17eea09158d1fc33e2b72d.p.1031.0.1.Etc/UTC.upriv*_1*_pidn2*_2*_session*-lat*_1.0000000131e2891c3caab098bfab6cb558ccec9e3286114b39d1ca7e1bb6ac121443950a7e71af515b0b4f4736e5fd43.00000001c0f8e808171d09c9dd0dfda4749a38e7d9b317a854176008c6a2229b1529eec959f2d2c7a23f66d02b913e604f6301c455143bfe.0.1.1.001 RCM Reporting.7A65503545C9B91DE5D037896D921FD8.0-1033.1.1_-1033.1.1_-1033.1.1_5.5.0.*0.0000000121164be09b1d3f4d200c1b69a20af693c911585a61b2e26459b25b1aeccfd1cbdd1b4100.0.23.11*.3*.0860*.00457J.e.000000018f275f0af1d3997a01b03a90171c6a1ac911585acb5dbdb9d26e2ae5bb434b92088d5716.0.10*.88*.0*.1.0.0.0" msgID="986BD62445086376748D37B48EC79726" /></ri><do pa="6" cfmt="0" fmt="1" saf="0" hd="0" afg="1" rafg="1" arh="1" gosdo="0" cwd="1" ab="0" af="1" om="0" ag="0" lck="0" ppt="3" wpt="3" dai="0" rscd="1" rsrgb="1" rsrl="1" cit="2" c2d="1" cdf="0" cdt="0" dtlk="1" gaf="17" fqg="0" xqg="0" don="0" dcom="0" oaw="0" tws="0" ssm="1" ssn="MSTRStyle.All" glo="11101" pgsel="4" phdr="1" rdc="0" adt="0" rsoox="0" eco="1" ecfw="400" ecfh="300" ecfsu="1" ecwr="100" echr="100" eclar="1" ecrups="1"><details dbit="11169976358211" dsel="239" /></do><excel><epo ews="ML_Vertriebszulassungen (Fon..." ece="A1" enr="MSTR.ML_Vertriebszulassungen__Fondsauswahl__Landauswahl_" ptn="" qtn="" rows="208" cols="13" /><esdo ews="" ece="" ptn="" /></excel><pgs><pg rows="207" cols="0" nrr="2311" nrc="0"><pg /><bls><bl sr="1" sc="1" rfetch="207" cfetch="0" posid="1" darows="0" dacols="1"><excel><epo ews="ML_Vertriebszulassungen (Fon..." ece="A1" enr="MSTR.ML_Vertriebszulassungen__Fondsauswahl__Landauswahl_" ptn="" qtn="" rows="208" cols="13" /><esdo ews="" ece="" ptn="" /></excel><gridRng><sect id="TITLE_AREA" rngprop="1:1:1:13" /><sect id="ROWHEADERS_AREA" rngprop="2:1:207:13" /><sect id="COLUMNHEADERS_AREA" rngprop="0:0:0:0" /><sect id="DATA_AREA" rngprop="2:14:207:0" /></gridRng><shapes /></bl></bls></pg></pgs></rptloc></mi>
A3: <mi app="e" ver="22"><rptloc guid="a8ba2e2f21bb4e05bdf306cd5b5c876a" rank="0" ds="1"><ri hasPG="0" name="DE_Fondsstammdaten auf Tranchenbasis" id="0175484249314D502CF403A243FB3FF3" path="Öffentliche Objekte\Berichte\Stammdaten\DE_Fondsstammdaten auf Tranchenbasis" cf="0" prompt="1" ve="0" vm="0" flashpth="C:\Users\WKABAR\AppData\Local\Temp\1\" fimagepth="C:\Users\WKABAR\AppData\Local\Temp\1\" swfn="DashboardViewer.swf" fvars="" dvis=""><ans /><ci ps="001 RCM Reporting" srv="svumstr02p.at.rcm.rbg.cc" prj="001 RCM Reporting" prjid="7A65503545C9B91DE5D037896D921FD8" li="rifa" am="s" /><lu ut="08/13/2025 13:24:13" si="2.00000001f2032090368ad0526edc778c20a4376c5d0a16ad9e79ce1f19c6a3d379b9b4c7abc818a4fa552b8d458cee85e811038434f8431d247da55f492e185025b9ee3e9521ae9518e2a4f971e96e14057df4a67eb31938b45f562455dc16ac1348e9b7121b468a2211b833492257ac7b9fa271d2da4136a69b33c6122bbfc1951bfe73b9b3b749ff9158a13dfab0e22cedad876114d635e2c4e42b26b72bd4d9790b8ecd9cc6703c1c1bbd33393a1883092677b04b2ab89f5b9a0c16aaef6d28321886898a6400fe8cc66ab60b868ddd789d0ee0d6d3e7b84d0b76b32a9f4bd515793f7999627c12c15241cd55bfb2edbdc035d8f5922fbd6023420c205bcb96a3bbcc6c355b8f55712f59e35ab871fdc4e77921fbb59fa7b2d43ae6b4987f9d1d2474092ff1c5c0496b16e87db41eb501e1f6f621e1558abe525aa033fc2d99158a55a18b.p.1031.0.1.Etc/UTC.upriv*_1*_pidn2*_3*_session*-lat*_1.000000011cc23ad07b664b3a16bf5ebdd25fc9ac3286114b0910dc87f51c11a8f1d09f2fc9c0e1ecda7ef20da0818184.00000001a84f1cff731c0cca0707d6ced7e5a124d9b317a8a85389a81afadfbfddadc5f6dbf0aa63ab1542c1c54d403b414263c8444197c0.0.1.1.001 RCM Reporting.7A65503545C9B91DE5D037896D921FD8.0-1031.1.1_-1031.1.1_-1031.1.1_5.5.0.*0.00000001171f481d3c5da7bb022aaa0f60fcb171c911585ab1ed3d739dcd8c3333f41351f4cb87c4.0.23.11*.3*.0860*.00457J.e.0000000185f8c02b0aa81f1bb63ccd41585b8b3bc911585af379bcb59fee187e9d7cc1ff91238526.0.10*.88*.0*.1.0.0.0" msgID="58A7A1F7441A1BD1213693A43732A0DF" /></ri><do pa="6" cfmt="0" fmt="1" saf="0" hd="0" afg="1" rafg="1" arh="1" gosdo="0" cwd="1" ab="0" af="1" om="0" ag="0" lck="0" ppt="3" wpt="3" dai="0" rscd="1" rsrgb="1" rsrl="1" cit="2" c2d="1" cdf="0" cdt="0" dtlk="1" gaf="17" fqg="0" xqg="0" don="0" dcom="0" oaw="0" tws="0" ssm="1" ssn="MSTRStyle.All" glo="11101" pgsel="4" phdr="1" rdc="0" adt="0" rsoox="0" eco="1" ecfw="400" ecfh="300" ecfsu="1" ecwr="100" echr="100" eclar="1" ecrups="1"><details dbit="11169976358211" dsel="239" /></do><pgs><pg rows="764" cols="0" nrr="764" nrc="0"><pg /><bls><bl sr="1" sc="1" rfetch="764" cfetch="0" posid="1" darows="0" dacols="1"><excel><epo ews="Stammdaten" ece="A1" enr="MSTR.DE_Fondsstammdaten_auf_Tranchenbasis" ptn="" qtn="" rows="765" cols="44" /><esdo ews="" ece="" ptn="" /></excel><gridRng><sect id="TITLE_AREA" rngprop="1:1:1:44" /><sect id="ROWHEADERS_AREA" rngprop="2:1:764:44" /><sect id="COLUMNHEADERS_AREA" rngprop="0:0:0:0" /><sect id="DATA_AREA" rngprop="2:45:764:0" /></gridRng><shapes /></bl></bls></pg></pgs></rptloc></mi>

Sheet doc legali
A1: ISIN | C1: PB/scheda prodotto italiano | D1: PB/scheda prodotto tedesco | E1: PROS / prospetto inglese | F1: BIB (PRIIPS-KID)
A2: AT0000A21LL5 | B2: CONVERTINVEST All Cap Investment Grade (R) VTA | C2: https://www.rcm.at/cs/rcm/DokumentDownload/CONVERTINVEST%20All-Cap%20Convertibles%20Fund?dokument&enc=2cdJN80HkWFFTDkOtRJ0D%2FLRua0pWB%2BXt1xmoPP7SicMYyXYMglT6o4Tdp0cANdIZt9BubfPsvTi%0A%2FosVDveIYqrlyb3ILise | D2: https://www.rcm.at/cs/rcm/DokumentDownload/CONVERTINVEST%20All-Cap%20Convertibles%20Fund?dokument&enc=2cdJN80HkWFFTDkOtRJ0D%2FLRua0pWB%2BXt1xmoPP7SicMYyXYMglT6o4Tdp0cANdIZt9BubfPsvTi%0A%2FosVDveIYpfQH5wD1mFkYcL25lQMm00h71SQK9bIhg%3D%3D | E2: https://www.rcm.at/cs/rcm/DokumentDownload/CONVERTINVEST%20All-Cap%20Convertibles%20Fund?dokument&enc=2cdJN80HkWFScNSGtZEvaQ6nM6b4fUJCIDp%2Fsf11%2FoNOfO%2FmA1%2F23sMc0JzmVOJC2ARpFPZqQ%2Fqm%0A5kiwMKoehQ%3D%3D | F2: https://www.rcm.at/cs/rcm/DokumentDownload/CONVERTINVEST%20All-Cap%20Convertibles%20Fund?dokument&enc=2cdJN80HkWGmoK7teCwcRkVsaQ%2FgIiB5OnmJbV2UowngPOrQkNCBoN0KvjFVoy0WcwWQuWtdn4SG%0APL7D2kbQS3%2Fcu3mm2sGa
A3: AT0000A09016 | B3: CONVERTINVEST All Cap Investment Grade (S) VTA | C3: https://www.rcm.at/cs/rcm/DokumentDownload/CONVERTINVEST%20All-Cap%20Convertibles%20Fund?dokument&enc=2cdJN80HkWFFTDkOtRJ0D%2FLRua0pWB%2BXt1xmoPP7SicMYyXYMglT6o4Tdp0cANdI0LNYm6obe5fi%0A%2FosVDveIYqrlyb3ILise | D3: https://www.rcm.at/cs/rcm/DokumentDownload/CONVERTINVEST%20All-Cap%20Convertibles%20Fund?dokument&enc=2cdJN80HkWFFTDkOtRJ0D%2FLRua0pWB%2BXt1xmoPP7SicMYyXYMglT6o4Tdp0cANdI0LNYm6obe5fi%0A%2FosVDveIYpfQH5wD1mFkYcL25lQMm00h71SQK9bIhg%3D%3D | E3: https://www.rcm.at/cs/rcm/DokumentDownload/CONVERTINVEST%20All-Cap%20Convertibles%20Fund?dokument&enc=2cdJN80HkWFScNSGtZEvaQ6nM6b4fUJCIDp%2Fsf11%2FoNOfO%2FmA1%2F23sMc0JzmVOJC2ARpFPZqQ%2Fqm%0A5kiwMKoehQ%3D%3D | F3: https://www.rcm.at/cs/rcm/DokumentDownload/CONVERTINVEST%20All-Cap%20Convertibles%20Fund?dokument&enc=2cdJN80HkWGmoK7teCwcRkVsaQ%2FgIiB5OnmJbV2UowngPOrQkNCBoFIggsnXHeypcwWQuWtdn4SG%0APL7D2kbQS3%2Fcu3mm2sGa
A4: AT0000A0KR10 | B4: Dachfonds Südtirol (R) VTA | C4: https://www.rcm.at/cs/rcm/DokumentDownload/Dachfonds%20S%C3%BCdtirol?dokument&enc=2cdJN80HkWFFTDkOtRJ0D%2FLRua0pWB%2BXFfhB4POrwVs8xcNnHADHdTYdHdwz4LiRr150G4MYk8Rp%0Asy8vwjd31Iq%2FP2nFTwpC | D4: https://www.rcm.at/cs/rcm/DokumentDownload/Dachfonds%20S%C3%BCdtirol?dokument&enc=2cdJN80HkWFFTDkOtRJ0D%2FLRua0pWB%2BXFfhB4POrwVs8xcNnHADHdTYdHdwz4LiRr150G4MYk8Rp%0Asy8vwjd31GSbQI%2B%2BtKM42ARpFPZqQ%2FrqnueNUj1wQA%3D%3D | E4: https://www.rcm.at/cs/rcm/DokumentDownload/Dachfonds%20S%C3%BCdtirol?dokument&enc=2cdJN80HkWFScNSGtZEvaQ6nM6b4fUJCFVTSgfGMbfHQxC2wk%2FlOV871MerzVPWVZfRHWd%2FQrauI%0AUSnzgIiHwA%3D%3D | F4: https://www.rcm.at/cs/rcm/DokumentDownload/Dachfonds%20S%C3%BCdtirol?dokument&enc=2cdJN80HkWGmoK7teCwcRkVsaQ%2FgIiB5%2FWKcM0UQwiCm1e2ZfYJ9bbOV7xPLLL7lv30SfWItaapa%0AX6MkFsA7uQ%3D%3D
A5: AT0000A1AD33 | B5: Dachfonds Südtirol (S) A | C5: https://www.rcm.at/cs/rcm/DokumentDownload/Dachfonds%20S%C3%BCdtirol?dokument&enc=2cdJN80HkWFFTDkOtRJ0D%2FLRua0pWB%2BXFfhB4POrwVs8xcNnHADHdTYdHdwz4LiR%2FdiunN2gbx9p%0Asy8vwjd31Iq%2FP2nFTwpC | D5: https://www.rcm.at/cs/rcm/DokumentDownload/Dachfonds%20S%C3%BCdtirol?dokument&enc=2cdJN80HkWFFTDkOtRJ0D%2FLRua0pWB%2BXFfhB4POrwVs8xcNnHADHdTYdHdwz4LiR%2FdiunN2gbx9p%0Asy8vwjd31GSbQI%2B%2BtKM42ARpFPZqQ%2FrqnueNUj1wQA%3D%3D | E5: https://www.rcm.at/cs/rcm/DokumentDownload/Dachfonds%20S%C3%BCdtirol?dokument&enc=2cdJN80HkWFScNSGtZEvaQ6nM6b4fUJCFVTSgfGMbfHQxC2wk%2FlOV871MerzVPWVZfRHWd%2FQrauI%0AUSnzgIiHwA%3D%3D | F5: https://www.rcm.at/cs/rcm/DokumentDownload/Dachfonds%20S%C3%BCdtirol?dokument&enc=2cdJN80HkWGmoK7teCwcRkVsaQ%2FgIiB5%2FWKcM0UQwiCm1e2ZfYJ9bYp3eI%2ByWObsv30SfWItaapa%0AX6MkFsA7uQ%3D%3D
A6: AT0000A0LHU0 | B6: Raiffeisen-Global-Strategic-Opportunities (S) VTA | C6: https://www.rcm.at/cs/rcm/DokumentDownload/Raiffeisen-Global-Strategic-Opportunities?dokument&enc=2cdJN80HkWFFTDkOtRJ0D%2FLRua0pWB%2BXX%2FqDufNB0KY8xcNnHADHdTYdHdwz4LiR%2FdiunN2gbx9p%0Asy8vwjd31Iq%2FP2nFTwpC | D6: https://www.rcm.at/cs/rcm/DokumentDownload/Raiffeisen-Global-Strategic-Opportunities?dokument&enc=2cdJN80HkWFFTDkOtRJ0D%2FLRua0pWB%2BXX%2FqDufNB0KY8xcNnHADHdTYdHdwz4LiR%2FdiunN2gbx9p%0Asy8vwjd31GagI6YfdSrz | E6: https://www.rcm.at/cs/rcm/DokumentDownload/Raiffeisen-Global-Strategic-Opportunities?dokument&enc=2cdJN80HkWFScNSGtZEvaQ6nM6b4fUJCoNv7%2F8QXYGdk6WMhDHyMSoZsBOWj42zKxlnhJVtUSa8%3D | F6: https://www.rcm.at/cs/rcm/DokumentDownload/Raiffeisen-Global-Strategic-Opportunities?dokument&enc=2cdJN80HkWGmoK7teCwcRkVsaQ%2FgIiB5nlSEAUjH5Dym1e2ZfYJ9bYp3eI%2ByWObsv30SfWItaapa%0AX6MkFsA7uQ%3D%3D
A7: AT0000712575 | B7: Raiffeisen-Active-Aktien (R) VTA | C7: https://www.rcm.at/cs/rcm/DokumentDownload/Raiffeisen-Active-Aktien?dokument&enc=2cdJN80HkWFFTDkOtRJ0D%2FLRua0pWB%2BXs2Vgy3KkXWOty7eqtA5DjjYdHdwz4LiRr150G4MYk8Rp%0Asy8vwjd31Iq%2FP2nFTwpC | D7: https://www.rcm.at/cs/rcm/DokumentDownload/Raiffeisen-Active-Aktien?dokument&enc=2cdJN80HkWFFTDkOtRJ0D%2FLRua0pWB%2BXs2Vgy3KkXWOty7eqtA5DjjYdHdwz4LiRr150G4MYk8Rp%0Asy8vwjd31GSbQI%2B%2BtKM42ARpFPZqQ%2FrqnueNUj1wQA%3D%3D | E7: https://www.rcm.at/cs/rcm/DokumentDownload/Raiffeisen-Active-Aktien?dokument&enc=2cdJN80HkWFScNSGtZEvaQ6nM6b4fUJCHS1N3Jexbn7QxC2wk%2FlOV8ZZ4SVbVEmv | F7: https://www.rcm.at/cs/rcm/DokumentDownload/Raiffeisen-Active-Aktien?dokument&enc=2cdJN80HkWGmoK7teCwcRkVsaQ%2FgIiB5mE8ogQ09EJOm1e2ZfYJ9bbOV7xPLLL7lv30SfWItaapa%0AX6MkFsA7uQ%3D%3D
A8: AT0000A0H0S9 | B8: Raiffeisen-Active-Commodities (R) VTA | C8: https://www.rcm.at/cs/rcm/DokumentDownload/Raiffeisen-Active-Commodities?dokument&enc=2cdJN80HkWFFTDkOtRJ0D%2FLRua0pWB%2BXoP3ogfC1nMg8xcNnHADHdTYdHdwz4LiRr150G4MYk8Rp%0Asy8vwjd31Iq%2FP2nFTwpC | D8: https://www.rcm.at/cs/rcm/DokumentDownload/Raiffeisen-Active-Commodities?dokument&enc=2cdJN80HkWFFTDkOtRJ0D%2FLRua0pWB%2BXoP3ogfC1nMg8xcNnHADHdTYdHdwz4LiRr150G4MYk8Rp%0Asy8vwjd31GSbQI%2B%2BtKM42ARpFPZqQ%2Frp0lCKdR4eVQ%3D%3D | E8: https://www.rcm.at/cs/rcm/DokumentDownload/Raiffeisen-Active-Commodities?dokument&enc=2cdJN80HkWFScNSGtZEvaQ6nM6b4fUJCvyS2l99h30JVbAKS3NKAb8ZZ4SVbVEmv | F8: https://www.rcm.at/cs/rcm/DokumentDownload/Raiffeisen-Active-Commodities?dokument&enc=2cdJN80HkWGmoK7teCwcRkVsaQ%2FgIiB5nIjRVfhJJIqm1e2ZfYJ9bbOV7xPLLL7lv30SfWItaapa%0AX6MkFsA7uQ%3D%3D
A9: AT0000745872 | B9: Raiffeisen-Asia-Opportunities-ESG-Aktien (R) VTA | C9: https://www.rcm.at/cs/rcm/DokumentDownload/Raiffeisen-Asia-Opportunities-ESG-Aktien?dokument&enc=2cdJN80HkWFFTDkOtRJ0D%2FLRua0pWB%2BXZUyh7rX1OWY8xcNnHADHdTYdHdwz4LiRr150G4MYk8Rp%0Asy8vwjd31Iq%2FP2nFTwpC | D9: https://www.rcm.at/cs/rcm/DokumentDownload/Raiffeisen-Asia-Opportunities-ESG-Aktien?dokument&enc=2cdJN80HkWFFTDkOtRJ0D%2FLRua0pWB%2BXZUyh7rX1OWY8xcNnHADHdTYdHdwz4LiRr150G4MYk8Rp%0Asy8vwjd31GSbQI%2B%2BtKM42ARpFPZqQ%2FrqnueNUj1wQA%3D%3D | E9: https://www.rcm.at/cs/rcm/DokumentDownload/Raiffeisen-Asia-Opportunities-ESG-Aktien?dokument&enc=2cdJN80HkWFScNSGtZEvaQ6nM6b4fUJCxOADqVhy%2B1vQxC2wk%2FlOV8ZZ4SVbVEmv | F9: https://www.rcm.at/cs/rcm/DokumentDownload/Raiffeisen-Asia-Opportunities-ESG-Aktien?dokument&enc=2cdJN80HkWGmoK7teCwcRkVsaQ%2FgIiB5wVJ7e1SmQi2m1e2ZfYJ9bbOV7xPLLL7lv30SfWItaapa%0AX6MkFsA7uQ%3D%3D
A10: AT0000636758 | B10: Raiffeisen-EmergingMarkets-ESG-Transformation-Rent (R) VTA | C10: https://www.rcm.at/cs/rcm/DokumentDownload/Raiffeisen-EmergingMarkets-Rent?dokument&enc=2cdJN80HkWFFTDkOtRJ0D%2FLRua0pWB%2BXSqiyl8ePEYM8xcNnHADHdTYdHdwz4LiRr150G4MYk8Rp%0Asy8vwjd31Iq%2FP2nFTwpC | D10: https://www.rcm.at/cs/rcm/DokumentDownload/Raiffeisen-EmergingMarkets-Rent?dokument&enc=2cdJN80HkWFFTDkOtRJ0D%2FLRua0pWB%2BXSqiyl8ePEYM8xcNnHADHdTYdHdwz4LiRr150G4MYk8Rp%0Asy8vwjd31GSbQI%2B%2BtKM42ARpFPZqQ%2FrqnueNUj1wQA%3D%3D | E10: https://www.rcm.at/cs/rcm/DokumentDownload/Raiffeisen-EmergingMarkets-Rent?dokument&enc=2cdJN80HkWFScNSGtZEvaQ6nM6b4fUJCqQid%2BTnxCV9MjgbSFR0eScZZ4SVbVEmv | F10: https://www.rcm.at/cs/rcm/DokumentDownload/Raiffeisen-EmergingMarkets-Rent?dokument&enc=2cdJN80HkWGmoK7teCwcRkVsaQ%2FgIiB50cQK6LhWDxem1e2ZfYJ9bbOV7xPLLL7lv30SfWItaapa%0AX6MkFsA7uQ%3D%3D
A11: AT0000A0PG67 | B11: Raiffeisen-EmergingMarkets-ESG-Transformation-Rent (S) A | C11: https://www.rcm.at/cs/rcm/DokumentDownload/Raiffeisen-EmergingMarkets-Rent?dokument&enc=2cdJN80HkWFFTDkOtRJ0D%2FLRua0pWB%2BXSqiyl8ePEYM8xcNnHADHdTYdHdwz4LiR%2FdiunN2gbx9p%0Asy8vwjd31Iq%2FP2nFTwpC | D11: https://www.rcm.at/cs/rcm/DokumentDownload/Raiffeisen-EmergingMarkets-Rent?dokument&enc=2cdJN80HkWFFTDkOtRJ0D%2FLRua0pWB%2BXSqiyl8ePEYM8xcNnHADHdTYdHdwz4LiR%2FdiunN2gbx9p%0Asy8vwjd31GSbQI%2B%2BtKM42ARpFPZqQ%2FrqnueNUj1wQA%3D%3D | E11: https://www.rcm.at/cs/rcm/DokumentDownload/Raiffeisen-EmergingMarkets-Rent?dokument&enc=2cdJN80HkWFScNSGtZEvaQ6nM6b4fUJCqQid%2BTnxCV9MjgbSFR0eScZZ4SVbVEmv | F11: https://www.rcm.at/cs/rcm/DokumentDownload/Raiffeisen-EmergingMarkets-Rent?dokument&enc=2cdJN80HkWGmoK7teCwcRkVsaQ%2FgIiB50cQK6LhWDxem1e2ZfYJ9bYp3eI%2ByWObsv30SfWItaapa%0AX6MkFsA7uQ%3D%3D
A12: AT0000688684 | B12: Raiffeisen-Energie-Aktien (R) VTA | C12: https://www.rcm.at/cs/rcm/DokumentDownload/Raiffeisen-Energie-Aktien?dokument&enc=2cdJN80HkWFFTDkOtRJ0D%2FLRua0pWB%2BX05l1KPvCFpo8xcNnHADHdTYdHdwz4LiRr150G4MYk8Rp%0Asy8vwjd31Iq%2FP2nFTwpC | D12: https://www.rcm.at/cs/rcm/DokumentDownload/Raiffeisen-Energie-Aktien?dokument&enc=2cdJN80HkWFFTDkOtRJ0D%2FLRua0pWB%2BX05l1KPvCFpo8xcNnHADHdTYdHdwz4LiRr150G4MYk8Rp%0Asy8vwjd31GSbQI%2B%2BtKM42ARpFPZqQ%2FrqnueNUj1wQA%3D%3D | E12: https://www.rcm.at/cs/rcm/DokumentDownload/Raiffeisen-Energie-Aktien?dokument&enc=2cdJN80HkWFScNSGtZEvaQ6nM6b4fUJCqIQnLTKTk8%2BtjEK61EaSQMZZ4SVbVEmv | F12: https://www.rcm.at/cs/rcm/DokumentDownload/Raiffeisen-Energie-Aktien?dokument&enc=2cdJN80HkWGmoK7teCwcRkVsaQ%2FgIiB5FPcB3bavb1ym1e2ZfYJ9bbOV7xPLLL7lv30SfWItaapa%0AX6MkFsA7uQ%3D%3D
A13: AT0000A1JU33 | B13: Raiffeisen Global Income (R) VTA | C13: https://downloads.raiffeisen-capital.com/documents/DbRNcWoV2gaDZN6LsKEO_POainGkC4aQOH2721DiYVsFObQZ3H_3WKyj4096UZvQVMoksSrVfFgR6tsgVy8Zw2GbJlvNCYLO6hn5wduE-PvKxMLWWRI= | D13: https://downloads.raiffeisen-capital.com/documents/DbRNcWoV2gaDZN6LsKEO_POainGkC4aQOH2721DiYVsFObQZ3H_3WKyj4096UZvQVMoksSrVfFgR6tsgWj4Zw2GbJlvNCaCjPHu40Szg8hLHvIA4Xwk= | E13: https://downloads.raiffeisen-capital.com/documents/DL5BYHwi7GymadDpy_9QqLD0_BTeZPvyYSPong22PR1jcPBahUDGYpLg3ktcSYjdDKcD-TpYSXnCKqb9fOJKiWX4CtY= | F13: https://downloads.raiffeisen-capital.com/documents/DbRNcWoV2gaDZN6LsKEO_POainGkC4aQOH2721DiYVsFObQZ3H_3WKyj4096UZvQVNgv1V_2fksT4dZ4AzJLqUyULAK5FMPTKTc_TpckgTv5q3uD-JVM
... A104: AT0000A3QQH1 | B104: Raiffeisen Systematic US Equity (R) VTA | C104: n/a | D104: n/a | E104: https://downloads.raiffeisen-capital.com/documents/DL5BYHwi7GymadDpy_1Vqrj1-gCIO6yhaCnlnzSqIwwKWdJw6zbHXbOn7lNLFY7bT9YH-R2YR23kPEgcX630Ldf3NrH7VYuX | F104: https://downloads.raiffeisen-capital.com/documents/DbRNcWoV2gaDZN6LsKEO_POainGkC4aQOH--2VjjZ09TZuNK1XX6WZW__V4TaqL3T8kW5RjGZlxP68o7cjpR6z28Fi19zAOEpkgg-VE3-WxClNM=

Sheet Stamm
A1: Fonds: ExterneReferenz | B1: Fonds: Name Lang | C1: Tranche: ISIN | D1: Tranche: ID | E1: Tranche: LINS_INS_ID_FND | F1: Tranche: V3Nummer | G1: Tranche: Instrument 1 akt Name lang | H1: Tranche: Deutsche WPKNR | I1: Tranche: Ticker | J1: Tranche: Tranchentyp | K1: Tranche: Tranchentyp Name DE | L1: Tranche: Ertragstyp | M1: Tranche: Verwaltungsgebühr | N1: Tranche: Ausschüttungsintervall | O1: Ausschüttungstag ID | P1: Valorennummer ID | Q1: Währung ISOCODE_NEU | R1: Auflagedatum NAME | S1: Emittent NAME | T1: Depotbank NAME | U1: Konformität ID | V1: OeNB ID ID | W1: GJ von ID | X1: GJ bis ID | Y1: Mindestveranlagung ID | Z1: Zielgruppe ID | AA1: Advisory ID | AB1: Fondstyp ID | AC1: Fondsverantwortung NAME | AD1: Anlagekategorie NAME | AE1: Dachfonds-Kennzeichen ID | AF1: AIF/OGAW UCITS_AIF | AG1: AIF/OGAW NAME | AH1: LEI Code ID | AI1: BAFIN GZ ID | AJ1: Bewertung (t+) ID | AK1: BM in Medien ID | AL1: Behaltedauer Anlagehorizont_ohne_Text | AM1: Fremdfonds Durchrechnung (J/N) ID | AN1: Artikel 6/8/9 NAME | AO1: Ausgabeaufschlag ID | AP1: Assetklasse 1 NAME | AQ1: Assetklasse 2 NAME | AR1: Assetklasse 3 NAME
A2: 3329 | B2: C 11 | C2: AT0000721402 | D2: 391808 | E2: 35302604 | F2: 353026 | G2: C 11 A | H2: A0J4QW | J2: A | K2: Ausschüttung | M2: 0.35 | O2: 15.12. | P2: 1586544 | Q2: EUR | R2: 37068 | S2: Raiffeisen Kapitalanlage GmbH | T2: Raiffeisen Bank International AG | U2: BI33Z7.99999.SL.040 | V2: 8190925 | W2: 01.10. | X2: 30.09. | Z2: S | AA2: N | AB2: X | AC2: Kathrein | AD2: Gemischter Fonds mit Aktienanteil bis 100% | AE2: J | AF2: AIF | AG2: AIF (Spezialfonds §163 iVm §166f InvFG) | AJ2: t+2 | AK2: J | AL2: 8 | AM2: N | AN2: Artikel 6 | AO2: 0 | AP2: Sonstige Strategien | AQ2: Mischfonds | AR2: Mischfonds
A3: 3223 | B3: CONVERTINVEST All Cap Investment Grade | C3: AT0000A0RFU1 | D3: 72233508 | E3: 320342404 | F3: 3203424 | G3: CONVERTINVEST All Cap Investment Grade (I) T | H3: A1JHVR | I3: CSPACIT | J3: T | K3: Thesaurierung | L3: I | O3: 31.05. | P3: 13778965 | Q3: EUR | R3: 40819 | S3: Raiffeisen Kapitalanlage GmbH | T3: Raiffeisen Bank International AG | U3: EFRQ25.99999.SL.040 | V3: 8510580 | W3: 01.03. | X3: 28.02. | Y3: 3000000 | Z3: G | AA3: N | AB3: Z | AC3: IKÖ | AD3: Rentenfonds | AE3: N | AF3: UCITS | AG3: OGAW (PublF §46 iVM §66ff InvFG) | AI3: 70135333 | AJ3: t+1 | AK3: N | AL3: 8 | AM3: N | AN3: Artikel 8 | AO3: 0 | AP3: Sonstige Strategien | AQ3: Wandelanleihen | AR3: Wandelanleihen
A4: 3223 | B4: CONVERTINVEST All Cap Investment Grade | C4: AT0000A0RFV9 | D4: 72233708 | E4: 320342404 | F4: 3203424 | G4: CONVERTINVEST All Cap Investment Grade (I) VTA | H4: A1JEYB | I4: CSACIVA | J4: V | K4: Vollthesaurierung | L4: I | O4: 31.05. | P4: 13779069 | Q4: EUR | R4: 40819 | S4: Raiffeisen Kapitalanlage GmbH | T4: Raiffeisen Bank International AG | U4: EFRQ25.99999.SL.040 | V4: 8510580 | W4: 01.03. | X4: 28.02. | Y4: 3000000 | Z4: G | AA4: N | AB4: Z | AC4: IKÖ | AD4: Rentenfonds | AE4: N | AF4: UCITS | AG4: OGAW (PublF §46 iVM §66ff InvFG) | AI4: 70135333 | AJ4: t+1 | AK4: N | AL4: 8 | AM4: N | AN4: Artikel 8 | AO4: 0 | AP4: Sonstige Strategien | AQ4: Wandelanleihen | AR4: Wandelanleihen
A5: 3223 | B5: CONVERTINVEST All Cap Investment Grade | C5: AT0000A21LL5 | D5: 94870708 | E5: 320342404 | F5: 3203424 | G5: CONVERTINVEST All Cap Investment Grade (R) VTA | H5: A2JNM2 | I5: COACVTA | J5: V | K5: Vollthesaurierung | L5: R | O5: 31.05. | Q5: EUR | R5: 43283 | S5: Raiffeisen Kapitalanlage GmbH | T5: Raiffeisen Bank International AG | U5: EFRQ25.99999.SL.040 | V5: 8510580 | W5: 01.03. | X5: 28.02. | Z5: P | AA5: N | AB5: Z | AC5: IKÖ | AD5: Rentenfonds | AE5: N | AF5: UCITS | AG5: OGAW (PublF §46 iVM §66ff InvFG) | AI5: 70135333 | AJ5: t+1 | AK5: N | AL5: 8 | AM5: N | AN5: Artikel 8 | AO5: 0 | AP5: Sonstige Strategien | AQ5: Wandelanleihen | AR5: Wandelanleihen
A6: 3223 | B6: CONVERTINVEST All Cap Investment Grade | C6: AT0000A08Y62 | D6: 59794108 | E6: 320342404 | F6: 3203424 | G6: CONVERTINVEST All Cap Investment Grade (S) A | H6: A0NFRL | J6: A | K6: Ausschüttung | L6: S | O6: 31.05. | P6: 3844846 | Q6: EUR | R6: 39524 | S6: Raiffeisen Kapitalanlage GmbH | T6: Raiffeisen Bank International AG | U6: EFRQ25.99999.SL.040 | V6: 8510580 | W6: 01.03. | X6: 28.02. | Z6: P | AA6: N | AB6: Z | AC6: IKÖ | AD6: Rentenfonds | AE6: N | AF6: UCITS | AG6: OGAW (PublF §46 iVM §66ff InvFG) | AI6: 70135333 | AJ6: t+1 | AK6: N | AL6: 8 | AM6: N | AN6: Artikel 8 | AO6: 0 | AP6: Sonstige Strategien | AQ6: Wandelanleihen | AR6: Wandelanleihen
A7: 3223 | B7: CONVERTINVEST All Cap Investment Grade | C7: AT0000A09008 | D7: 59794208 | E7: 320342404 | F7: 3203424 | G7: CONVERTINVEST All Cap Investment Grade (S) T | H7: A0NGQB | I7: CSPCACT | J7: T | K7: Thesaurierung | L7: S | O7: 31.05. | P7: 3868403 | Q7: EUR | R7: 39524 | S7: Raiffeisen Kapitalanlage GmbH | T7: Raiffeisen Bank International AG | U7: EFRQ25.99999.SL.040 | V7: 8510580 | W7: 01.03. | X7: 28.02. | Z7: P | AA7: N | AB7: Z | AC7: IKÖ | AD7: Rentenfonds | AE7: N | AF7: UCITS | AG7: OGAW (PublF §46 iVM §66ff InvFG) | AI7: 70135333 | AJ7: t+1 | AK7: N | AL7: 8 | AM7: N | AN7: Artikel 8 | AO7: 0 | AP7: Sonstige Strategien | AQ7: Wandelanleihen | AR7: Wandelanleihen
A8: 3223 | B8: CONVERTINVEST All Cap Investment Grade | C8: AT0000A09016 | D8: 59794308 | E8: 320342404 | F8: 3203424 | G8: CONVERTINVEST All Cap Investment Grade (S) VTA | H8: A0NGRK | I8: CSPCACV | J8: V | K8: Vollthesaurierung | L8: S | O8: 31.05. | P8: 3868420 | Q8: EUR | R8: 39524 | S8: Raiffeisen Kapitalanlage GmbH | T8: Raiffeisen Bank International AG | U8: EFRQ25.99999.SL.040 | V8: 8510580 | W8: 01.03. | X8: 28.02. | Z8: P | AA8: N | AB8: Z | AC8: IKÖ | AD8: Rentenfonds | AE8: N | AF8: UCITS | AG8: OGAW (PublF §46 iVM §66ff InvFG) | AI8: 70135333 | AJ8: t+1 | AK8: N | AL8: 8 | AM8: N | AN8: Artikel 8 | AO8: 0 | AP8: Sonstige Strategien | AQ8: Wandelanleihen | AR8: Wandelanleihen
A9: 3223 | B9: CONVERTINVEST All Cap Investment Grade | C9: AT0000A1W442 | D9: 89404208 | E9: 320342404 | F9: 3203424 | G9: CONVERTINVEST All Cap Investment Grade (SZ) A | H9: A2DRME | J9: A | K9: Ausschüttung | L9: SZ | O9: 31.05. | P9: 36743291 | Q9: EUR | R9: 42887 | S9: Raiffeisen Kapitalanlage GmbH | T9: Raiffeisen Bank International AG | U9: EFRQ25.99999.SL.040 | V9: 8510580 | W9: 01.03. | X9: 28.02. | Y9: 3000000 | Z9: P | AA9: N | AB9: Z | AC9: IKÖ | AD9: Rentenfonds | AE9: N | AF9: UCITS | AG9: OGAW (PublF §46 iVM §66ff InvFG) | AI9: 70135333 | AJ9: t+1 | AK9: N | AL9: 8 | AM9: N | AN9: Artikel 8 | AO9: 0 | AP9: Sonstige Strategien | AQ9: Wandelanleihen | AR9: Wandelanleihen
A10: 3223 | B10: CONVERTINVEST All Cap Investment Grade | C10: AT0000A1W434 | D10: 89404308 | E10: 320342404 | F10: 3203424 | G10: CONVERTINVEST All Cap Investment Grade (SZ) T | H10: A2DRMG | J10: T | K10: Thesaurierung | L10: SZ | O10: 31.05. | P10: 36742744 | Q10: EUR | R10: 42887 | S10: Raiffeisen Kapitalanlage GmbH | T10: Raiffeisen Bank International AG | U10: EFRQ25.99999.SL.040 | V10: 8510580 | W10: 01.03. | X10: 28.02. | Y10: 3000000 | Z10: P | AA10: N | AB10: Z | AC10: IKÖ | AD10: Rentenfonds | AE10: N | AF10: UCITS | AG10: OGAW (PublF §46 iVM §66ff InvFG) | AI10: 70135333 | AJ10: t+1 | AK10: N | AL10: 8 | AM10: N | AN10: Artikel 8 | AO10: 0 | AP10: Sonstige Strategien | AQ10: Wandelanleihen | AR10: Wandelanleihen
A11: 343 | B11: Dachfonds Südtirol | C11: AT0000707096 | D11: 401108 | E11: 34304 | F11: 343 | G11: Dachfonds Südtirol (I) VTA | H11: A0MTW6 | I11: DACSUDT | J11: V | K11: Vollthesaurierung | L11: I | M11: 0.4 | O11: 15.12. | P11: 1763408 | Q11: EUR | R11: 37034 | S11: Raiffeisen Kapitalanlage GmbH | T11: Raiffeisen Bank International AG | U11: ZMHC36.99999.SL.040 | V11: 7886799 | W11: 01.10. | X11: 30.09. | Y11: 500000 | Z11: G | AA11: N | AB11: D | AC11: Italien | AD11: Gemischter Fonds mit Aktienanteil bis zu 30% | AE11: J | AF11: UCITS | AG11: OGAW (PublF §46 iVM §66ff InvFG) | AJ11: t+2 | AK11: N | AL11: 5 | AM11: J | AN11: Artikel 6 | AO11: 0 | AP11: Sonstige Strategien | AQ11: Mischfonds | AR11: Mischfonds Sicherheit
A12: 343 | B12: Dachfonds Südtirol | C12: AT0000A0KR10 | D12: 68839908 | E12: 34304 | F12: 343 | G12: Dachfonds Südtirol (R) VTA | H12: A1C5KB | I12: DACSRVA | J12: V | K12: Vollthesaurierung | L12: R | M12: 1.2 | O12: 15.12. | P12: 11804465 | Q12: EUR | R12: 40546 | S12: Raiffeisen Kapitalanlage GmbH | T12: Raiffeisen Bank International AG | U12: ZMHC36.99999.SL.040 | V12: 7886799 | W12: 01.10. | X12: 30.09. | Z12: P | AA12: N | AB12: D | AC12: Italien | AD12: Gemischter Fonds mit Aktienanteil bis zu 30% | AE12: J | AF12: UCITS | AG12: OGAW (PublF §46 iVM §66ff InvFG) | AJ12: t+2 | AK12: N | AL12: 5 | AM12: J | AN12: Artikel 6 | AO12: 0 | AP12: Sonstige Strategien | AQ12: Mischfonds | AR12: Mischfonds Sicherheit
A13: 343 | B13: Dachfonds Südtirol | C13: AT0000A1AD33 | D13: 83008308 | E13: 34304 | F13: 343 | G13: Dachfonds Südtirol (S) A | H13: A12BN1 | I13: DACSSVA | J13: A | K13: Ausschüttung | L13: S | M13: 1.75 | O13: 15.12. | P13: 25902610 | Q13: EUR | R13: 42037 | S13: Raiffeisen Kapitalanlage GmbH | T13: Raiffeisen Bank International AG | U13: ZMHC36.99999.SL.040 | V13: 7886799 | W13: 01.10. | X13: 30.09. | Z13: P | AA13: N | AB13: D | AC13: Italien | AD13: Gemischter Fonds mit Aktienanteil bis zu 30% | AE13: J | AF13: UCITS | AG13: OGAW (PublF §46 iVM §66ff InvFG) | AJ13: t+2 | AK13: N | AL13: 5 | AM13: J | AN13: Artikel 6 | AO13: 0 | AP13: Sonstige Strategien | AQ13: Mischfonds | AR13: Mischfonds Sicherheit
A14: 3610 | B14: DoBo 22 | C14: AT0000A3NKK5 | D14: 147693708 | E14: 361004 | F14: 3610 | G14: DoBo 22 A | H14: A41FVS | I14: RDOB22A | J14: A | K14: Ausschüttung | M14: 0.25 | O14: 01.03. | Q14: EUR | R14: 45936 | S14: Raiffeisen Kapitalanlage GmbH | T14: Raiffeisen Bank International AG | U14: DUQY6T.99999.SL.040 | V14: 32649070 | W14: 01.01. | X14: 31.12. | Z14: S | AA14: N | AB14: X | AC14: IKÖ | AD14: Gemischter Fonds mit Aktienanteil bis 100% | AE14: J | AF14: AIF | AG14: AIF (Spezialfonds §163 iVm §166f InvFG) | AJ14: t+2 | AK14: N | AL14: 5 | AM14: N | AN14: Artikel 6 | AO14: 0 | AP14: Sonstige Strategien | AQ14: Mischfonds | AR14: Mischfonds Sicherheit
A15: 3594 | B15: DT Spezialfonds | C15: AT0000A3J0F1 | D15: 143950608 | E15: 359404 | F15: 3594 | G15: DT Spezialfonds VTI | H15: A411TZ | I15: RFDTSFV | J15: W | K15: Vollthesaurierer Österreich | O15: 15.03. | Q15: EUR | R15: 45719 | S15: Raiffeisen Kapitalanlage GmbH | T15: Raiffeisen Bank International AG | U15: 5CGW6G.99999.SL.040 | V15: 31945767 | W15: 01.01. | X15: 31.12. | Z15: S | AA15: N | AB15: X | AC15: IKÖ | AD15: Rentenfonds | AE15: J | AF15: AIF | AG15: AIF (Spezialfonds §163 iVM InvFG) | AJ15: t+2 | AK15: J | AL15: 5 | AM15: N | AN15: Artikel 6 | AO15: 0 | AP15: Anleihen | AQ15: Anleihen Developed Markets | AR15: Anleihen Non Euro/Global
A16: 3118 | B16: FlexProtection Active Fund | C16: AT0000A0D5E2 | D16: 64053708 | E16: 311804 | F16: 3118 | G16: FlexProtection Active Fund VTI | H16: A0RGYS | J16: W | K16: Vollthesaurierer Österreich | M16: 1.7 | O16: 01.02. | P16: 10006915 | Q16: EUR | R16: 39933 | S16: Raiffeisen Kapitalanlage GmbH | T16: Raiffeisen Bank International AG | U16: GMPXWL.00039.ME.040 | V16: 9126821 | W16: 01.12. | X16: 30.11. | Z16: G | AA16: N | AB16: D | AC16: IKÖ | AD16: Gemischter Fonds mit Aktienanteil bis 100% | AE16: J | AF16: AIF | AG16: AIF (PublF §166f InvFG) | AJ16: t+2 | AK16: N | AL16: 10 | AM16: N | AN16: Artikel 6 | AO16: 0 | AP16: Sonstige Strategien | AQ16: Mischfonds | AR16: Mischfonds
A17: 3208 | B17: FlexProtection Secure 11 | C17: AT0000A0PD52 | D17: 70593008 | E17: 319631504 | F17: 3196315 | G17: FlexProtection Secure 11 VTI | H17: A1H9UW | J17: W | K17: Vollthesaurierer Österreich | M17: 0.8 | O17: 31.05. | P17: 12880765 | Q17: EUR | R17: 40662 | S17: Raiffeisen Kapitalanlage GmbH | T17: Raiffeisen Bank International AG | U17: GMPXWL.00050.ME.040 | V17: 10774220 | W17: 01.04. | X17: 31.03. | Z17: S | AA17: N | AB17: X | AC17: IKÖ | AD17: Rentenfonds | AE17: N | AF17: AIF | AG17: AIF (Spezialfonds §163 iVm §166f InvFG) | AJ17: t+2 | AK17: N | AM17: N | AN17: Artikel 6 | AO17: 5 | AP17: Anleihen | AQ17: Anleihen Developed Markets | AR17: Anleihen Euro/Europa
A18: 3241 | B18: FlexProtection Secure 12 | C18: AT0000A0UBW0 | D18: 73701908 | E18: 321562204 | F18: 3215622 | G18: FlexProtection Secure 12 VTI | H18: A1JSW8 | J18: W | K18: Vollthesaurierer Österreich | M18: 0.8 | O18: 31.05. | P18: 18031331 | Q18: EUR | R18: 41029 | S18: Raiffeisen Kapitalanlage GmbH | T18: Raiffeisen Bank International AG | U18: GMPXWL.00051.ME.040 | V18: 11327464 | W18: 01.04. | X18: 31.03. | Z18: S | AA18: N | AB18: X | AC18: IKÖ | AD18: Rentenfonds | AE18: N | AF18: AIF | AG18: AIF (Spezialfonds §163 iVm §166f InvFG) | AJ18: t+2 | AK18: N | AM18: N | AN18: Artikel 6 | AO18: 5 | AP18: Anleihen | AQ18: Anleihen Developed Markets | AR18: Anleihen Euro/Europa
A19: 3260 | B19: FlexProtection Secure 13 | C19: AT0000A10AA4 | D19: 77889808 | E19: 323446304 | F19: 3234463 | G19: FlexProtection Secure 13 VTI | H19: A1T9NF | J19: W | K19: Vollthesaurierer Österreich | M19: 0.8 | O19: 31.05. | P19: 21247255 | Q19: EUR | R19: 41394 | S19: Raiffeisen Kapitalanlage GmbH | T19: Raiffeisen Bank International AG | U19: GMPXWL.00052.ME.040 | V19: 16577434 | W19: 01.04. | X19: 31.03. | Z19: S | AA19: N | AB19: X | AC19: IKÖ | AD19: Rentenfonds | AE19: N | AF19: AIF | AG19: AIF (Spezialfonds §163 iVm §166f InvFG) | AJ19: t+2 | AK19: N | AM19: N | AN19: Artikel 6 | AO19: 5 | AP19: Anleihen | AQ19: Anleihen Developed Markets | AR19: Anleihen Euro/Europa
A20: 3279 | B20: FlexProtection Secure 14 | C20: AT0000A16QK6 | D20: 80615208 | E20: 324044404 | F20: 3240444 | G20: FlexProtection Secure 14 VTI | H20: A1XDYW | J20: W | K20: Vollthesaurierer Österreich | M20: 0.8 | O20: 31.05. | P20: 23959866 | Q20: EUR | R20: 41759 | S20: Raiffeisen Kapitalanlage GmbH | T20: Raiffeisen Bank International AG | U20: GMPXWL.00140.ME.040 | V20: 17396000 | W20: 01.04. | X20: 31.03. | Z20: S | AA20: N | AB20: X | AC20: IKÖ | AD20: Rentenfonds | AE20: N | AF20: AIF | AG20: AIF (Spezialfonds §163 iVm §166f InvFG) | AJ20: t+2 | AK20: N | AM20: N | AN20: Artikel 6 | AO20: 5 | AP20: Anleihen | AQ20: Anleihen Developed Markets | AR20: Anleihen Euro/Europa
A21: 3366 | B21: FlexProtection Secure 15 | C21: AT0000A1DJQ9 | D21: 83339908 | E21: 324858204 | F21: 3248582 | G21: FlexProtection Secure 15 VTI | H21: A14P78 | J21: W | K21: Vollthesaurierer Österreich | M21: 0.8 | O21: 01.06. | P21: 27459056 | Q21: EUR | R21: 42124 | S21: Raiffeisen Kapitalanlage GmbH | T21: Raiffeisen Bank International AG | U21: GMPXWL.00150.ME.040 | V21: 18285180 | W21: 01.04. | X21: 31.03. | Z21: S | AA21: N | AB21: X | AC21: IKÖ | AD21: Rentenfonds | AE21: N | AF21: AIF | AG21: AIF (Spezialfonds §163 iVM InvFG) | AJ21: t+2 | AK21: N | AM21: N | AN21: Artikel 6 | AO21: 5 | AP21: Anleihen | AQ21: Anleihen Developed Markets | AR21: Anleihen Euro/Europa
A22: 3391 | B22: FlexProtection Secure 16 | C22: AT0000A1KT82 | D22: 85099608 | E22: 1000144204 | F22: 10001442 | G22: FlexProtection Secure 16 VTI | H22: A2AGF6 | I22: FPS16 | J22: W | K22: Vollthesaurierer Österreich | M22: 0.8 | O22: 01.06. | P22: 32053875 | Q22: EUR | R22: 42487 | S22: Raiffeisen Kapitalanlage GmbH | T22: Raiffeisen Bank International AG | U22: GJAS87.99999.SL.040 | V22: 19260288 | W22: 01.04. | X22: 31.03. | Z22: S | AA22: N | AB22: X | AC22: IKÖ | AD22: Rentenfonds | AE22: N | AF22: AIF | AG22: AIF (Spezialfonds §163 iVM InvFG) | AJ22: t+2 | AK22: N | AM22: N | AN22: Artikel 6 | AO22: 5 | AP22: Anleihen | AQ22: Anleihen Developed Markets | AR22: Anleihen Euro/Europa
A23: 3414 | B23: FlexProtection Secure 17 | C23: AT0000A1VGU9 | D23: 88994908 | E23: 1000352204 | F23: 10003522 | G23: FlexProtection Secure 17 VTI | H23: A2DP59 | J23: W | K23: Vollthesaurierer Österreich | M23: 0.8 | O23: 01.06. | P23: 36452232 | Q23: EUR | R23: 42851 | S23: Raiffeisen Kapitalanlage GmbH | T23: Raiffeisen Bank International AG | U23: 3FFQIT.99999.SL.040 | V23: 20279078 | W23: 01.04. | X23: 31.03. | Z23: S | AA23: N | AB23: X | AC23: IKÖ | AD23: Rentenfonds | AE23: N | AF23: AIF | AG23: AIF (Spezialfonds §163 iVM InvFG) | AJ23: t+2 | AK23: N | AM23: N | AN23: Artikel 6 | AO23: 5 | AP23: Anleihen | AQ23: Anleihen Developed Markets | AR23: Anleihen Euro/Europa
A24: 3451 | B24: FlexProtection Secure 18 | C24: AT0000A272H2 | D24: 107321208 | E24: 1000606304 | F24: 10006063 | G24: FlexProtection Secure 18 VTI | H24: A2PF4G | I24: FPS18VTI | J24: W | K24: Vollthesaurierer Österreich | M24: 0.8 | O24: 01.06. | Q24: EUR | R24: 43585 | S24: Raiffeisen Kapitalanlage GmbH | T24: Raiffeisen Bank International AG | U24: Z4PGL8.99999.SL.040 | V24: 23924284 | W24: 01.04. | X24: 31.03. | Z24: S | AA24: N | AB24: X | AC24: IKÖ | AD24: Rentenfonds | AE24: N | AF24: AIF | AG24: AIF (Spezialfonds §163 iVM InvFG) | AJ24: t+2 | AK24: N | AM24: N | AN24: Artikel 6 | AO24: 5 | AP24: Anleihen | AQ24: Anleihen Developed Markets | AR24: Anleihen Euro/Europa
A25: 3465 | B25: FlexProtection Secure 19 | C25: AT0000A2CXC0 | D25: 114065208 | E25: 1000756304 | F25: 10007563 | G25: FlexProtection Secure 19 VTI | J25: W | K25: Vollthesaurierer Österreich | M25: 0.8 | O25: 01.06. | Q25: EUR | R25: 43951 | S25: Raiffeisen Kapitalanlage GmbH | T25: Raiffeisen Bank International AG | U25: GMPXWL.00160.ME.040 | V25: 25139843 | W25: 01.04. | X25: 31.03. | Z25: S | AA25: N | AB25: X | AC25: IKÖ | AD25: Rentenfonds | AE25: N | AF25: AIF | AG25: AIF (Spezialfonds §163 iVM InvFG) | AJ25: t+2 | AK25: N | AM25: N | AN25: Artikel 6 | AO25: 5 | AP25: Anleihen | AQ25: Anleihen Developed Markets | AR25: Anleihen Euro/Europa
A26: 3480 | B26: FlexProtection Secure 20 | C26: AT0000A2PTQ0 | D26: 121200908 | E26: 1000932404 | F26: 10009324 | G26: FlexProtection Secure 20 VTI | H26: A2QQYW | I26: FPS20 | J26: W | K26: Vollthesaurierer Österreich | M26: 0.8 | O26: 01.06. | Q26: EUR | R26: 44316 | S26: Raiffeisen Kapitalanlage GmbH | T26: Raiffeisen Bank International AG | U26: NMLILN.99999.SL.040 | V26: 26562375 | W26: 01.04. | X26: 31.03. | Z26: S | AA26: N | AB26: X | AC26: IKÖ | AD26: Rentenfonds | AE26: N | AF26: AIF | AG26: AIF (Spezialfonds §163 iVM InvFG) | AJ26: t+2 | AK26: N | AM26: N | AN26: Artikel 6 | AO26: 5 | AP26: Anleihen | AQ26: Anleihen Developed Markets | AR26: Anleihen Euro/Europa
A27: 3501 | B27: FlexProtection Secure 21 | C27: AT0000A2W9G4 | D27: 127304208 | E27: 350104 | F27: 3501 | G27: FlexProtection Secure 21 VTI | H27: A3DGZR | I27: FPS21VT | J27: W | K27: Vollthesaurierer Österreich | M27: 0.8 | O27: 01.06. | Q27: EUR | R27: 44680 | S27: Raiffeisen Kapitalanlage GmbH | T27: Raiffeisen Bank International AG | U27: ZQIHNW.99999.SL.040 | V27: 28282221 | W27: 01.04. | X27: 31.03. | Z27: S | AA27: N | AB27: X | AC27: IKÖ | AD27: Rentenfonds | AE27: N | AF27: AIF | AG27: AIF (Spezialfonds §163 iVM InvFG) | AJ27: t+2 | AK27: N | AM27: N | AN27: Artikel 6 | AO27: 0 | AP27: Anleihen | AQ27: Anleihen Developed Markets | AR27: Anleihen Euro/Europa
A28: 3511 | B28: FlexProtection Secure 22 | C28: AT0000A32YN1 | D28: 133162308 | E28: 351104 | F28: 3511 | G28: FlexProtection Secure 22 VTI | H28: A3D77Y | I28: FPS22VT | J28: W | K28: Vollthesaurierer Österreich | M28: 0.8 | O28: 01.06. | Q28: EUR | R28: 45044 | S28: Raiffeisen Kapitalanlage GmbH | T28: Raiffeisen Bank International AG | U28: TAX2YK.99999.SL.040 | V28: 29664241 | W28: 01.04. | X28: 31.03. | Z28: S | AA28: N | AB28: X | AC28: IKÖ | AD28: Rentenfonds | AE28: N | AF28: AIF | AG28: AIF (Spezialfonds §163 iVM InvFG) | AJ28: t+2 | AK28: N | AM28: N | AN28: Artikel 6 | AO28: 0 | AP28: Anleihen | AQ28: Anleihen Developed Markets | AR28: Anleihen Euro/Europa
A29: 3569 | B29: FlexProtection Secure 23 | C29: AT0000A3AY02 | D29: 139172308 | E29: 356904 | F29: 3569 | G29: FlexProtection Secure 23 VTI | H29: A404Y1 | I29: FPS23VT | J29: W | K29: Vollthesaurierer Österreich | M29: 0.8 | O29: 01.06. | Q29: EUR | R29: 45412 | S29: Raiffeisen Kapitalanlage GmbH | T29: Raiffeisen Bank International AG | U29: MXHUWG.99999.SL.040 | V29: 30806771 | W29: 01.04. | X29: 31.03. | Z29: S | AA29: N | AB29: X | AC29: IKÖ | AD29: Rentenfonds | AE29: N | AF29: AIF | AG29: AIF (Spezialfonds §163 iVM InvFG) | AJ29: t+2 | AK29: N | AM29: N | AN29: Artikel 6 | AO29: 0 | AP29: Anleihen | AQ29: Anleihen Developed Markets | AR29: Anleihen Euro/Europa
A30: 3597 | B30: FlexProtection Secure 24 | C30: AT0000A3J0U0 | D30: 144718208 | E30: 359704 | F30: 3597 | G30: FlexProtection Secure 24 VTI | H30: A4122M | I30: FPS24VT | J30: W | K30: Vollthesaurierer Österreich | M30: 0.8 | O30: 01.06. | Q30: EUR | R30: 45777 | S30: Raiffeisen Kapitalanlage GmbH | T30: Raiffeisen Bank International AG | U30: FLASKC.99999.SL.040 | V30: 31971156 | W30: 01.04. | X30: 31.03. | Z30: S | AA30: N | AB30: X | AC30: IKÖ | AD30: Rentenfonds | AE30: N | AF30: AIF | AG30: AIF (Spezialfonds §163 iVM InvFG) | AJ30: t+2 | AK30: N | AM30: N | AN30: Artikel 6 | AO30: 0 | AP30: Anleihen | AQ30: Anleihen Developed Markets | AR30: Anleihen Euro/Europa
A31: 3621 | B31: FlexProtection Secure 25 | C31: AT0000A3S3Y5 | D31: 150792708 | E31: 362104 | F31: 3621 | G31: FlexProtection Secure 25 VTI | H31: A423Y3 | I31: FPS25VT | J31: W | K31: Vollthesaurierer Österreich | M31: 0.8 | O31: 01.06. | Q31: EUR | R31: 46142 | S31: Raiffeisen Kapitalanlage GmbH | T31: Raiffeisen Bank International AG | U31: B9DUT2.99999.SL.040 | V31: 33428115 | W31: 01.04. | X31: 31.03. | Z31: S | AA31: N | AB31: X | AC31: IKÖ | AD31: Rentenfonds | AE31: N | AF31: AIF | AG31: AIF (Spezialfonds §163 iVM InvFG) | AJ31: t+2 | AK31: N | AM31: N | AN31: Artikel 6 | AO31: 0 | AP31: Anleihen | AQ31: Anleihen Developed Markets | AR31: Anleihen Euro/Europa
A32: 3567 | B32: FPF | C32: AT0000A0DDX0 | D32: 63968708 | E32: 1001404804 | F32: 10014048 | G32: FPF VTI | H32: A0RGTN | I32: ALLKFPF | J32: W | K32: Vollthesaurierer Österreich/Ausland | O32: 01.03. | Q32: EUR | R32: 39917 | S32: Raiffeisen Kapitalanlage GmbH | T32: Raiffeisen Bank International AG | U32: 2UQXCZ.99999.SL.040 | V32: 9206701 | W32: 01.01. | X32: 31.12. | Z32: S | AA32: N | AB32: X | AC32: IKÖ | AD32: Gemischter Fonds mit Aktienanteil bis zu 70% | AE32: J | AF32: AIF | AG32: AIF (Spezialfonds §163 iVm §166f InvFG) | AJ32: t+2 | AK32: N | AM32: N | AN32: Artikel 6 | AO32: 0 | AP32: Sonstige Strategien | AQ32: Mischfonds | AR32: Mischfonds
A33: 3568 | B33: FWR25 | C33: AT0000A3AWH3 | D33: 138696208 | E33: 356804 | F33: 3568 | G33: FWR25 VTA | H33: A404VM | I33: RFWR25V | J33: V | K33: Vollthesaurierung | M33: 1.444 | O33: 01.04. | Q33: EUR | R33: 45516 | S33: Raiffeisen Kapitalanlage GmbH | T33: Raiffeisen Bank International AG | U33: 9WXPLE.99999.SL.040 | V33: 30803470 | W33: 01.02. | X33: 31.01. | Z33: G | AA33: N | AB33: D | AC33: CEE | AD33: Gemischter Fonds mit Aktienanteil bis zu 30% | AE33: J | AF33: UCITS | AG33: OGAW (PublF §46 iVM §66ff InvFG) | AJ33: t+2 | AK33: N | AL33: 8 | AM33: N | AN33: Artikel 6 | AO33: 0 | AP33: Sonstige Strategien | AQ33: Mischfonds | AR33: Mischfonds
A34: 3527 | B34: Index-Selection-Equity | C34: AT0000A381E8 | D34: 137359308 | E34: 352704 | F34: 3527 | G34: Index-Selection-Equity (I) A | H34: A3EYA9 | I34: RIXSEIA | J34: A | K34: Ausschüttung | L34: I | M34: 0.3 | O34: 01.02. | Q34: EUR | R34: 45302 | S34: Raiffeisen Kapitalanlage GmbH | T34: Raiffeisen Bank International AG | U34: XUMF84.99999.SL.040 | V34: 30433576 | W34: 01.12. | X34: 30.11. | Y34: 500000 | Z34: G | AA34: N | AB34: D | AC34: Retail | AD34: Aktienfonds 100% | AE34: J | AF34: UCITS | AG34: OGAW (PublF §46 iVM §66ff InvFG) | AJ34: t+1 | AK34: J | AL34: 10 | AM34: N | AN34: Artikel 6 | AO34: 0 | AP34: Aktien | AQ34: Aktien Non Euro/Global | AR34: Aktien Non Euro/Global
A35: 3527 | B35: Index-Selection-Equity | C35: AT0000A381D0 | D35: 137359208 | E35: 352704 | F35: 3527 | G35: Index-Selection-Equity (I) T | H35: A3EYAK | I35: RIXSEIT | J35: T | K35: Thesaurierung | L35: I | M35: 0.3 | O35: 01.02. | Q35: EUR | R35: 45302 | S35: Raiffeisen Kapitalanlage GmbH | T35: Raiffeisen Bank International AG | U35: XUMF84.99999.SL.040 | V35: 30433576 | W35: 01.12. | X35: 30.11. | Y35: 500000 | Z35: G | AA35: N | AB35: D | AC35: Retail | AD35: Aktienfonds 100% | AE35: J | AF35: UCITS | AG35: OGAW (PublF §46 iVM §66ff InvFG) | AJ35: t+1 | AK35: J | AL35: 10 | AM35: N | AN35: Artikel 6 | AO35: 0 | AP35: Aktien | AQ35: Aktien Non Euro/Global | AR35: Aktien Non Euro/Global
A36: 3527 | B36: Index-Selection-Equity | C36: AT0000A381B4 | D36: 137359108 | E36: 352704 | F36: 3527 | G36: Index-Selection-Equity (R) A | H36: A3EYAH | I36: RIXSERA | J36: A | K36: Ausschüttung | L36: R | M36: 0.6 | O36: 01.02. | Q36: EUR | R36: 45302 | S36: Raiffeisen Kapitalanlage GmbH | T36: Raiffeisen Bank International AG | U36: XUMF84.99999.SL.040 | V36: 30433576 | W36: 01.12. | X36: 30.11. | Z36: P | AA36: N | AB36: D | AC36: Retail | AD36: Aktienfonds 100% | AE36: J | AF36: UCITS | AG36: OGAW (PublF §46 iVM §66ff InvFG) | AJ36: t+1 | AK36: J | AL36: 10 | AM36: N | AN36: Artikel 6 | AO36: 0 | AP36: Aktien | AQ36: Aktien Non Euro/Global | AR36: Aktien Non Euro/Global
A37: 3527 | B37: Index-Selection-Equity | C37: AT0000A381C2 | D37: 137359008 | E37: 352704 | F37: 3527 | G37: Index-Selection-Equity (R) T | H37: A3EYAJ | I37: RIXSERT | J37: T | K37: Thesaurierung | L37: R | M37: 0.6 | O37: 01.02. | Q37: EUR | R37: 45302 | S37: Raiffeisen Kapitalanlage GmbH | T37: Raiffeisen Bank International AG | U37: XUMF84.99999.SL.040 | V37: 30433576 | W37: 01.12. | X37: 30.11. | Z37: P | AA37: N | AB37: D | AC37: Retail | AD37: Aktienfonds 100% | AE37: J | AF37: UCITS | AG37: OGAW (PublF §46 iVM §66ff InvFG) | AJ37: t+1 | AK37: J | AL37: 10 | AM37: N | AN37: Artikel 6 | AO37: 0 | AP37: Aktien | AQ37: Aktien Non Euro/Global | AR37: Aktien Non Euro/Global
A38: 3527 | B38: Index-Selection-Equity | C38: AT0000A3B1H3 | D38: 139271808 | E38: 352704 | F38: 3527 | G38: Index-Selection-Equity (R) VTA | H38: A407HG | J38: V | K38: Vollthesaurierung | L38: R | M38: 0.6 | O38: 01.02. | Q38: EUR | R38: 45414 | S38: Raiffeisen Kapitalanlage GmbH | T38: Raiffeisen Bank International AG | U38: XUMF84.99999.SL.040 | V38: 30433576 | W38: 01.12. | X38: 30.11. | Z38: P | AA38: N | AB38: D | AC38: Retail | AD38: Aktienfonds 100% | AE38: J | AF38: UCITS | AG38: OGAW (PublF §46 iVM §66ff InvFG) | AJ38: t+1 | AK38: J | AL38: 10 | AM38: N | AN38: Artikel 6 | AO38: 0 | AP38: Aktien | AQ38: Aktien Non Euro/Global | AR38: Aktien Non Euro/Global
A39: 3527 | B39: Index-Selection-Equity | C39: AT0000A381G3 | D39: 137359508 | E39: 352704 | F39: 3527 | G39: Index-Selection-Equity (RZ) A | H39: A3EYAG | I39: RIXSEZA | J39: A | K39: Ausschüttung | L39: RZ | M39: 0.3 | O39: 01.02. | Q39: EUR | R39: 45302 | S39: Raiffeisen Kapitalanlage GmbH | T39: Raiffeisen Bank International AG | U39: XUMF84.99999.SL.040 | V39: 30433576 | W39: 01.12. | X39: 30.11. | Z39: P | AA39: N | AB39: D | AC39: Retail | AD39: Aktienfonds 100% | AE39: J | AF39: UCITS | AG39: OGAW (PublF §46 iVM §66ff InvFG) | AJ39: t+1 | AK39: J | AL39: 10 | AM39: N | AN39: Artikel 6 | AO39: 0 | AP39: Aktien | AQ39: Aktien Non Euro/Global | AR39: Aktien Non Euro/Global
A40: 3527 | B40: Index-Selection-Equity | C40: AT0000A381F5 | D40: 137359408 | E40: 352704 | F40: 3527 | G40: Index-Selection-Equity (RZ) T | H40: A3EYAF | I40: RIXSEZT | J40: T | K40: Thesaurierung | L40: RZ | M40: 0.3 | O40: 01.02. | Q40: EUR | R40: 45302 | S40: Raiffeisen Kapitalanlage GmbH | T40: Raiffeisen Bank International AG | U40: XUMF84.99999.SL.040 | V40: 30433576 | W40: 01.12. | X40: 30.11. | Z40: P | AA40: N | AB40: D | AC40: Retail | AD40: Aktienfonds 100% | AE40: J | AF40: UCITS | AG40: OGAW (PublF §46 iVM §66ff InvFG) | AJ40: t+1 | AK40: J | AL40: 10 | AM40: N | AN40: Artikel 6 | AO40: 0 | AP40: Aktien | AQ40: Aktien Non Euro/Global | AR40: Aktien Non Euro/Global
A41: 3609 | B41: J 1202 | C41: AT0000A3NKJ7 | D41: 147719708 | E41: 360904 | F41: 3609 | G41: J 1202 A | H41: A41FVR | I41: RJ1202A | J41: A | K41: Ausschüttung | M41: 0.25 | O41: 01.03. | Q41: EUR | R41: 45936 | S41: Raiffeisen Kapitalanlage GmbH | T41: Raiffeisen Bank International AG | U41: X1U003.99999.SL.040 | V41: 32649061 | W41: 01.01. | X41: 31.12. | Z41: S | AA41: N | AB41: X | AC41: IKÖ | AD41: Gemischter Fonds mit Aktienanteil bis 100% | AE41: J | AF41: AIF | AG41: AIF (Spezialfonds §163 iVm §166f InvFG) | AJ41: t+2 | AK41: N | AL41: 8 | AM41: N | AN41: Artikel 8 | AO41: 0 | AP41: Sonstige Strategien | AQ41: Mischfonds | AR41: Mischfonds
A42: 3585 | B42: JU299 | C42: AT0000A3GB60 | D42: 142929308 | E42: 358504 | F42: 3585 | G42: JU299 A | H42: A40UN3 | I42: RJU299A | J42: A | K42: Ausschüttung | O42: 01.02. | Q42: EUR | R42: 45631 | S42: Raiffeisen Kapitalanlage GmbH | T42: Raiffeisen Bank International AG | U42: TVY8YZ.99999.SL.040 | V42: 31645887 | W42: 01.12. | X42: 30.11. | Z42: S | AA42: N | AB42: X | AC42: IKÖ | AD42: Gemischter Fonds mit Aktienanteil bis zu 70% | AE42: J | AF42: AIF | AG42: AIF (Spezialfonds §163 iVM InvFG) | AJ42: t+2 | AK42: J | AL42: 8 | AM42: N | AN42: Artikel 6 | AO42: 0 | AP42: Sonstige Strategien | AQ42: Mischfonds | AR42: Mischfonds Ertrag
A43: 3340 | B43: Kathrein Corporate Bond | C43: AT0000A0ETT2 | D43: 65710808 | E43: 7379304 | F43: 73793 | G43: Kathrein Corporate Bond (I) T | H43: A0N9LJ | I43: RQCORPI | J43: T | K43: Thesaurierung | L43: I | M43: 0.45 | O43: 15.02. | P43: 10477727 | Q43: EUR | R43: 40148 | S43: Raiffeisen Kapitalanlage GmbH | T43: Raiffeisen Bank International AG | U43: PT6F48.99999.SL.040 | V43: 8492352 | W43: 01.12. | X43: 30.11. | Y43: 250000 | Z43: G | AA43: N | AB43: Z | AC43: Kathrein | AD43: Rentenfonds | AE43: N | AF43: UCITS | AG43: OGAW (PublF §46 iVM §66ff InvFG) | AI43: 70002450 | AJ43: t+1 | AK43: J | AL43: 5 | AM43: N | AN43: Artikel 6 | AO43: 0 | AP43: Anleihen | AQ43: Unternehmensanleihen | AR43: Unternehmensanleihen IG EUR
A44: 3340 | B44: Kathrein Corporate Bond | C44: AT0000779780 | D44: 31208 | E44: 7379304 | F44: 73793 | G44: Kathrein Corporate Bond (R) A | H44: A0DLKK | I44: RQCORPA | J44: A | K44: Ausschüttung | L44: R | M44: 0.75 | O44: 15.02. | P44: 832434 | Q44: EUR | R44: 36353 | S44: Raiffeisen Kapitalanlage GmbH | T44: Raiffeisen Bank International AG | U44: PT6F48.99999.SL.040 | V44: 8492352 | W44: 01.12. | X44: 30.11. | Z44: P | AA44: N | AB44: Z | AC44: Kathrein | AD44: Rentenfonds | AE44: N | AF44: UCITS | AG44: OGAW (PublF §46 iVM §66ff InvFG) | AI44: 70002450 | AJ44: t+1 | AK44: J | AL44: 5 | AM44: N | AN44: Artikel 6 | AO44: 3 | AP44: Anleihen | AQ44: Unternehmensanleihen | AR44: Unternehmensanleihen IG EUR
A45: 3340 | B45: Kathrein Corporate Bond | C45: AT0000779798 | D45: 31308 | E45: 7379304 | F45: 73793 | G45: Kathrein Corporate Bond (R) T | H45: A0D9FQ | I45: RQCORPT | J45: T | K45: Thesaurierung | L45: R | M45: 0.75 | O45: 15.02. | P45: 833890 | Q45: EUR | R45: 36353 | S45: Raiffeisen Kapitalanlage GmbH | T45: Raiffeisen Bank International AG | U45: PT6F48.99999.SL.040 | V45: 8492352 | W45: 01.12. | X45: 30.11. | Z45: P | AA45: N | AB45: Z | AC45: Kathrein | AD45: Rentenfonds | AE45: N | AF45: UCITS | AG45: OGAW (PublF §46 iVM §66ff InvFG) | AI45: 70002450 | AJ45: t+1 | AK45: J | AL45: 5 | AM45: N | AN45: Artikel 6 | AO45: 3 | AP45: Anleihen | AQ45: Unternehmensanleihen | AR45: Unternehmensanleihen IG EUR
A46: 3342 | B46: Kathrein ESG Euro Bond | C46: AT0000A0ETK1 | D46: 65101908 | E46: 7379204 | F46: 73792 | G46: Kathrein ESG Euro Bond (I) T | H46: A0Q680 | I46: KATEURB | J46: T | K46: Thesaurierung | L46: I | M46: 0.3 | O46: 15.11. | P46: 10476761 | Q46: EUR | R46: 40057 | S46: Raiffeisen Kapitalanlage GmbH | T46: Raiffeisen Bank International AG | U46: 4S7BWC.99999.SL.040 | V46: 8492360 | W46: 01.09. | X46: 31.08. | Y46: 250000 | Z46: G | AA46: N | AB46: Z | AC46: Kathrein | AD46: Rentenfonds | AE46: N | AF46: UCITS | AG46: OGAW (PublF §46 iVM §66ff InvFG) | AI46: 70002451 | AJ46: t+1 | AK46: J | AL46: 5 | AM46: N | AN46: Artikel 8 | AO46: 0 | AP46: Anleihen | AQ46: Anleihen Developed Markets | AR46: Anleihen Euro/Europa
A47: 3342 | B47: Kathrein ESG Euro Bond | C47: AT0000779764 | D47: 31008 | E47: 7379204 | F47: 73792 | G47: Kathrein ESG Euro Bond (R) A | H47: A0HGT7 | I47: RQEUBDA | J47: A | K47: Ausschüttung | L47: R | M47: 0.5 | O47: 15.11. | P47: 832427 | Q47: EUR | R47: 36353 | S47: Raiffeisen Kapitalanlage GmbH | T47: Raiffeisen Bank International AG | U47: 4S7BWC.99999.SL.040 | V47: 8492360 | W47: 01.09. | X47: 31.08. | Z47: P | AA47: N | AB47: Z | AC47: Kathrein | AD47: Rentenfonds | AE47: N | AF47: UCITS | AG47: OGAW (PublF §46 iVM §66ff InvFG) | AI47: 70002451 | AJ47: t+1 | AK47: J | AL47: 5 | AM47: N | AN47: Artikel 8 | AO47: 3 | AP47: Anleihen | AQ47: Anleihen Developed Markets | AR47: Anleihen Euro/Europa
A48: 3342 | B48: Kathrein ESG Euro Bond | C48: AT0000779772 | D48: 31108 | E48: 7379204 | F48: 73792 | G48: Kathrein ESG Euro Bond (R) T | H48: A0DJ9C | I48: RQEUBDT | J48: T | K48: Thesaurierung | L48: R | M48: 0.5 | O48: 15.11. | P48: 834941 | Q48: EUR | R48: 36353 | S48: Raiffeisen Kapitalanlage GmbH | T48: Raiffeisen Bank International AG | U48: 4S7BWC.99999.SL.040 | V48: 8492360 | W48: 01.09. | X48: 31.08. | Z48: P | AA48: N | AB48: Z | AC48: Kathrein | AD48: Rentenfonds | AE48: N | AF48: UCITS | AG48: OGAW (PublF §46 iVM §66ff InvFG) | AI48: 70002451 | AJ48: t+1 | AK48: J | AL48: 5 | AM48: N | AN48: Artikel 8 | AO48: 3 | AP48: Anleihen | AQ48: Anleihen Developed Markets | AR48: Anleihen Euro/Europa
A49: 3356 | B49: Kathrein ESG US-Dollar Bond | C49: AT0000A2KQU9 | D49: 119148208 | E49: 35095304 | F49: 350953 | G49: Kathrein ESG US-Dollar Bond (I) T | H49: A2QGCW | I49: KABITIT | J49: T | K49: Thesaurierung | L49: I | M49: 0.3 | O49: 15.11. | Q49: USD | R49: 44166 | S49: Raiffeisen Kapitalanlage GmbH | T49: Raiffeisen Bank International AG | U49: RNQKJP.99999.SL.040 | V49: 8968713 | W49: 01.09. | X49: 31.08. | Y49: 250000 | Z49: G | AA49: N | AB49: Z | AC49: Kathrein | AD49: Rentenfonds | AE49: N | AF49: UCITS | AG49: OGAW (PublF §46 iVM §66ff InvFG) | AJ49: t+1 | AK49: J | AL49: 5 | AM49: N | AN49: Artikel 8 | AO49: 0 | AP49: Anleihen | AQ49: Anleihen Developed Markets | AR49: Anleihen Non Euro/Global
A50: 3356 | B50: Kathrein ESG US-Dollar Bond | C50: AT0000A0C8Y5 | D50: 62785208 | E50: 35095304 | F50: 350953 | G50: Kathrein ESG US-Dollar Bond (R) A | H50: A0RHVE | I50: KATUSBA | J50: A | K50: Ausschüttung | L50: R | M50: 0.5 | O50: 15.11. | P50: 4884585 | Q50: USD | R50: 39793 | S50: Raiffeisen Kapitalanlage GmbH | T50: Raiffeisen Bank International AG | U50: RNQKJP.99999.SL.040 | V50: 8968713 | W50: 01.09. | X50: 31.08. | Z50: P | AA50: N | AB50: Z | AC50: Kathrein | AD50: Rentenfonds | AE50: N | AF50: UCITS | AG50: OGAW (PublF §46 iVM §66ff InvFG) | AJ50: t+1 | AK50: J | AL50: 5 | AM50: N | AN50: Artikel 8 | AO50: 3 | AP50: Anleihen | AQ50: Anleihen Developed Markets | AR50: Anleihen Non Euro/Global
A51: 3356 | B51: Kathrein ESG US-Dollar Bond | C51: AT0000A0C8Z2 | D51: 62785308 | E51: 35095304 | F51: 350953 | G51: Kathrein ESG US-Dollar Bond (R) T | H51: A0RHVF | I51: KATUSBT | J51: T | K51: Thesaurierung | L51: R | M51: 0.5 | O51: 15.11. | P51: 4884595 | Q51: USD | R51: 39793 | S51: Raiffeisen Kapitalanlage GmbH | T51: Raiffeisen Bank International AG | U51: RNQKJP.99999.SL.040 | V51: 8968713 | W51: 01.09. | X51: 31.08. | Z51: P | AA51: N | AB51: Z | AC51: Kathrein | AD51: Rentenfonds | AE51: N | AF51: UCITS | AG51: OGAW (PublF §46 iVM §66ff InvFG) | AJ51: t+1 | AK51: J | AL51: 5 | AM51: N | AN51: Artikel 8 | AO51: 3 | AP51: Anleihen | AQ51: Anleihen Developed Markets | AR51: Anleihen Non Euro/Global
A52: 3345 | B52: Kathrein European Equity | C52: AT0000A0ETV8 | D52: 65711008 | E52: 7378404 | F52: 73784 | G52: Kathrein European Equity (I) T | H52: A0N9LN | J52: T | K52: Thesaurierung | L52: I | M52: 0.75 | O52: 15.02. | P52: 10479330 | Q52: EUR | R52: 40148 | S52: Raiffeisen Kapitalanlage GmbH | T52: Raiffeisen Bank International AG | U52: 6UF93W.99999.SL.040 | V52: 8492387 | W52: 01.12. | X52: 30.11. | Y52: 250000 | Z52: G | AA52: N | AB52: Z | AC52: Kathrein | AD52: Aktienfonds 100% | AE52: N | AF52: UCITS | AG52: OGAW (PublF §46 iVM §66ff InvFG) | AI52: 70002606 | AJ52: t+1 | AK52: J | AL52: 10 | AM52: N | AN52: Artikel 6 | AO52: 0 | AP52: Aktien | AQ52: Aktien Euro/Europa | AR52: Aktien Euro/Europa
A53: 3345 | B53: Kathrein European Equity | C53: AT0000779749 | D53: 27108 | E53: 7378404 | F53: 73784 | G53: Kathrein European Equity (R) A | H53: A0J4CB | I53: RQEUEQA | J53: A | K53: Ausschüttung | L53: R | M53: 1.25 | O53: 15.02. | P53: 832084 | Q53: EUR | R53: 36353 | S53: Raiffeisen Kapitalanlage GmbH | T53: Raiffeisen Bank International AG | U53: 6UF93W.99999.SL.040 | V53: 8492387 | W53: 01.12. | X53: 30.11. | Z53: P | AA53: N | AB53: Z | AC53: Kathrein | AD53: Aktienfonds 100% | AE53: N | AF53: UCITS | AG53: OGAW (PublF §46 iVM §66ff InvFG) | AI53: 70002606 | AJ53: t+1 | AK53: J | AL53: 10 | AM53: N | AN53: Artikel 6 | AO53: 3.5 | AP53: Aktien | AQ53: Aktien Euro/Europa | AR53: Aktien Euro/Europa
A54: 3345 | B54: Kathrein European Equity | C54: AT0000779756 | D54: 30908 | E54: 7378404 | F54: 73784 | G54: Kathrein European Equity (R) T | H54: A0J4CC | I54: RQEUEQT | J54: T | K54: Thesaurierung | L54: R | M54: 1.25 | O54: 15.02. | P54: 834915 | Q54: EUR | R54: 36353 | S54: Raiffeisen Kapitalanlage GmbH | T54: Raiffeisen Bank International AG | U54: 6UF93W.99999.SL.040 | V54: 8492387 | W54: 01.12. | X54: 30.11. | Z54: P | AA54: N | AB54: Z | AC54: Kathrein | AD54: Aktienfonds 100% | AE54: N | AF54: UCITS | AG54: OGAW (PublF §46 iVM §66ff InvFG) | AI54: 70002606 | AJ54: t+1 | AK54: J | AL54: 10 | AM54: N | AN54: Artikel 6 | AO54: 3.5 | AP54: Aktien | AQ54: Aktien Euro/Europa | AR54: Aktien Euro/Europa
A55: 3362 | B55: Kathrein Global Enterprise | C55: AT0000A24V08 | D55: 103700008 | E55: 323048404 | F55: 3230484 | G55: Kathrein Global Enterprise (I) T | H55: A2N9GB | J55: T | K55: Thesaurierung | L55: I | M55: 0.75 | O55: 15.03. | Q55: EUR | R55: 43437 | S55: Raiffeisen Kapitalanlage GmbH | T55: Raiffeisen Bank International AG | U55: 6USX2P.99999.SL.040 | V55: 16273915 | W55: 01.12. | X55: 30.11. | Y55: 250000 | Z55: G | AA55: N | AB55: Z | AC55: Kathrein | AD55: Aktienfonds 100% | AE55: N | AF55: UCITS | AG55: OGAW (PublF §46 iVM §66ff InvFG) | AJ55: t+1 | AK55: N | AL55: 10 | AM55: N | AN55: Artikel 6 | AO55: 0 | AP55: Aktien | AQ55: Aktien Non Euro/Global | AR55: Aktien Non Euro/Global
A56: 3362 | B56: Kathrein Global Enterprise | C56: AT0000A0Y0Y6 | D56: 76860608 | E56: 323048404 | F56: 3230484 | G56: Kathrein Global Enterprise (R) A | H56: A1KBCU | J56: A | K56: Ausschüttung | L56: R | M56: 1.25 | O56: 15.03. | P56: 20297946 | Q56: EUR | R56: 41320 | S56: Raiffeisen Kapitalanlage GmbH | T56: Raiffeisen Bank International AG | U56: 6USX2P.99999.SL.040 | V56: 16273915 | W56: 01.12. | X56: 30.11. | Z56: P | AA56: N | AB56: Z | AC56: Kathrein | AD56: Aktienfonds 100% | AE56: N | AF56: UCITS | AG56: OGAW (PublF §46 iVM §66ff InvFG) | AJ56: t+1 | AK56: N | AL56: 10 | AM56: N | AN56: Artikel 6 | AO56: 3.5 | AP56: Aktien | AQ56: Aktien Non Euro/Global | AR56: Aktien Non Euro/Global
A57: 3362 | B57: Kathrein Global Enterprise | C57: AT0000A0Y0Z3 | D57: 76860708 | E57: 323048404 | F57: 3230484 | G57: Kathrein Global Enterprise (R) T | H57: A1KBCW | J57: T | K57: Thesaurierung | L57: R | M57: 1.25 | O57: 15.03. | P57: 20298428 | Q57: EUR | R57: 41320 | S57: Raiffeisen Kapitalanlage GmbH | T57: Raiffeisen Bank International AG | U57: 6USX2P.99999.SL.040 | V57: 16273915 | W57: 01.12. | X57: 30.11. | Z57: P | AA57: N | AB57: Z | AC57: Kathrein | AD57: Aktienfonds 100% | AE57: N | AF57: UCITS | AG57: OGAW (PublF §46 iVM §66ff InvFG) | AJ57: t+1 | AK57: N | AL57: 10 | AM57: N | AN57: Artikel 6 | AO57: 3.5 | AP57: Aktien | AQ57: Aktien Non Euro/Global | AR57: Aktien Non Euro/Global
A58: 3437 | B58: Kathrein Mandatum | C58: AT0000A24V24 | D58: 103700108 | E58: 1000462304 | F58: 10004623 | G58: Kathrein Mandatum (I) T | H58: A2N9GC | J58: T | K58: Thesaurierung | L58: I | M58: 0.5 | O58: 15.02. | Q58: EUR | R58: 43437 | S58: Raiffeisen Kapitalanlage GmbH | T58: Raiffeisen Bank International AG | U58: ANWZP5.99999.SL.040 | V58: 21795398 | W58: 01.12. | X58: 30.11. | Y58: 250000 | Z58: G | AA58: N | AB58: D | AC58: Kathrein | AD58: Rentenfonds | AE58: J | AF58: UCITS | AG58: OGAW (PublF §46 iVM §66ff InvFG) | AI58: 70167661 | AJ58: t+2 | AK58: J | AL58: 5 | AM58: N | AN58: Artikel 6 | AO58: 0 | AP58: Anleihen | AQ58: Anleihen Developed Markets | AR58: Anleihen Non Euro/Global
A59: 3437 | B59: Kathrein Mandatum | C59: AT0000A22449 | D59: 94947208 | E59: 1000462304 | F59: 10004623 | G59: Kathrein Mandatum (R) A | H59: A2JQPL | J59: A | K59: Ausschüttung | L59: R | M59: 0.85 | O59: 15.02. | Q59: EUR | R59: 43313 | S59: Raiffeisen Kapitalanlage GmbH | T59: Raiffeisen Bank International AG | U59: ANWZP5.99999.SL.040 | V59: 21795398 | W59: 01.12. | X59: 30.11. | Z59: P | AA59: N | AB59: D | AC59: Kathrein | AD59: Rentenfonds | AE59: J | AF59: UCITS | AG59: OGAW (PublF §46 iVM §66ff InvFG) | AI59: 70167661 | AJ59: t+2 | AK59: J | AL59: 5 | AM59: N | AN59: Artikel 6 | AO59: 3 | AP59: Anleihen | AQ59: Anleihen Developed Markets | AR59: Anleihen Non Euro/Global
A60: 3437 | B60: Kathrein Mandatum | C60: AT0000A22431 | D60: 94947308 | E60: 1000462304 | F60: 10004623 | G60: Kathrein Mandatum (R) T | H60: A2JQPK | J60: T | K60: Thesaurierung | L60: R | M60: 0.85 | O60: 15.02. | Q60: EUR | R60: 43313 | S60: Raiffeisen Kapitalanlage GmbH | T60: Raiffeisen Bank International AG | U60: ANWZP5.99999.SL.040 | V60: 21795398 | W60: 01.12. | X60: 30.11. | Z60: P | AA60: N | AB60: D | AC60: Kathrein | AD60: Rentenfonds | AE60: J | AF60: UCITS | AG60: OGAW (PublF §46 iVM §66ff InvFG) | AI60: 70167661 | AJ60: t+2 | AK60: J | AL60: 5 | AM60: N | AN60: Artikel 6 | AO60: 3 | AP60: Anleihen | AQ60: Anleihen Developed Markets | AR60: Anleihen Non Euro/Global
A61: 3347 | B61: Kathrein Mandatum 100 | C61: AT0000A24V65 | D61: 103700208 | E61: 22018104 | F61: 220181 | G61: Kathrein Mandatum 100 (I) T | H61: A2N9GL | J61: T | K61: Thesaurierung | L61: I | M61: 0.5 | O61: 15.02. | Q61: EUR | R61: 43437 | S61: Raiffeisen Kapitalanlage GmbH | T61: Raiffeisen Bank International AG | U61: 2HNHR0.99999.SL.040 | V61: 8493006 | W61: 01.12. | X61: 30.11. | Y61: 250000 | Z61: G | AA61: N | AB61: X | AC61: Kathrein | AD61: Aktienfonds 100% | AE61: J | AF61: UCITS | AG61: OGAW (PublF §46 iVM §66ff InvFG) | AI61: 70167664 | AJ61: t+2 | AK61: J | AL61: 10 | AM61: N | AN61: Artikel 6 | AO61: 0 | AP61: Aktien | AQ61: Aktien Non Euro/Global | AR61: Aktien Non Euro/Global
A62: 3347 | B62: Kathrein Mandatum 100 | C62: AT0000739784 | D62: 287408 | E62: 22018104 | F62: 220181 | G62: Kathrein Mandatum 100 (R) A | H62: A0MT0Z | I62: QIK100A | J62: A | K62: Ausschüttung | L62: R | M62: 1.5 | O62: 15.02. | P62: 1098242 | Q62: EUR | R62: 36684 | S62: Raiffeisen Kapitalanlage GmbH | T62: Raiffeisen Bank International AG | U62: 2HNHR0.99999.SL.040 | V62: 8493006 | W62: 01.12. | X62: 30.11. | Z62: P | AA62: N | AB62: X | AC62: Kathrein | AD62: Aktienfonds 100% | AE62: J | AF62: UCITS | AG62: OGAW (PublF §46 iVM §66ff InvFG) | AI62: 70167664 | AJ62: t+2 | AK62: J | AL62: 10 | AM62: N | AN62: Artikel 6 | AO62: 5 | AP62: Aktien | AQ62: Aktien Non Euro/Global | AR62: Aktien Non Euro/Global
A63: 3347 | B63: Kathrein Mandatum 100 | C63: AT0000739792 | D63: 242008 | E63: 22018104 | F63: 220181 | G63: Kathrein Mandatum 100 (R) T | H63: A0MT00 | I63: QIK100T | J63: T | K63: Thesaurierung | L63: R | M63: 1.5 | O63: 15.02. | P63: 1098246 | Q63: EUR | R63: 36684 | S63: Raiffeisen Kapitalanlage GmbH | T63: Raiffeisen Bank International AG | U63: 2HNHR0.99999.SL.040 | V63: 8493006 | W63: 01.12. | X63: 30.11. | Z63: P | AA63: N | AB63: X | AC63: Kathrein | AD63: Aktienfonds 100% | AE63: J | AF63: UCITS | AG63: OGAW (PublF §46 iVM §66ff InvFG) | AI63: 70167664 | AJ63: t+2 | AK63: J | AL63: 10 | AM63: N | AN63: Artikel 6 | AO63: 5 | AP63: Aktien | AQ63: Aktien Non Euro/Global | AR63: Aktien Non Euro/Global
A64: 3348 | B64: Kathrein Mandatum 15 USD | C64: AT0000A25731 | D64: 104275108 | E64: 22028304 | F64: 220283 | G64: Kathrein Mandatum 15 USD (I) T | H64: A2PALF | J64: T | K64: Thesaurierung | L64: I | M64: 0.5 | O64: 15.03. | Q64: USD | R64: 43467 | S64: Raiffeisen Kapitalanlage GmbH | T64: Raiffeisen Bank International AG | U64: I9QA5S.99999.SL.040 | V64: 8493022 | W64: 01.01. | X64: 31.12. | Y64: 250000 | Z64: G | AA64: N | AB64: X | AC64: Kathrein | AD64: Gemischter Fonds mit Aktienanteil bis 100% | AE64: N | AF64: UCITS | AG64: OGAW (PublF §46 iVM §66ff InvFG) | AJ64: t+2 | AK64: J | AL64: 5 | AM64: N | AN64: Artikel 6 | AO64: 0 | AP64: Sonstige Strategien | AQ64: Mischfonds | AR64: Mischfonds Sicherheit
A65: 3348 | B65: Kathrein Mandatum 15 USD | C65: AT0000A015J1 | D65: 35241508 | E65: 22028304 | F65: 220283 | G65: Kathrein Mandatum 15 USD (R) T | H65: A0M0NP | I65: RAQIK15 | J65: T | K65: Thesaurierung | L65: R | M65: 0.9 | O65: 15.03. | P65: 2554913 | Q65: USD | R65: 38901 | S65: Raiffeisen Kapitalanlage GmbH | T65: Raiffeisen Bank International AG | U65: I9QA5S.99999.SL.040 | V65: 8493022 | W65: 01.01. | X65: 31.12. | Z65: P | AA65: N | AB65: X | AC65: Kathrein | AD65: Gemischter Fonds mit Aktienanteil bis 100% | AE65: N | AF65: UCITS | AG65: OGAW (PublF §46 iVM §66ff InvFG) | AJ65: t+2 | AK65: J | AL65: 5 | AM65: N | AN65: Artikel 6 | AO65: 5 | AP65: Sonstige Strategien | AQ65: Mischfonds | AR65: Mischfonds Sicherheit
A66: 3349 | B66: Kathrein Mandatum 25 | C66: AT0000A24V32 | D66: 103700308 | E66: 7379404 | F66: 73794 | G66: Kathrein Mandatum 25 (I) T | H66: A2N9F9 | J66: T | K66: Thesaurierung | L66: I | M66: 0.5 | O66: 15.02. | Q66: EUR | R66: 43437 | S66: Raiffeisen Kapitalanlage GmbH | T66: Raiffeisen Bank International AG | U66: 1BR8AD.99999.SL.040 | V66: 8493065 | W66: 01.12. | X66: 30.11. | Y66: 250000 | Z66: G | AA66: N | AB66: X | AC66: Kathrein | AD66: Gemischter Fonds mit Aktienanteil bis 100% | AE66: J | AF66: AIF | AG66: AIF (PublF §166f InvFG) | AJ66: t+2 | AK66: J | AL66: 5 | AM66: N | AN66: Artikel 6 | AO66: 0 | AP66: Sonstige Strategien | AQ66: Mischfonds | AR66: Mischfonds Sicherheit
A67: 3349 | B67: Kathrein Mandatum 25 | C67: AT0000779806 | D67: 31408 | E67: 7379404 | F67: 73794 | G67: Kathrein Mandatum 25 (R) A | H67: A0MT27 | I67: RQIK25A | J67: A | K67: Ausschüttung | L67: R | M67: 1.15 | O67: 15.02. | P67: 832467 | Q67: EUR | R67: 36353 | S67: Raiffeisen Kapitalanlage GmbH | T67: Raiffeisen Bank International AG | U67: 1BR8AD.99999.SL.040 | V67: 8493065 | W67: 01.12. | X67: 30.11. | Z67: P | AA67: N | AB67: X | AC67: Kathrein | AD67: Gemischter Fonds mit Aktienanteil bis 100% | AE67: J | AF67: AIF | AG67: AIF (PublF §166f InvFG) | AJ67: t+2 | AK67: J | AL67: 5 | AM67: N | AN67: Artikel 6 | AO67: 5 | AP67: Sonstige Strategien | AQ67: Mischfonds | AR67: Mischfonds Sicherheit
A68: 3349 | B68: Kathrein Mandatum 25 | C68: AT0000779814 | D68: 31508 | E68: 7379404 | F68: 73794 | G68: Kathrein Mandatum 25 (R) T | H68: 251111 | I68: RQIK25T | J68: T | K68: Thesaurierung | L68: R | M68: 1.15 | O68: 15.02. | P68: 834126 | Q68: EUR | R68: 36353 | S68: Raiffeisen Kapitalanlage GmbH | T68: Raiffeisen Bank International AG | U68: 1BR8AD.99999.SL.040 | V68: 8493065 | W68: 01.12. | X68: 30.11. | Z68: P | AA68: N | AB68: X | AC68: Kathrein | AD68: Gemischter Fonds mit Aktienanteil bis 100% | AE68: J | AF68: AIF | AG68: AIF (PublF §166f InvFG) | AJ68: t+2 | AK68: J | AL68: 5 | AM68: N | AN68: Artikel 6 | AO68: 5 | AP68: Sonstige Strategien | AQ68: Mischfonds | AR68: Mischfonds Sicherheit
A69: 3350 | B69: Kathrein Mandatum 50 | C69: AT0000A24V40 | D69: 103700408 | E69: 7379504 | F69: 73795 | G69: Kathrein Mandatum 50 (I) T | H69: A2N9GK | J69: T | K69: Thesaurierung | L69: I | M69: 0.5 | O69: 15.02. | Q69: EUR | R69: 43437 | S69: Raiffeisen Kapitalanlage GmbH | T69: Raiffeisen Bank International AG | U69: REQ565.99999.SL.040 | V69: 8493073 | W69: 01.12. | X69: 30.11. | Y69: 250000 | Z69: G | AA69: N | AB69: X | AC69: Kathrein | AD69: Gemischter Fonds mit Aktienanteil bis 100% | AE69: J | AF69: UCITS | AG69: OGAW (PublF §46 iVM §66ff InvFG) | AI69: 70167662 | AJ69: t+2 | AK69: J | AL69: 8 | AM69: N | AN69: Artikel 6 | AO69: 0 | AP69: Sonstige Strategien | AQ69: Mischfonds | AR69: Mischfonds Ertrag
A70: 3350 | B70: Kathrein Mandatum 50 | C70: AT0000779822 | D70: 35308 | E70: 7379504 | F70: 73795 | G70: Kathrein Mandatum 50 (R) A | H70: A0MT28 | I70: RQIK50A | J70: A | K70: Ausschüttung | L70: R | M70: 1.25 | O70: 15.02. | P70: 832479 | Q70: EUR | R70: 36353 | S70: Raiffeisen Kapitalanlage GmbH | T70: Raiffeisen Bank International AG | U70: REQ565.99999.SL.040 | V70: 8493073 | W70: 01.12. | X70: 30.11. | Z70: P | AA70: N | AB70: X | AC70: Kathrein | AD70: Gemischter Fonds mit Aktienanteil bis 100% | AE70: J | AF70: UCITS | AG70: OGAW (PublF §46 iVM §66ff InvFG) | AI70: 70167662 | AJ70: t+2 | AK70: J | AL70: 8 | AM70: N | AN70: Artikel 6 | AO70: 5 | AP70: Sonstige Strategien | AQ70: Mischfonds | AR70: Mischfonds Ertrag
A71: 3350 | B71: Kathrein Mandatum 50 | C71: AT0000779830 | D71: 35408 | E71: 7379504 | F71: 73795 | G71: Kathrein Mandatum 50 (R) T | H71: A0MT29 | I71: RQIK50T | J71: T | K71: Thesaurierung | L71: R | M71: 1.25 | O71: 15.02. | P71: 834147 | Q71: EUR | R71: 36353 | S71: Raiffeisen Kapitalanlage GmbH | T71: Raiffeisen Bank International AG | U71: REQ565.99999.SL.040 | V71: 8493073 | W71: 01.12. | X71: 30.11. | Z71: P | AA71: N | AB71: X | AC71: Kathrein | AD71: Gemischter Fonds mit Aktienanteil bis 100% | AE71: J | AF71: UCITS | AG71: OGAW (PublF §46 iVM §66ff InvFG) | AI71: 70167662 | AJ71: t+2 | AK71: J | AL71: 8 | AM71: N | AN71: Artikel 6 | AO71: 5 | AP71: Sonstige Strategien | AQ71: Mischfonds | AR71: Mischfonds Ertrag
A72: 3351 | B72: Kathrein Mandatum 70 | C72: AT0000A24V57 | D72: 103700508 | E72: 7379604 | F72: 73796 | G72: Kathrein Mandatum 70 (I) T | H72: A2N9GJ | J72: T | K72: Thesaurierung | L72: I | M72: 0.5 | O72: 15.02. | Q72: EUR | R72: 43437 | S72: Raiffeisen Kapitalanlage GmbH | T72: Raiffeisen Bank International AG | U72: GH43XU.99999.SL.040 | V72: 8493103 | W72: 01.12. | X72: 30.11. | Y72: 250000 | Z72: G | AA72: N | AB72: X | AC72: Kathrein | AD72: Gemischter Fonds mit Aktienanteil bis 100% | AE72: J | AF72: UCITS | AG72: OGAW (PublF §46 iVM §66ff InvFG) | AI72: 70167663 | AJ72: t+2 | AK72: J | AL72: 10 | AM72: N | AN72: Artikel 6 | AO72: 0 | AP72: Sonstige Strategien | AQ72: Mischfonds | AR72: Mischfonds Wachstum
A73: 3351 | B73: Kathrein Mandatum 70 | C73: AT0000779848 | D73: 283008 | E73: 7379604 | F73: 73796 | G73: Kathrein Mandatum 70 (R) A | H73: A0MT3A | I73: RQIK70A | J73: A | K73: Ausschüttung | L73: R | M73: 1.35 | O73: 15.02. | P73: 832499 | Q73: EUR | R73: 36353 | S73: Raiffeisen Kapitalanlage GmbH | T73: Raiffeisen Bank International AG | U73: GH43XU.99999.SL.040 | V73: 8493103 | W73: 01.12. | X73: 30.11. | Z73: P | AA73: N | AB73: X | AC73: Kathrein | AD73: Gemischter Fonds mit Aktienanteil bis 100% | AE73: J | AF73: UCITS | AG73: OGAW (PublF §46 iVM §66ff InvFG) | AI73: 70167663 | AJ73: t+2 | AK73: J | AL73: 10 | AM73: N | AN73: Artikel 6 | AO73: 5 | AP73: Sonstige Strategien | AQ73: Mischfonds | AR73: Mischfonds Wachstum
A74: 3351 | B74: Kathrein Mandatum 70 | C74: AT0000779855 | D74: 35508 | E74: 7379604 | F74: 73796 | G74: Kathrein Mandatum 70 (R) T | H74: A0MT3B | I74: RQIK70T | J74: T | K74: Thesaurierung | L74: R | M74: 1.35 | O74: 15.02. | P74: 834781 | Q74: EUR | R74: 36353 | S74: Raiffeisen Kapitalanlage GmbH | T74: Raiffeisen Bank International AG | U74: GH43XU.99999.SL.040 | V74: 8493103 | W74: 01.12. | X74: 30.11. | Z74: P | AA74: N | AB74: X | AC74: Kathrein | AD74: Gemischter Fonds mit Aktienanteil bis 100% | AE74: J | AF74: UCITS | AG74: OGAW (PublF §46 iVM §66ff InvFG) | AI74: 70167663 | AJ74: t+2 | AK74: J | AL74: 10 | AM74: N | AN74: Artikel 6 | AO74: 5 | AP74: Sonstige Strategien | AQ74: Mischfonds | AR74: Mischfonds Wachstum
A75: 3331 | B75: Kathrein SF39 | C75: AT0000A03MZ1 | D75: 40031608 | E75: 22028604 | F75: 220286 | G75: Kathrein SF39 A | H75: A0M0SV | I75: KATSF39 | J75: A | K75: Ausschüttung | M75: 0.27 | O75: 15.02. | P75: 2836777 | Q75: EUR | R75: 39091 | S75: Raiffeisen Kapitalanlage GmbH | T75: Raiffeisen Bank International AG | U75: H1A8V4.99999.SL.040 | V75: 8494126 | W75: 01.12. | X75: 30.11. | Z75: S | AA75: N | AB75: X | AC75: Kathrein | AD75: Rentenfonds | AE75: N | AF75: AIF | AG75: AIF (Spezialfonds §163 iVm §166f InvFG) | AJ75: t+2 | AK75: J | AL75: 5 | AM75: N | AN75: Artikel 6 | AO75: 0 | AP75: Anleihen | AQ75: Anleihen Developed Markets | AR75: Anleihen Euro/Europa
A76: 3337 | B76: Kathrein SF45 | C76: AT0000A09313 | D76: 60040608 | E76: 29140704 | F76: 291407 | G76: Kathrein SF45 A | H76: A0NJD2 | I76: KATSF45 | J76: A | K76: Ausschüttung | M76: 0.9 | O76: 15.01. | P76: 3916152 | Q76: EUR | R76: 39545 | S76: Raiffeisen Kapitalanlage GmbH | T76: Raiffeisen Bank International AG | U76: 10F93F.99999.SL.040 | V76: 8554714 | W76: 01.11. | X76: 31.10. | Z76: S | AA76: N | AB76: X | AC76: Kathrein | AD76: Gemischter Fonds mit Aktienanteil bis zu 70% | AE76: J | AF76: AIF | AG76: AIF (Spezialfonds §163 iVm §166f InvFG) | AJ76: t+2 | AK76: J | AL76: 8 | AM76: N | AN76: Artikel 6 | AO76: 0 | AP76: Sonstige Strategien | AQ76: Mischfonds | AR76: Mischfonds Ertrag
A77: 3338 | B77: Kathrein SF50 | C77: AT0000496880 | D77: 27481708 | E77: 22027304 | F77: 220273 | G77: Kathrein SF50 T | H77: A0MTKK | I77: QIKSF50 | J77: T | K77: Thesaurierung | M77: 0.35 | O77: 15.03. | P77: 2238718 | Q77: EUR | R77: 38596 | S77: Raiffeisen Kapitalanlage GmbH | T77: Raiffeisen Bank International AG | U77: D1X2HB.99999.SL.040 | V77: 8494185 | W77: 01.01. | X77: 31.12. | Z77: S | AA77: N | AB77: X | AC77: Kathrein | AD77: Gemischter Fonds mit Aktienanteil bis zu 30% | AE77: J | AF77: AIF | AG77: AIF (Spezialfonds §163 iVm §166f InvFG) | AJ77: t+2 | AK77: J | AL77: 8 | AM77: N | AN77: Artikel 6 | AO77: 0 | AP77: Sonstige Strategien | AQ77: Mischfonds | AR77: Mischfonds Ertrag
A78: 3357 | B78: Kathrein US Equity | C78: AT0000A0ETU0 | D78: 65710908 | E78: 7378004 | F78: 73780 | G78: Kathrein US Equity (I) T | H78: A0N9LK | I78: KATHUSE | J78: T | K78: Thesaurierung | L78: I | M78: 0.75 | O78: 15.02. | P78: 10477734 | Q78: EUR | R78: 40148 | S78: Raiffeisen Kapitalanlage GmbH | T78: Raiffeisen Bank International AG | U78: WG3VP3.99999.SL.040 | V78: 8494231 | W78: 01.12. | X78: 30.11. | Y78: 250000 | Z78: G | AA78: N | AB78: Z | AC78: Kathrein | AD78: Aktienfonds 100% | AE78: N | AF78: UCITS | AG78: OGAW (PublF §46 iVM §66ff InvFG) | AI78: 70002605 | AJ78: t+1 | AK78: J | AL78: 10 | AM78: N | AN78: Artikel 6 | AO78: 0 | AP78: Aktien | AQ78: Aktien Non Euro/Global | AR78: Aktien Nordamerika
A79: 3357 | B79: Kathrein US Equity | C79: AT0000A1FWM6 | D79: 84265108 | E79: 7378004 | F79: 73780 | G79: Kathrein US Equity (I) T USD | H79: A14XNS | J79: T | K79: Thesaurierung | L79: I | M79: 0.75 | O79: 15.02. | P79: 29277602 | Q79: USD | R79: 42278 | S79: Raiffeisen Kapitalanlage GmbH | T79: Raiffeisen Bank International AG | U79: WG3VP3.99999.SL.040 | V79: 8494231 | W79: 01.12. | X79: 30.11. | Y79: 250000 | Z79: G | AA79: N | AB79: Z | AC79: Kathrein | AD79: Aktienfonds 100% | AE79: N | AF79: UCITS | AG79: OGAW (PublF §46 iVM §66ff InvFG) | AI79: 70002605 | AJ79: t+1 | AK79: J | AL79: 10 | AM79: N | AN79: Artikel 6 | AO79: 0 | AP79: Aktien | AQ79: Aktien Non Euro/Global | AR79: Aktien Nordamerika
A80: 3357 | B80: Kathrein US Equity | C80: AT0000779665 | D80: 26508 | E80: 7378004 | F80: 73780 | G80: Kathrein US Equity (R) A | H80: A0J4B9 | I80: RUSEQUA | J80: A | K80: Ausschüttung | L80: R | M80: 1.25 | O80: 15.02. | P80: 832037 | Q80: EUR | R80: 36353 | S80: Raiffeisen Kapitalanlage GmbH | T80: Raiffeisen Bank International AG | U80: WG3VP3.99999.SL.040 | V80: 8494231 | W80: 01.12. | X80: 30.11. | Z80: P | AA80: N | AB80: Z | AC80: Kathrein | AD80: Aktienfonds 100% | AE80: N | AF80: UCITS | AG80: OGAW (PublF §46 iVM §66ff InvFG) | AI80: 70002605 | AJ80: t+1 | AK80: J | AL80: 10 | AM80: N | AN80: Artikel 6 | AO80: 3.5 | AP80: Aktien | AQ80: Aktien Non Euro/Global | AR80: Aktien Nordamerika
A81: 3357 | B81: Kathrein US Equity | C81: AT0000779673 | D81: 26608 | E81: 7378004 | F81: 73780 | G81: Kathrein US Equity (R) T | H81: A0J4CA | I81: RUSEQUT | J81: T | K81: Thesaurierung | L81: R | M81: 1.25 | O81: 15.02. | P81: 834133 | Q81: EUR | R81: 36353 | S81: Raiffeisen Kapitalanlage GmbH | T81: Raiffeisen Bank International AG | U81: WG3VP3.99999.SL.040 | V81: 8494231 | W81: 01.12. | X81: 30.11. | Z81: P | AA81: N | AB81: Z | AC81: Kathrein | AD81: Aktienfonds 100% | AE81: N | AF81: UCITS | AG81: OGAW (PublF §46 iVM §66ff InvFG) | AI81: 70002605 | AJ81: t+1 | AK81: J | AL81: 10 | AM81: N | AN81: Artikel 6 | AO81: 3.5 | AP81: Aktien | AQ81: Aktien Non Euro/Global | AR81: Aktien Nordamerika
A82: 3357 | B82: Kathrein US Equity | C82: AT0000A1FWL8 | D82: 84265208 | E82: 7378004 | F82: 73780 | G82: Kathrein US Equity (R) T USD | H82: A14XNR | I82: RAIUSRT | J82: T | K82: Thesaurierung | L82: R | M82: 1.25 | O82: 15.02. | P82: 29277433 | Q82: USD | R82: 42278 | S82: Raiffeisen Kapitalanlage GmbH | T82: Raiffeisen Bank International AG | U82: WG3VP3.99999.SL.040 | V82: 8494231 | W82: 01.12. | X82: 30.11. | Z82: P | AA82: N | AB82: Z | AC82: Kathrein | AD82: Aktienfonds 100% | AE82: N | AF82: UCITS | AG82: OGAW (PublF §46 iVM §66ff InvFG) | AI82: 70002605 | AJ82: t+1 | AK82: J | AL82: 10 | AM82: N | AN82: Artikel 6 | AO82: 3.5 | AP82: Aktien | AQ82: Aktien Non Euro/Global | AR82: Aktien Nordamerika
A83: 3612 | B83: Kathrein US Equity EUR hedged | C83: AT0000A3NR71 | D83: 148118308 | E83: 361204 | F83: 3612 | G83: Kathrein US Equity EUR hedged (I) T | H83: A41L25 | I83: KUSEEIT | J83: T | K83: Thesaurierung | L83: I | M83: 0.75 | O83: 15.02. | Q83: EUR | R83: 45978 | S83: Raiffeisen Kapitalanlage GmbH | T83: Raiffeisen Bank International AG | U83: 0WSGSW.99999.SL.040 | V83: 32673400 | W83: 01.12. | X83: 30.11. | Y83: 250000 | Z83: G | AA83: N | AB83: D | AC83: Kathrein | AD83: Aktienfonds 100% | AE83: J | AF83: UCITS | AG83: OGAW (PublF §46 iVM §66ff InvFG) | AJ83: t+2 | AK83: J | AL83: 10 | AM83: N | AN83: Artikel 6 | AO83: 0 | AP83: Aktien | AQ83: Aktien Non Euro/Global | AR83: Aktien Nordamerika
A84: 3612 | B84: Kathrein US Equity EUR hedged | C84: AT0000A3NR63 | D84: 148118208 | E84: 361204 | F84: 3612 | G84: Kathrein US Equity EUR hedged (R) A | H84: A41L24 | I84: KUSEERA | J84: A | K84: Ausschüttung | L84: R | M84: 1.25 | O84: 15.02. | Q84: EUR | R84: 45978 | S84: Raiffeisen Kapitalanlage GmbH | T84: Raiffeisen Bank International AG | U84: 0WSGSW.99999.SL.040 | V84: 32673400 | W84: 01.12. | X84: 30.11. | Z84: P | AA84: N | AB84: D | AC84: Kathrein | AD84: Aktienfonds 100% | AE84: J | AF84: UCITS | AG84: OGAW (PublF §46 iVM §66ff InvFG) | AJ84: t+2 | AK84: J | AL84: 10 | AM84: N | AN84: Artikel 6 | AO84: 3.5 | AP84: Aktien | AQ84: Aktien Non Euro/Global | AR84: Aktien Nordamerika
A85: 3612 | B85: Kathrein US Equity EUR hedged | C85: AT0000A3NR55 | D85: 148118108 | E85: 361204 | F85: 3612 | G85: Kathrein US Equity EUR hedged (R) T | H85: A41L23 | I85: KUSEERT | J85: T | K85: Thesaurierung | L85: R | M85: 1.25 | O85: 15.02. | Q85: EUR | R85: 45978 | S85: Raiffeisen Kapitalanlage GmbH | T85: Raiffeisen Bank International AG | U85: 0WSGSW.99999.SL.040 | V85: 32673400 | W85: 01.12. | X85: 30.11. | Z85: P | AA85: N | AB85: D | AC85: Kathrein | AD85: Aktienfonds 100% | AE85: J | AF85: UCITS | AG85: OGAW (PublF §46 iVM §66ff InvFG) | AJ85: t+2 | AK85: J | AL85: 10 | AM85: N | AN85: Artikel 6 | AO85: 3.5 | AP85: Aktien | AQ85: Aktien Non Euro/Global | AR85: Aktien Nordamerika
A86: 3358 | B86: Kathrein Yield + | C86: AT0000A1H542 | D86: 84445308 | E86: 22029404 | F86: 220294 | G86: Kathrein Yield + (I) T | H86: A143KE | I86: KATYPIT | J86: T | K86: Thesaurierung | L86: I | M86: 0.3 | O86: 15.07. | P86: 30359179 | Q86: EUR | R86: 42339 | S86: Raiffeisen Kapitalanlage GmbH | T86: Raiffeisen Bank International AG | U86: MXT8H1.99999.SL.040 | V86: 8492395 | W86: 01.05. | X86: 30.04. | Y86: 250000 | Z86: G | AA86: N | AB86: Z | AC86: Kathrein | AD86: Rentenfonds | AE86: N | AF86: UCITS | AG86: OGAW (PublF §46 iVM §66ff InvFG) | AI86: 70134656 | AJ86: t+1 | AK86: N | AL86: 8 | AM86: N | AN86: Artikel 6 | AO86: 0 | AP86: Anleihen | AQ86: Anleihen Developed Markets | AR86: Anleihen Euro/Europa - Geldmarktnahe/Kurzläufer
A87: 3358 | B87: Kathrein Yield + | C87: AT0000A05J15 | D87: 42104008 | E87: 22029404 | F87: 220294 | G87: Kathrein Yield + (R) A | H87: A0MWQM | I87: RQGELDA | J87: A | K87: Ausschüttung | L87: R | M87: 0.5 | O87: 15.07. | P87: 3131759 | Q87: EUR | R87: 39265 | S87: Raiffeisen Kapitalanlage GmbH | T87: Raiffeisen Bank International AG | U87: MXT8H1.99999.SL.040 | V87: 8492395 | W87: 01.05. | X87: 30.04. | Z87: P | AA87: N | AB87: Z | AC87: Kathrein | AD87: Rentenfonds | AE87: N | AF87: UCITS | AG87: OGAW (PublF §46 iVM §66ff InvFG) | AI87: 70134656 | AJ87: t+1 | AK87: N | AL87: 8 | AM87: N | AN87: Artikel 6 | AO87: 1.5 | AP87: Anleihen | AQ87: Anleihen Developed Markets | AR87: Anleihen Euro/Europa - Geldmarktnahe/Kurzläufer
A88: 3358 | B88: Kathrein Yield + | C88: AT0000A05J23 | D88: 42106108 | E88: 22029404 | F88: 220294 | G88: Kathrein Yield + (R) T | H88: A0MWQL | I88: RQGELDT | J88: T | K88: Thesaurierung | L88: R | M88: 0.5 | O88: 15.07. | P88: 3131780 | Q88: EUR | R88: 39265 | S88: Raiffeisen Kapitalanlage GmbH | T88: Raiffeisen Bank International AG | U88: MXT8H1.99999.SL.040 | V88: 8492395 | W88: 01.05. | X88: 30.04. | Z88: P | AA88: N | AB88: Z | AC88: Kathrein | AD88: Rentenfonds | AE88: N | AF88: UCITS | AG88: OGAW (PublF §46 iVM §66ff InvFG) | AI88: 70134656 | AJ88: t+1 | AK88: N | AL88: 8 | AM88: N | AN88: Artikel 6 | AO88: 1.5 | AP88: Anleihen | AQ88: Anleihen Developed Markets | AR88: Anleihen Euro/Europa - Geldmarktnahe/Kurzläufer
A89: 164 | B89: Klassik Invest ESG Aktien | C89: AT0000820097 | D89: 301908 | E89: 16404 | F89: 164 | G89: Klassik Invest ESG Aktien (R) T | H89: 921501 | J89: T | K89: Thesaurierung | L89: R | M89: 2 | O89: 15.06. | P89: 802081 | Q89: EUR | R89: 36283 | S89: Raiffeisen Kapitalanlage GmbH | T89: Raiffeisen Bank International AG | U89: JZZ55G.99999.SL.040 | V89: 8266735 | W89: 01.04. | X89: 31.03. | Z89: P | AA89: N | AB89: Z | AC89: Retail | AD89: Aktienfonds 100% | AE89: N | AF89: UCITS | AG89: OGAW (PublF §46 iVM §66ff InvFG) | AI89: 70001027 | AJ89: t+1 | AK89: J | AL89: 10 | AM89: N | AN89: Artikel 8 | AO89: 0 | AP89: Aktien | AQ89: Aktien Non Euro/Global | AR89: Aktien Non Euro/Global
A90: 164 | B90: Klassik Invest ESG Aktien | C90: AT0000A0EX51 | D90: 65917008 | E90: 16404 | F90: 164 | G90: Klassik Invest ESG Aktien (S) T | H90: A0N9U7 | I90: KLSINVZ | J90: T | K90: Thesaurierung | L90: S | O90: 15.06. | P90: 10507950 | Q90: EUR | R90: 40182 | S90: Raiffeisen Kapitalanlage GmbH | T90: Raiffeisen Bank International AG | U90: JZZ55G.99999.SL.040 | V90: 8266735 | W90: 01.04. | X90: 31.03. | Z90: G | AA90: N | AB90: Z | AC90: Retail | AD90: Aktienfonds 100% | AE90: N | AF90: UCITS | AG90: OGAW (PublF §46 iVM §66ff InvFG) | AI90: 70001027 | AJ90: t+1 | AK90: J | AL90: 10 | AM90: N | AN90: Artikel 8 | AO90: 0 | AP90: Aktien | AQ90: Aktien Non Euro/Global | AR90: Aktien Non Euro/Global
A91: 149 | B91: Klassik Nachhaltigkeit Mix | C91: AT0000A32Y62 | D91: 133076908 | E91: 14904 | F91: 149 | G91: Klassik Nachhaltigkeit Mix (I) A | H91: A3D7CR | J91: A | K91: Ausschüttung | L91: I | M91: 0.625 | O91: 10.06. | Q91: EUR | R91: 45019 | S91: Raiffeisen Kapitalanlage GmbH | T91: Raiffeisen Bank International AG | U91: T415MV.99999.SL.040 | V91: 8266514 | W91: 01.04. | X91: 31.03. | Y91: 100000 | Z91: G | AA91: N | AB91: Z | AC91: Retail | AD91: Gemischter Fonds mit Aktienanteil bis zu 70% | AE91: N | AF91: UCITS | AG91: OGAW (PublF §46 iVM §66ff InvFG) | AI91: 70000914 | AJ91: t+1 | AK91: N | AL91: 8 | AM91: N | AN91: Artikel 8 | AO91: 0 | AP91: Sonstige Strategien | AQ91: Mischfonds | AR91: Mischfonds Ertrag
A92: 149 | B92: Klassik Nachhaltigkeit Mix | C92: AT0000961081 | D92: 296008 | E92: 14904 | F92: 149 | G92: Klassik Nachhaltigkeit Mix (R) A | H92: 989220 | J92: A | K92: Ausschüttung | L92: R | M92: 1.25 | O92: 10.06. | P92: 959771 | Q92: EUR | R92: 36070 | S92: Raiffeisen Kapitalanlage GmbH | T92: Raiffeisen Bank International AG | U92: T415MV.99999.SL.040 | V92: 8266514 | W92: 01.04. | X92: 31.03. | Z92: P | AA92: N | AB92: Z | AC92: Retail | AD92: Gemischter Fonds mit Aktienanteil bis zu 70% | AE92: N | AF92: UCITS | AG92: OGAW (PublF §46 iVM §66ff InvFG) | AI92: 70000914 | AJ92: t+1 | AK92: N | AL92: 8 | AM92: N | AN92: Artikel 8 | AO92: 0 | AP92: Sonstige Strategien | AQ92: Mischfonds | AR92: Mischfonds Ertrag
A93: 149 | B93: Klassik Nachhaltigkeit Mix | C93: AT0000961099 | D93: 157608 | E93: 14904 | F93: 149 | G93: Klassik Nachhaltigkeit Mix (R) T | H93: 989221 | J93: T | K93: Thesaurierung | L93: R | M93: 1.25 | O93: 10.06. | P93: 959767 | Q93: EUR | R93: 36070 | S93: Raiffeisen Kapitalanlage GmbH | T93: Raiffeisen Bank International AG | U93: T415MV.99999.SL.040 | V93: 8266514 | W93: 01.04. | X93: 31.03. | Z93: P | AA93: N | AB93: Z | AC93: Retail | AD93: Gemischter Fonds mit Aktienanteil bis zu 70% | AE93: N | AF93: UCITS | AG93: OGAW (PublF §46 iVM §66ff InvFG) | AI93: 70000914 | AJ93: t+1 | AK93: N | AL93: 8 | AM93: N | AN93: Artikel 8 | AO93: 0 | AP93: Sonstige Strategien | AQ93: Mischfonds | AR93: Mischfonds Ertrag
A94: 149 | B94: Klassik Nachhaltigkeit Mix | C94: AT0000A1TRV8 | D94: 88445508 | E94: 14904 | F94: 149 | G94: Klassik Nachhaltigkeit Mix (RZ) A | H94: A2DKS1 | J94: A | K94: Ausschüttung | L94: RZ | M94: 0.625 | O94: 10.06. | P94: 35580305 | Q94: EUR | R94: 42795 | S94: Raiffeisen Kapitalanlage GmbH | T94: Raiffeisen Bank International AG | U94: T415MV.99999.SL.040 | V94: 8266514 | W94: 01.04. | X94: 31.03. | Z94: P | AA94: N | AB94: Z | AC94: Retail | AD94: Gemischter Fonds mit Aktienanteil bis zu 70% | AE94: N | AF94: UCITS | AG94: OGAW (PublF §46 iVM §66ff InvFG) | AI94: 70000914 | AJ94: t+1 | AK94: N | AL94: 8 | AM94: N | AN94: Artikel 8 | AO94: 0 | AP94: Sonstige Strategien | AQ94: Mischfonds | AR94: Mischfonds Ertrag
A95: 149 | B95: Klassik Nachhaltigkeit Mix | C95: AT0000A1TRU0 | D95: 88445608 | E95: 14904 | F95: 149 | G95: Klassik Nachhaltigkeit Mix (RZ) T | H95: A2DKS0 | J95: T | K95: Thesaurierung | L95: RZ | M95: 0.625 | O95: 10.06. | P95: 35580296 | Q95: EUR | R95: 42795 | S95: Raiffeisen Kapitalanlage GmbH | T95: Raiffeisen Bank International AG | U95: T415MV.99999.SL.040 | V95: 8266514 | W95: 01.04. | X95: 31.03. | Z95: P | AA95: N | AB95: Z | AC95: Retail | AD95: Gemischter Fonds mit Aktienanteil bis zu 70% | AE95: N | AF95: UCITS | AG95: OGAW (PublF §46 iVM §66ff InvFG) | AI95: 70000914 | AJ95: t+1 | AK95: N | AL95: 8 | AM95: N | AN95: Artikel 8 | AO95: 0 | AP95: Sonstige Strategien | AQ95: Mischfonds | AR95: Mischfonds Ertrag
A96: 3232 | B96: Liquid Euro Corporate Bond Fund | C96: AT0000A0T796 | D96: 72875208 | E96: 320970704 | F96: 3209707 | G96: Liquid Euro Corporate Bond Fund VTI | H96: A1JR2U | I96: RLIQECB | J96: W | K96: Vollthesaurierer Österreich | M96: 0.17 | O96: 15.03. | P96: 14618597 | Q96: EUR | R96: 40924 | S96: Raiffeisen Kapitalanlage GmbH | T96: Raiffeisen Bank International AG | U96: I754F4.99999.SL.040 | V96: 11244356 | W96: 01.01. | X96: 31.12. | Z96: S | AA96: N | AB96: Z | AC96: IKÖ | AD96: Rentenfonds | AE96: N | AF96: AIF | AG96: AIF (Spezialfonds §163 iVM InvFG) | AJ96: t+1 | AK96: J | AM96: N | AN96: Artikel 8 | AO96: 5 | AP96: Anleihen | AQ96: Unternehmensanleihen | AR96: Unternehmensanleihen IG EUR
A97: 3368 | B97: NDR Active Allocation - Kathrein Fund | C97: AT0000A1DJX5 | D97: 83390208 | E97: 324884204 | F97: 3248842 | G97: NDR Active Allocation - Kathrein Fund (I) T | H97: A14QDT | J97: T | K97: Thesaurierung | L97: I | M97: 0.75 | O97: 15.02. | P97: 27494342 | Q97: EUR | R97: 42156 | S97: Raiffeisen Kapitalanlage GmbH | T97: Raiffeisen Bank International AG | U97: T1ZXZ1.99999.SL.040 | V97: 18293484 | W97: 01.12. | X97: 30.11. | Y97: 250000 | Z97: G | AA97: N | AB97: D | AC97: Kathrein | AD97: Gemischter Fonds mit Aktienanteil bis 100% | AE97: J | AF97: UCITS | AG97: OGAW (PublF §46 iVM §66ff InvFG) | AI97: 70146354 | AJ97: t+2 | AK97: N | AL97: 10 | AM97: N | AN97: Artikel 6 | AO97: 0 | AP97: Sonstige Strategien | AQ97: Mischfonds | AR97: Mischfonds
A98: 3368 | B98: NDR Active Allocation - Kathrein Fund | C98: AT0000A1DJW7 | D98: 83390008 | E98: 324884204 | F98: 3248842 | G98: NDR Active Allocation - Kathrein Fund (R) A | H98: A14QDS | J98: A | K98: Ausschüttung | L98: R | M98: 1.25 | O98: 15.02. | P98: 27494053 | Q98: EUR | R98: 42156 | S98: Raiffeisen Kapitalanlage GmbH | T98: Raiffeisen Bank International AG | U98: T1ZXZ1.99999.SL.040 | V98: 18293484 | W98: 01.12. | X98: 30.11. | Z98: P | AA98: N | AB98: D | AC98: Kathrein | AD98: Gemischter Fonds mit Aktienanteil bis 100% | AE98: J | AF98: UCITS | AG98: OGAW (PublF §46 iVM §66ff InvFG) | AI98: 70146354 | AJ98: t+2 | AK98: N | AL98: 10 | AM98: N | AN98: Artikel 6 | AO98: 5 | AP98: Sonstige Strategien | AQ98: Mischfonds | AR98: Mischfonds
A99: 3368 | B99: NDR Active Allocation - Kathrein Fund | C99: AT0000A1DJV9 | D99: 83390108 | E99: 324884204 | F99: 3248842 | G99: NDR Active Allocation - Kathrein Fund (R) T | H99: A14QDR | J99: T | K99: Thesaurierung | L99: R | M99: 1.25 | O99: 15.02. | P99: 27491207 | Q99: EUR | R99: 42156 | S99: Raiffeisen Kapitalanlage GmbH | T99: Raiffeisen Bank International AG | U99: T1ZXZ1.99999.SL.040 | V99: 18293484 | W99: 01.12. | X99: 30.11. | Z99: P | AA99: N | AB99: D | AC99: Kathrein | AD99: Gemischter Fonds mit Aktienanteil bis 100% | AE99: J | AF99: UCITS | AG99: OGAW (PublF §46 iVM §66ff InvFG) | AI99: 70146354 | AJ99: t+2 | AK99: N | AL99: 10 | AM99: N | AN99: Artikel 6 | AO99: 5 | AP99: Sonstige Strategien | AQ99: Mischfonds | AR99: Mischfonds
A100: 3368 | B100: NDR Active Allocation - Kathrein Fund | C100: AT0000A1DJY3 | D100: 83390308 | E100: 324884204 | F100: 3248842 | G100: NDR Active Allocation - Kathrein Fund (S) T | H100: A14QDU | I100: NDRAASR | J100: T | K100: Thesaurierung | L100: S | M100: 0.45 | O100: 15.02. | P100: 27499578 | Q100: EUR | R100: 42156 | S100: Raiffeisen Kapitalanlage GmbH | T100: Raiffeisen Bank International AG | U100: T1ZXZ1.99999.SL.040 | V100: 18293484 | W100: 01.12. | X100: 30.11. | Y100: 750000 | Z100: P | AA100: N | AB100: D | AC100: Kathrein | AD100: Gemischter Fonds mit Aktienanteil bis 100% | AE100: J | AF100: UCITS | AG100: OGAW (PublF §46 iVM §66ff InvFG) | AI100: 70146354 | AJ100: t+2 | AK100: N | AL100: 10 | AM100: N | AN100: Artikel 6 | AO100: 0 | AP100: Sonstige Strategien | AQ100: Mischfonds | AR100: Mischfonds
...

Sheet reg
A1: XentisNr. / Fondsname Externe Referenz original | B1: XentisNr. / Fondsname Instrument 1 akt Name lang | C1: aufgelöst am | D1: ISIN / Tranchenname ISIN | E1: ISIN / Tranchenname Instrument 1 akt Name lang | F1: BAFIN GZ ID | G1: lokaler Name | H1: Vertriebsland / ISO-Code NAME | I1: Vertriebsland / ISO-Code Iso Code | J1: Fondsverantwortung | K1: Registrierung | L1: Deregistrierung | M1: Emittent (KAG) | N1: in lista? | Q1: in lista?
A2: 3474 | B2: CONVERTINVEST A.R.S. Fund | C2: 45946 | D2: AT0000A2KUE5 | E2: CONVERTINVEST A.R.S. Fund (R) A | G2: CONVERTINVEST A.R.S. Fund (R) A | H2: Italia | I2: IT | J2: IKÖ | K2: 44186 | L2: 45946 | M2: Raiffeisen Kapitalanlage GmbH | N2: =_xlfn.XLOOKUP(_Visualisierung_1_1778072460684[[#This Row],[ISIN / Tranchenname ISIN]],'doc legali'!A:A,'doc legali'!B:B,"no",0) -> no | Q2: =_xlfn.XLOOKUP(_Visualisierung_1_1778072460684[[#This Row],[ISIN / Tranchenname ISIN]],'doc legali'!D:D,'doc legali'!E:E,"no",0) -> no
A3: 3474 | B3: CONVERTINVEST A.R.S. Fund | C3: 45946 | D3: AT0000A2KUH8 | E3: CONVERTINVEST A.R.S. Fund (S) VTA | G3: CONVERTINVEST A.R.S. Fund (S) VTA | H3: Italia | I3: IT | J3: IKÖ | K3: 44186 | L3: 45946 | M3: Raiffeisen Kapitalanlage GmbH | N3: =_xlfn.XLOOKUP(_Visualisierung_1_1778072460684[[#This Row],[ISIN / Tranchenname ISIN]],'doc legali'!A:A,'doc legali'!B:B,"no",0) -> no | Q3: =_xlfn.XLOOKUP(_Visualisierung_1_1778072460684[[#This Row],[ISIN / Tranchenname ISIN]],'doc legali'!D:D,'doc legali'!E:E,"no",0) -> no
A4: 3223 | B4: CONVERTINVEST All Cap Investment Grade | D4: AT0000A0RFV9 | E4: CONVERTINVEST All Cap Investment Grade (I) VTA | F4: 70135333 | G4: CONVERTINVEST All Cap Investment Grade (I) VTA | H4: Italia | I4: IT | J4: IKÖ | K4: 42284 | M4: Raiffeisen Kapitalanlage GmbH | N4: =_xlfn.XLOOKUP(_Visualisierung_1_1778072460684[[#This Row],[ISIN / Tranchenname ISIN]],'doc legali'!A:A,'doc legali'!B:B,"no",0) -> no | Q4: =_xlfn.XLOOKUP(_Visualisierung_1_1778072460684[[#This Row],[ISIN / Tranchenname ISIN]],'doc legali'!D:D,'doc legali'!E:E,"no",0) -> no
A5: 3223 | B5: CONVERTINVEST All Cap Investment Grade | D5: AT0000A21LL5 | E5: CONVERTINVEST All Cap Investment Grade (R) VTA | F5: 70135333 | G5: CONVERTINVEST All Cap Investment Grade (R) VTA | H5: Italia | I5: IT | J5: IKÖ | K5: 43283 | M5: Raiffeisen Kapitalanlage GmbH | N5: =_xlfn.XLOOKUP(_Visualisierung_1_1778072460684[[#This Row],[ISIN / Tranchenname ISIN]],'doc legali'!A:A,'doc legali'!B:B,"no",0) -> CONVERTINVEST All Cap Investment Grade (R) VTA | Q5: =_xlfn.XLOOKUP(_Visualisierung_1_1778072460684[[#This Row],[ISIN / Tranchenname ISIN]],'doc legali'!D:D,'doc legali'!E:E,"no",0) -> no
A6: 3223 | B6: CONVERTINVEST All Cap Investment Grade | D6: AT0000A09016 | E6: CONVERTINVEST All Cap Investment Grade (S) VTA | F6: 70135333 | G6: CONVERTINVEST All Cap Investment Grade (S) VTA | H6: Italia | I6: IT | J6: IKÖ | K6: 42284 | M6: Raiffeisen Kapitalanlage GmbH | N6: =_xlfn.XLOOKUP(_Visualisierung_1_1778072460684[[#This Row],[ISIN / Tranchenname ISIN]],'doc legali'!A:A,'doc legali'!B:B,"no",0) -> CONVERTINVEST All Cap Investment Grade (S) VTA | Q6: =_xlfn.XLOOKUP(_Visualisierung_1_1778072460684[[#This Row],[ISIN / Tranchenname ISIN]],'doc legali'!D:D,'doc legali'!E:E,"no",0) -> no
A7: 3223 | B7: CONVERTINVEST All Cap Investment Grade | D7: AT0000A0RFT3 | E7: CONVERTINVEST All-Cap Convertibles Fund (I) A | F7: 70135333 | G7: CONVERTINVEST All-Cap Convertibles Fund (I) A | H7: Italia | I7: IT | J7: IKÖ | K7: 43049 | L7: 45504 | M7: Raiffeisen Kapitalanlage GmbH | N7: =_xlfn.XLOOKUP(_Visualisierung_1_1778072460684[[#This Row],[ISIN / Tranchenname ISIN]],'doc legali'!A:A,'doc legali'!B:B,"no",0) -> no | Q7: =_xlfn.XLOOKUP(_Visualisierung_1_1778072460684[[#This Row],[ISIN / Tranchenname ISIN]],'doc legali'!D:D,'doc legali'!E:E,"no",0) -> no
A8: 343 | B8: Dachfonds Südtirol | D8: AT0000707096 | E8: Dachfonds Südtirol (I) VTA | G8: Dachfonds Südtirol (I) VTA | H8: Italia | I8: IT | J8: Italien | K8: 42809 | M8: Raiffeisen Kapitalanlage GmbH | N8: =_xlfn.XLOOKUP(_Visualisierung_1_1778072460684[[#This Row],[ISIN / Tranchenname ISIN]],'doc legali'!A:A,'doc legali'!B:B,"no",0) -> no | Q8: =_xlfn.XLOOKUP(_Visualisierung_1_1778072460684[[#This Row],[ISIN / Tranchenname ISIN]],'doc legali'!D:D,'doc legali'!E:E,"no",0) -> no
A9: 343 | B9: Dachfonds Südtirol | D9: AT0000A0KR10 | E9: Dachfonds Südtirol (R) VTA | G9: Dachfonds Südtirol (R) VTA | H9: Italia | I9: IT | J9: Italien | K9: 40595 | M9: Raiffeisen Kapitalanlage GmbH | N9: =_xlfn.XLOOKUP(_Visualisierung_1_1778072460684[[#This Row],[ISIN / Tranchenname ISIN]],'doc legali'!A:A,'doc legali'!B:B,"no",0) -> Dachfonds Südtirol (R) VTA | Q9: =_xlfn.XLOOKUP(_Visualisierung_1_1778072460684[[#This Row],[ISIN / Tranchenname ISIN]],'doc legali'!D:D,'doc legali'!E:E,"no",0) -> no
A10: 343 | B10: Dachfonds Südtirol | D10: AT0000A1AD33 | E10: Dachfonds Südtirol (S) A | G10: Dachfonds Südtirol (S) A | H10: Italia | I10: IT | J10: Italien | K10: 42037 | M10: Raiffeisen Kapitalanlage GmbH | N10: =_xlfn.XLOOKUP(_Visualisierung_1_1778072460684[[#This Row],[ISIN / Tranchenname ISIN]],'doc legali'!A:A,'doc legali'!B:B,"no",0) -> Dachfonds Südtirol (S) A | Q10: =_xlfn.XLOOKUP(_Visualisierung_1_1778072460684[[#This Row],[ISIN / Tranchenname ISIN]],'doc legali'!D:D,'doc legali'!E:E,"no",0) -> no
A11: 691 | B11: Fondo Garantito Raiffeisen TopSelection | C11: 41584 | D11: AT0000A014J4 | E11: Fondo Garantito Raiffeisen TopSelection | G11: Fondo Garantito Raiffeisen TopSelection | H11: Italia | I11: IT | J11: Retail | K11: 39028 | L11: 41584 | M11: Raiffeisen Kapitalanlage GmbH | N11: =_xlfn.XLOOKUP(_Visualisierung_1_1778072460684[[#This Row],[ISIN / Tranchenname ISIN]],'doc legali'!A:A,'doc legali'!B:B,"no",0) -> no | Q11: =_xlfn.XLOOKUP(_Visualisierung_1_1778072460684[[#This Row],[ISIN / Tranchenname ISIN]],'doc legali'!D:D,'doc legali'!E:E,"no",0) -> no
A12: 691 | B12: Fondo Garantito Raiffeisen TopSelection | C12: 41584 | D12: AT0000A014G0 | E12: Fondo Garantito Raiffeisen TopSelection | G12: Fondo Garantito Raiffeisen TopSelection | H12: Italia | I12: IT | J12: Retail | K12: 39028 | L12: 41584 | M12: Raiffeisen Kapitalanlage GmbH | N12: =_xlfn.XLOOKUP(_Visualisierung_1_1778072460684[[#This Row],[ISIN / Tranchenname ISIN]],'doc legali'!A:A,'doc legali'!B:B,"no",0) -> no | Q12: =_xlfn.XLOOKUP(_Visualisierung_1_1778072460684[[#This Row],[ISIN / Tranchenname ISIN]],'doc legali'!D:D,'doc legali'!E:E,"no",0) -> no
A13: 3527 | B13: Index-Selection-Equity | D13: AT0000A3B1H3 | E13: Index-Selection-Equity (R) VTA | G13: Index-Selection-Equity (R) VTA | H13: Italia | I13: IT | J13: Retail | K13: 45449 | M13: Raiffeisen Kapitalanlage GmbH | N13: =_xlfn.XLOOKUP(_Visualisierung_1_1778072460684[[#This Row],[ISIN / Tranchenname ISIN]],'doc legali'!A:A,'doc legali'!B:B,"no",0) -> Index-Selection-Equity (R) VTA | Q13: =_xlfn.XLOOKUP(_Visualisierung_1_1778072460684[[#This Row],[ISIN / Tranchenname ISIN]],'doc legali'!D:D,'doc legali'!E:E,"no",0) -> no
A14: 137 | B14: R 305 - Non-Euro Equities | C14: 43531 | D14: AT0000607288 | E14: R 305 - Non-Euro Equities VTA | G14: Raiffeisen 305 - Non-Euro Equities VTA | H14: Italia | I14: IT | J14: Kundenbetreuung | K14: 36892 | L14: 43531 | M14: Raiffeisen Kapitalanlage GmbH | N14: =_xlfn.XLOOKUP(_Visualisierung_1_1778072460684[[#This Row],[ISIN / Tranchenname ISIN]],'doc legali'!A:A,'doc legali'!B:B,"no",0) -> no | Q14: =_xlfn.XLOOKUP(_Visualisierung_1_1778072460684[[#This Row],[ISIN / Tranchenname ISIN]],'doc legali'!D:D,'doc legali'!E:E,"no",0) -> no
A15: 160 | B15: R 308 - Euro-Equities | C15: 44180 | D15: AT0000607296 | E15: R 308 - Euro-Equities | H15: Italia | I15: IT | J15: Kundenbetreuung | K15: 36892 | L15: 40633 | M15: Raiffeisen Kapitalanlage GmbH | N15: =_xlfn.XLOOKUP(_Visualisierung_1_1778072460684[[#This Row],[ISIN / Tranchenname ISIN]],'doc legali'!A:A,'doc legali'!B:B,"no",0) -> no | Q15: =_xlfn.XLOOKUP(_Visualisierung_1_1778072460684[[#This Row],[ISIN / Tranchenname ISIN]],'doc legali'!D:D,'doc legali'!E:E,"no",0) -> no
A16: 160 | B16: R 308 - Euro-Equities | C16: 44180 | D16: AT0000789276 | E16: R 308 - Euro-Equities A | G16: Raiffeisen 308 - Euro Equities A | H16: Italia | I16: IT | J16: Kundenbetreuung | K16: 36892 | L16: 44180 | M16: Raiffeisen Kapitalanlage GmbH | N16: =_xlfn.XLOOKUP(_Visualisierung_1_1778072460684[[#This Row],[ISIN / Tranchenname ISIN]],'doc legali'!A:A,'doc legali'!B:B,"no",0) -> no | Q16: =_xlfn.XLOOKUP(_Visualisierung_1_1778072460684[[#This Row],[ISIN / Tranchenname ISIN]],'doc legali'!D:D,'doc legali'!E:E,"no",0) -> no
A17: 396 | B17: R 311 | C17: 41059 | D17: AT0000617147 | E17: R 311 | H17: Italia | I17: IT | J17: RIFA | K17: 36892 | L17: 40998 | M17: Raiffeisen Kapitalanlage GmbH | N17: =_xlfn.XLOOKUP(_Visualisierung_1_1778072460684[[#This Row],[ISIN / Tranchenname ISIN]],'doc legali'!A:A,'doc legali'!B:B,"no",0) -> no | Q17: =_xlfn.XLOOKUP(_Visualisierung_1_1778072460684[[#This Row],[ISIN / Tranchenname ISIN]],'doc legali'!D:D,'doc legali'!E:E,"no",0) -> no
A18: 3377 | B18: R 355 | C18: 43229 | D18: AT0000A1G379 | E18: R 355 VTA | G18: R 355 VTA | H18: Italia | I18: IT | J18: Italien | K18: 42271 | L18: 43229 | M18: Raiffeisen Kapitalanlage GmbH | N18: =_xlfn.XLOOKUP(_Visualisierung_1_1778072460684[[#This Row],[ISIN / Tranchenname ISIN]],'doc legali'!A:A,'doc legali'!B:B,"no",0) -> no | Q18: =_xlfn.XLOOKUP(_Visualisierung_1_1778072460684[[#This Row],[ISIN / Tranchenname ISIN]],'doc legali'!D:D,'doc legali'!E:E,"no",0) -> no
A19: 155 | B19: R 88-Fonds | C19: 41555 | D19: AT0000654892 | E19: R 88-Fonds VTA | H19: Italia | I19: IT | J19: RIFA Ö | K19: 37923 | L19: 41555 | M19: Raiffeisen Kapitalanlage GmbH | N19: =_xlfn.XLOOKUP(_Visualisierung_1_1778072460684[[#This Row],[ISIN / Tranchenname ISIN]],'doc legali'!A:A,'doc legali'!B:B,"no",0) -> no | Q19: =_xlfn.XLOOKUP(_Visualisierung_1_1778072460684[[#This Row],[ISIN / Tranchenname ISIN]],'doc legali'!D:D,'doc legali'!E:E,"no",0) -> no
A20: 3384 | B20: R-Südtirol | D20: AT0000A1HG17 | E20: R-Südtirol A | G20: R-Südtirol A | H20: Italia | I20: IT | J20: Italien | K20: 42353 | M20: Raiffeisen Kapitalanlage GmbH | N20: =_xlfn.XLOOKUP(_Visualisierung_1_1778072460684[[#This Row],[ISIN / Tranchenname ISIN]],'doc legali'!A:A,'doc legali'!B:B,"no",0) -> no | Q20: =_xlfn.XLOOKUP(_Visualisierung_1_1778072460684[[#This Row],[ISIN / Tranchenname ISIN]],'doc legali'!D:D,'doc legali'!E:E,"no",0) -> no
A21: 342 | B21: Raiffeisen 304 - Euro Corporates - ESG | D21: AT0000607270 | E21: Raiffeisen 304 - Euro Corporates - ESG (I) VTA | F21: 70141979 | G21: Raiffeisen 304 - ESG - Euro Corporates (I) VTA | H21: Italia | I21: IT | J21: Kundenbetreuung | K21: 36892 | M21: Raiffeisen Kapitalanlage GmbH | N21: =_xlfn.XLOOKUP(_Visualisierung_1_1778072460684[[#This Row],[ISIN / Tranchenname ISIN]],'doc legali'!A:A,'doc legali'!B:B,"no",0) -> no | Q21: =_xlfn.XLOOKUP(_Visualisierung_1_1778072460684[[#This Row],[ISIN / Tranchenname ISIN]],'doc legali'!D:D,'doc legali'!E:E,"no",0) -> no
A22: 323 | B22: Raiffeisen 310 - CEE Bonds | C22: 40016 | D22: AT0000607338 | E22: Raiffeisen 310 - CEE Bonds | H22: Italia | I22: IT | J22: IKÖ-alt | K22: 38384 | L22: 40016 | M22: Raiffeisen Kapitalanlage GmbH | N22: =_xlfn.XLOOKUP(_Visualisierung_1_1778072460684[[#This Row],[ISIN / Tranchenname ISIN]],'doc legali'!A:A,'doc legali'!B:B,"no",0) -> no | Q22: =_xlfn.XLOOKUP(_Visualisierung_1_1778072460684[[#This Row],[ISIN / Tranchenname ISIN]],'doc legali'!D:D,'doc legali'!E:E,"no",0) -> no
A23: 437 | B23: Raiffeisen 313 - Euro Bonds Trend Follower | C23: 43220 | D23: AT0000607304 | E23: Raiffeisen 313 - Euro Bonds Trend Follower VTA | F23: 70142070 | G23: Raiffeisen 313 - Euro Trend Follower VTA | H23: Italia | I23: IT | J23: Kundenbetreuung | K23: 36892 | L23: 43220 | M23: Raiffeisen Kapitalanlage GmbH | N23: =_xlfn.XLOOKUP(_Visualisierung_1_1778072460684[[#This Row],[ISIN / Tranchenname ISIN]],'doc legali'!A:A,'doc legali'!B:B,"no",0) -> no | Q23: =_xlfn.XLOOKUP(_Visualisierung_1_1778072460684[[#This Row],[ISIN / Tranchenname ISIN]],'doc legali'!D:D,'doc legali'!E:E,"no",0) -> no
A24: 447 | B24: Raiffeisen 314 - Euro Inflation Linked - ESG | C24: 46037 | D24: AT0000607312 | E24: Raiffeisen 314 - Euro Inflation Linked - ESG VTA | F24: 70141986 | G24: Raiffeisen 314 - ESG - Euro Inflation Linked VTA | H24: Italia | I24: IT | J24: Kundenbetreuung | K24: 36892 | L24: 46037 | M24: Raiffeisen Kapitalanlage GmbH | N24: =_xlfn.XLOOKUP(_Visualisierung_1_1778072460684[[#This Row],[ISIN / Tranchenname ISIN]],'doc legali'!A:A,'doc legali'!B:B,"no",0) -> no | Q24: =_xlfn.XLOOKUP(_Visualisierung_1_1778072460684[[#This Row],[ISIN / Tranchenname ISIN]],'doc legali'!D:D,'doc legali'!E:E,"no",0) -> no
A25: 658 | B25: Raiffeisen 322 - Euro Alpha Duration | C25: 42033 | D25: AT0000A03G36 | E25: Raiffeisen 322 - Euro Alpha Duration | H25: Italia | I25: IT | J25: RIFA | K25: 39430 | L25: 42033 | M25: Raiffeisen Kapitalanlage GmbH | N25: =_xlfn.XLOOKUP(_Visualisierung_1_1778072460684[[#This Row],[ISIN / Tranchenname ISIN]],'doc legali'!A:A,'doc legali'!B:B,"no",0) -> no | Q25: =_xlfn.XLOOKUP(_Visualisierung_1_1778072460684[[#This Row],[ISIN / Tranchenname ISIN]],'doc legali'!D:D,'doc legali'!E:E,"no",0) -> no
A26: 3084 | B26: Raiffeisen 323 - Euro VA Trend Follower | C26: 40884 | D26: AT0000A0B5M7 | E26: Raiffeisen 323 - Euro VA Trend Follower V | H26: Italia | I26: IT | J26: IKÖ-alt | K26: 40234 | L26: 40884 | M26: Raiffeisen Kapitalanlage GmbH | N26: =_xlfn.XLOOKUP(_Visualisierung_1_1778072460684[[#This Row],[ISIN / Tranchenname ISIN]],'doc legali'!A:A,'doc legali'!B:B,"no",0) -> no | Q26: =_xlfn.XLOOKUP(_Visualisierung_1_1778072460684[[#This Row],[ISIN / Tranchenname ISIN]],'doc legali'!D:D,'doc legali'!E:E,"no",0) -> no
A27: 696 | B27: Raiffeisen 325 - FX Alpha | C27: 39748 | D27: AT0000A039B8 | E27: Raiffeisen 325 - FX Alpha | H27: Italia | I27: IT | J27: IKÖ-alt | K27: 39342 | L27: 39748 | M27: Raiffeisen Kapitalanlage GmbH | N27: =_xlfn.XLOOKUP(_Visualisierung_1_1778072460684[[#This Row],[ISIN / Tranchenname ISIN]],'doc legali'!A:A,'doc legali'!B:B,"no",0) -> no | Q27: =_xlfn.XLOOKUP(_Visualisierung_1_1778072460684[[#This Row],[ISIN / Tranchenname ISIN]],'doc legali'!D:D,'doc legali'!E:E,"no",0) -> no
A28: 213 | B28: Raiffeisen 326 - Asset Allocation Alpha | C28: 39903 | D28: AT0000A03HX6 | E28: Raiffeisen 326 - Asset Allocation Alpha | H28: Italia | I28: IT | J28: IKÖ-alt | K28: 39342 | L28: 39898 | M28: Raiffeisen Kapitalanlage GmbH | N28: =_xlfn.XLOOKUP(_Visualisierung_1_1778072460684[[#This Row],[ISIN / Tranchenname ISIN]],'doc legali'!A:A,'doc legali'!B:B,"no",0) -> no | Q28: =_xlfn.XLOOKUP(_Visualisierung_1_1778072460684[[#This Row],[ISIN / Tranchenname ISIN]],'doc legali'!D:D,'doc legali'!E:E,"no",0) -> no
A29: 3048 | B29: Raiffeisen 336 - GTAA Overlay | C29: 42123 | D29: AT0000A07YP8 | E29: Raiffeisen 336 - GTAA Overlay (I) | H29: Italia | I29: IT | J29: RIFA | K29: 39769 | L29: 42123 | M29: Raiffeisen Kapitalanlage GmbH | N29: =_xlfn.XLOOKUP(_Visualisierung_1_1778072460684[[#This Row],[ISIN / Tranchenname ISIN]],'doc legali'!A:A,'doc legali'!B:B,"no",0) -> no | Q29: =_xlfn.XLOOKUP(_Visualisierung_1_1778072460684[[#This Row],[ISIN / Tranchenname ISIN]],'doc legali'!D:D,'doc legali'!E:E,"no",0) -> no
A30: 3048 | B30: Raiffeisen 336 - GTAA Overlay | C30: 42123 | D30: AT0000A0CU07 | E30: Raiffeisen 336 - GTAA Overlay (R) | H30: Italia | I30: IT | J30: RIFA | K30: 39925 | L30: 42123 | M30: Raiffeisen Kapitalanlage GmbH | N30: =_xlfn.XLOOKUP(_Visualisierung_1_1778072460684[[#This Row],[ISIN / Tranchenname ISIN]],'doc legali'!A:A,'doc legali'!B:B,"no",0) -> no | Q30: =_xlfn.XLOOKUP(_Visualisierung_1_1778072460684[[#This Row],[ISIN / Tranchenname ISIN]],'doc legali'!D:D,'doc legali'!E:E,"no",0) -> no
A31: 3032 | B31: Raiffeisen 902 Sustainable Euro Gov. Bonds II | C31: 45204 | D31: AT0000A06QF7 | E31: Raiffeisen 902 Sustainable Euro Gov. Bonds II VTA | F31: 70141983 | G31: Raiffeisen 902 Sustainable Euro Gov. Bonds II VTA | H31: Italia | I31: IT | J31: Kundenbetreuung | K31: 39477 | L31: 45204 | M31: Raiffeisen Kapitalanlage GmbH | N31: =_xlfn.XLOOKUP(_Visualisierung_1_1778072460684[[#This Row],[ISIN / Tranchenname ISIN]],'doc legali'!A:A,'doc legali'!B:B,"no",0) -> no | Q31: =_xlfn.XLOOKUP(_Visualisierung_1_1778072460684[[#This Row],[ISIN / Tranchenname ISIN]],'doc legali'!D:D,'doc legali'!E:E,"no",0) -> no
A32: 3057 | B32: Raiffeisen 904 - Treasury Alpha | C32: 41213 | D32: AT0000A09172 | E32: Raiffeisen 904 - Treasury Alpha (I) | H32: Italia | I32: IT | J32: RIFA | K32: 39609 | L32: 41213 | M32: Raiffeisen Kapitalanlage GmbH | N32: =_xlfn.XLOOKUP(_Visualisierung_1_1778072460684[[#This Row],[ISIN / Tranchenname ISIN]],'doc legali'!A:A,'doc legali'!B:B,"no",0) -> no | Q32: =_xlfn.XLOOKUP(_Visualisierung_1_1778072460684[[#This Row],[ISIN / Tranchenname ISIN]],'doc legali'!D:D,'doc legali'!E:E,"no",0) -> no
A33: 3057 | B33: Raiffeisen 904 - Treasury Alpha | C33: 41213 | D33: AT0000A0CTY6 | E33: Raiffeisen 904 - Treasury Alpha (R) | H33: Italia | I33: IT | J33: RIFA | K33: 39925 | L33: 41213 | M33: Raiffeisen Kapitalanlage GmbH | N33: =_xlfn.XLOOKUP(_Visualisierung_1_1778072460684[[#This Row],[ISIN / Tranchenname ISIN]],'doc legali'!A:A,'doc legali'!B:B,"no",0) -> no | Q33: =_xlfn.XLOOKUP(_Visualisierung_1_1778072460684[[#This Row],[ISIN / Tranchenname ISIN]],'doc legali'!D:D,'doc legali'!E:E,"no",0) -> no
A34: 638 | B34: Raiffeisen A.R. Global Balanced | C34: 42123 | D34: AT0000500897 | E34: Raiffeisen A.R. Global Balanced | H34: Italia | I34: IT | J34: RIFA | K34: 38994 | L34: 42123 | M34: Raiffeisen Kapitalanlage GmbH | N34: =_xlfn.XLOOKUP(_Visualisierung_1_1778072460684[[#This Row],[ISIN / Tranchenname ISIN]],'doc legali'!A:A,'doc legali'!B:B,"no",0) -> no | Q34: =_xlfn.XLOOKUP(_Visualisierung_1_1778072460684[[#This Row],[ISIN / Tranchenname ISIN]],'doc legali'!D:D,'doc legali'!E:E,"no",0) -> no
A35: 3141 | B35: Raiffeisen Active Commodities | D35: AT0000A3L7L0 | E35: Raiffeisen Active Commodities (I) VTA | G35: Raiffeisen Active Commodities (I) VTA | H35: Italia | I35: IT | J35: Retail | K35: 45852 | M35: Raiffeisen Kapitalanlage GmbH | N35: =_xlfn.XLOOKUP(_Visualisierung_1_1778072460684[[#This Row],[ISIN / Tranchenname ISIN]],'doc legali'!A:A,'doc legali'!B:B,"no",0) -> no | Q35: =_xlfn.XLOOKUP(_Visualisierung_1_1778072460684[[#This Row],[ISIN / Tranchenname ISIN]],'doc legali'!D:D,'doc legali'!E:E,"no",0) -> no
A36: 3141 | B36: Raiffeisen Active Commodities | D36: AT0000A0H0S9 | E36: Raiffeisen Active Commodities (R) VTA | G36: Raiffeisen Active Commodities (R) VTA | H36: Italia | I36: IT | J36: Retail | K36: 40299 | M36: Raiffeisen Kapitalanlage GmbH | N36: =_xlfn.XLOOKUP(_Visualisierung_1_1778072460684[[#This Row],[ISIN / Tranchenname ISIN]],'doc legali'!A:A,'doc legali'!B:B,"no",0) -> Raiffeisen-Active-Commodities (R) VTA | Q36: =_xlfn.XLOOKUP(_Visualisierung_1_1778072460684[[#This Row],[ISIN / Tranchenname ISIN]],'doc legali'!D:D,'doc legali'!E:E,"no",0) -> no
A37: 295 | B37: Raiffeisen Azionario Asia Opportunities-ESG | D37: AT0000A0EYC8 | E37: Raiffeisen Azionario Asia Opportunities-ESG (I) VTA | F37: 70001304 | G37: Raiffeisen Azionario Asia Opportunities-ESG (I) VTA | H37: Italia | I37: IT | J37: Retail | K37: 40182 | M37: Raiffeisen Kapitalanlage GmbH | N37: =_xlfn.XLOOKUP(_Visualisierung_1_1778072460684[[#This Row],[ISIN / Tranchenname ISIN]],'doc legali'!A:A,'doc legali'!B:B,"no",0) -> no | Q37: =_xlfn.XLOOKUP(_Visualisierung_1_1778072460684[[#This Row],[ISIN / Tranchenname ISIN]],'doc legali'!D:D,'doc legali'!E:E,"no",0) -> no
A38: 295 | B38: Raiffeisen Azionario Asia Opportunities-ESG | D38: AT0000745872 | E38: Raiffeisen Azionario Asia Opportunities-ESG (R) VTA | F38: 70001304 | G38: Raiffeisen Azionario Asia Opportunities-ESG (R) VTA | H38: Italia | I38: IT | J38: Retail | K38: 36780 | M38: Raiffeisen Kapitalanlage GmbH | N38: =_xlfn.XLOOKUP(_Visualisierung_1_1778072460684[[#This Row],[ISIN / Tranchenname ISIN]],'doc legali'!A:A,'doc legali'!B:B,"no",0) -> Raiffeisen-Asia-Opportunities-ESG-Aktien (R) VTA | Q38: =_xlfn.XLOOKUP(_Visualisierung_1_1778072460684[[#This Row],[ISIN / Tranchenname ISIN]],'doc legali'!D:D,'doc legali'!E:E,"no",0) -> no
A39: 170 | B39: Raiffeisen Azionario Attivo | D39: AT0000712575 | E39: Raiffeisen Azionario Attivo (R) VTA | G39: Raiffeisen Azionario Attivo (R) VTA | H39: Italia | I39: IT | J39: Retail | K39: 39359 | M39: Raiffeisen Kapitalanlage GmbH | N39: =_xlfn.XLOOKUP(_Visualisierung_1_1778072460684[[#This Row],[ISIN / Tranchenname ISIN]],'doc legali'!A:A,'doc legali'!B:B,"no",0) -> Raiffeisen-Active-Aktien (R) VTA | Q39: =_xlfn.XLOOKUP(_Visualisierung_1_1778072460684[[#This Row],[ISIN / Tranchenname ISIN]],'doc legali'!D:D,'doc legali'!E:E,"no",0) -> no
A40: 370 | B40: Raiffeisen Azionario Consumo | C40: 39247 | D40: AT0000688809 | E40: Raiffeisen Azionario Consumo | H40: Italia | I40: IT | J40: Retail | K40: 37608 | L40: 39247 | M40: Raiffeisen Kapitalanlage GmbH | N40: =_xlfn.XLOOKUP(_Visualisierung_1_1778072460684[[#This Row],[ISIN / Tranchenname ISIN]],'doc legali'!A:A,'doc legali'!B:B,"no",0) -> no | Q40: =_xlfn.XLOOKUP(_Visualisierung_1_1778072460684[[#This Row],[ISIN / Tranchenname ISIN]],'doc legali'!D:D,'doc legali'!E:E,"no",0) -> no
A41: 3049 | B41: Raiffeisen Azionario Emerging ASEAN | C41: 40016 | D41: AT0000A07FW3 | E41: Raiffeisen Azionario Emerging ASEAN | H41: Italia | I41: IT | J41: Retail | K41: 39595 | L41: 40016 | M41: Raiffeisen Kapitalanlage GmbH | N41: =_xlfn.XLOOKUP(_Visualisierung_1_1778072460684[[#This Row],[ISIN / Tranchenname ISIN]],'doc legali'!A:A,'doc legali'!B:B,"no",0) -> no | Q41: =_xlfn.XLOOKUP(_Visualisierung_1_1778072460684[[#This Row],[ISIN / Tranchenname ISIN]],'doc legali'!D:D,'doc legali'!E:E,"no",0) -> no
A42: 367 | B42: Raiffeisen Azionario Energia | D42: AT0000688684 | E42: Raiffeisen Azionario Energia (R) VTA | F42: 70002203 | G42: Raiffeisen Azionario Energia (R) VTA | H42: Italia | I42: IT | J42: Retail | K42: 37608 | M42: Raiffeisen Kapitalanlage GmbH | N42: =_xlfn.XLOOKUP(_Visualisierung_1_1778072460684[[#This Row],[ISIN / Tranchenname ISIN]],'doc legali'!A:A,'doc legali'!B:B,"no",0) -> Raiffeisen-Energie-Aktien (R) VTA | Q42: =_xlfn.XLOOKUP(_Visualisierung_1_1778072460684[[#This Row],[ISIN / Tranchenname ISIN]],'doc legali'!D:D,'doc legali'!E:E,"no",0) -> no
A43: 56 | B43: Raiffeisen Azionario Europa Centrale-ESG | D43: AT0000A0EY50 | E43: Raiffeisen Azionario Europa Centrale-ESG (I) VTA | F43: 70000464 | G43: Raiffeisen Azionario Europa Centrale-ESG (I) VTA | H43: Italia | I43: IT | J43: Retail | K43: 40182 | M43: Raiffeisen Kapitalanlage GmbH | N43: =_xlfn.XLOOKUP(_Visualisierung_1_1778072460684[[#This Row],[ISIN / Tranchenname ISIN]],'doc legali'!A:A,'doc legali'!B:B,"no",0) -> no | Q43: =_xlfn.XLOOKUP(_Visualisierung_1_1778072460684[[#This Row],[ISIN / Tranchenname ISIN]],'doc legali'!D:D,'doc legali'!E:E,"no",0) -> no
A44: 56 | B44: Raiffeisen Azionario Europa Centrale-ESG | D44: AT0000785241 | E44: Raiffeisen Azionario Europa Centrale-ESG (R) VTA | F44: 70000464 | G44: Raiffeisen Azionario Europa Centrale-ESG (R) VTA | H44: Italia | I44: IT | J44: Retail | K44: 36306 | M44: Raiffeisen Kapitalanlage GmbH | N44: =_xlfn.XLOOKUP(_Visualisierung_1_1778072460684[[#This Row],[ISIN / Tranchenname ISIN]],'doc legali'!A:A,'doc legali'!B:B,"no",0) -> Raiffeisen-Zentraleuropa-ESG-Aktien (R) VTA | Q44: =_xlfn.XLOOKUP(_Visualisierung_1_1778072460684[[#This Row],[ISIN / Tranchenname ISIN]],'doc legali'!D:D,'doc legali'!E:E,"no",0) -> no
A45: 153 | B45: Raiffeisen Azionario Europa Crescita | C45: 37943 | D45: AT0000785282 | E45: Raiffeisen Azionario Europa Crescita | H45: Italia | I45: IT | J45: Retail | K45: 36306 | L45: 37943 | M45: Raiffeisen Kapitalanlage GmbH | N45: =_xlfn.XLOOKUP(_Visualisierung_1_1778072460684[[#This Row],[ISIN / Tranchenname ISIN]],'doc legali'!A:A,'doc legali'!B:B,"no",0) -> no | Q45: =_xlfn.XLOOKUP(_Visualisierung_1_1778072460684[[#This Row],[ISIN / Tranchenname ISIN]],'doc legali'!D:D,'doc legali'!E:E,"no",0) -> no
A46: 3016 | B46: Raiffeisen Azionario Europa Emergente SmallCap | C46: 40018 | D46: AT0000A05JJ6 | E46: Raiffeisen Azionario Europa Emergente SmallCap | H46: Italia | I46: IT | J46: Retail | K46: 39609 | L46: 40018 | M46: Raiffeisen Kapitalanlage GmbH | N46: =_xlfn.XLOOKUP(_Visualisierung_1_1778072460684[[#This Row],[ISIN / Tranchenname ISIN]],'doc legali'!A:A,'doc legali'!B:B,"no",0) -> no | Q46: =_xlfn.XLOOKUP(_Visualisierung_1_1778072460684[[#This Row],[ISIN / Tranchenname ISIN]],'doc legali'!D:D,'doc legali'!E:E,"no",0) -> no
A47: 366 | B47: Raiffeisen Azionario Finanza | C47: 39064 | D47: AT0000688742 | E47: Raiffeisen Azionario Finanza | H47: Italia | I47: IT | J47: Retail | K47: 37608 | L47: 39064 | M47: Raiffeisen Kapitalanlage GmbH | N47: =_xlfn.XLOOKUP(_Visualisierung_1_1778072460684[[#This Row],[ISIN / Tranchenname ISIN]],'doc legali'!A:A,'doc legali'!B:B,"no",0) -> no | Q47: =_xlfn.XLOOKUP(_Visualisierung_1_1778072460684[[#This Row],[ISIN / Tranchenname ISIN]],'doc legali'!D:D,'doc legali'!E:E,"no",0) -> no
A48: 685 | B48: Raiffeisen Azionario Fondamentale Globale | C48: 40763 | D48: AT0000A01690 | E48: Raiffeisen Azionario Fondamentale Globale | H48: Italia | I48: IT | J48: Rifa | K48: 38994 | L48: 40764 | M48: Raiffeisen Kapitalanlage GmbH | N48: =_xlfn.XLOOKUP(_Visualisierung_1_1778072460684[[#This Row],[ISIN / Tranchenname ISIN]],'doc legali'!A:A,'doc legali'!B:B,"no",0) -> no | Q48: =_xlfn.XLOOKUP(_Visualisierung_1_1778072460684[[#This Row],[ISIN / Tranchenname ISIN]],'doc legali'!D:D,'doc legali'!E:E,"no",0) -> no
A49: 621 | B49: Raiffeisen Azionario GlobalDividend-ESG | D49: AT0000A0LST9 | E49: Raiffeisen Azionario GlobalDividend-ESG (I) VTA | F49: 70002403 | G49: Raiffeisen Azionario GlobalDividend-ESG (I) VTA | H49: Italia | I49: IT | J49: Retail | K49: 43207 | M49: Raiffeisen Kapitalanlage GmbH | N49: =_xlfn.XLOOKUP(_Visualisierung_1_1778072460684[[#This Row],[ISIN / Tranchenname ISIN]],'doc legali'!A:A,'doc legali'!B:B,"no",0) -> no | Q49: =_xlfn.XLOOKUP(_Visualisierung_1_1778072460684[[#This Row],[ISIN / Tranchenname ISIN]],'doc legali'!D:D,'doc legali'!E:E,"no",0) -> no
A50: 621 | B50: Raiffeisen Azionario GlobalDividend-ESG | D50: AT0000495304 | E50: Raiffeisen Azionario GlobalDividend-ESG (R) VTA | F50: 70002403 | G50: Raiffeisen Azionario GlobalDividend-ESG (R) VTA | H50: Italia | I50: IT | J50: Retail | K50: 38813 | M50: Raiffeisen Kapitalanlage GmbH | N50: =_xlfn.XLOOKUP(_Visualisierung_1_1778072460684[[#This Row],[ISIN / Tranchenname ISIN]],'doc legali'!A:A,'doc legali'!B:B,"no",0) -> Raiffeisen-GlobalDividend-ESG-Aktien (R) VTA | Q50: =_xlfn.XLOOKUP(_Visualisierung_1_1778072460684[[#This Row],[ISIN / Tranchenname ISIN]],'doc legali'!D:D,'doc legali'!E:E,"no",0) -> no
A51: 40 | B51: Raiffeisen Azionario Globale | C51: 44545 | D51: AT0000A0LSS1 | E51: Raiffeisen Azionario Globale (I) VTA | F51: 70001462 | G51: Raiffeisen Azionario Globale (I) VTA | H51: Italia | I51: IT | J51: Retail | K51: 43207 | L51: 44545 | M51: Raiffeisen Kapitalanlage GmbH | N51: =_xlfn.XLOOKUP(_Visualisierung_1_1778072460684[[#This Row],[ISIN / Tranchenname ISIN]],'doc legali'!A:A,'doc legali'!B:B,"no",0) -> no | Q51: =_xlfn.XLOOKUP(_Visualisierung_1_1778072460684[[#This Row],[ISIN / Tranchenname ISIN]],'doc legali'!D:D,'doc legali'!E:E,"no",0) -> no
A52: 40 | B52: Raiffeisen Azionario Globale | C52: 44545 | D52: AT0000785266 | E52: Raiffeisen Azionario Globale (R) VTA | F52: 70001462 | G52: Raiffeisen Azionario Globale (R) VTA | H52: Italia | I52: IT | J52: Retail | K52: 36306 | L52: 44545 | M52: Raiffeisen Kapitalanlage GmbH | N52: =_xlfn.XLOOKUP(_Visualisierung_1_1778072460684[[#This Row],[ISIN / Tranchenname ISIN]],'doc legali'!A:A,'doc legali'!B:B,"no",0) -> no | Q52: =_xlfn.XLOOKUP(_Visualisierung_1_1778072460684[[#This Row],[ISIN / Tranchenname ISIN]],'doc legali'!D:D,'doc legali'!E:E,"no",0) -> no
A53: 368 | B53: Raiffeisen Azionario HighTech-ESG | D53: AT0000A2R8R0 | E53: Raiffeisen Azionario HighTech-ESG (I) VTA | F53: 70169229 | G53: Raiffeisen Azionario HighTech-ESG (I) VTA | H53: Italia | I53: IT | J53: Retail | K53: 44348 | M53: Raiffeisen Kapitalanlage GmbH | N53: =_xlfn.XLOOKUP(_Visualisierung_1_1778072460684[[#This Row],[ISIN / Tranchenname ISIN]],'doc legali'!A:A,'doc legali'!B:B,"no",0) -> no | Q53: =_xlfn.XLOOKUP(_Visualisierung_1_1778072460684[[#This Row],[ISIN / Tranchenname ISIN]],'doc legali'!D:D,'doc legali'!E:E,"no",0) -> no
A54: 368 | B54: Raiffeisen Azionario HighTech-ESG | D54: AT0000688866 | E54: Raiffeisen Azionario HighTech-ESG (R) VTA | F54: 70169229 | G54: Raiffeisen Azionario HighTech-ESG (R) VTA | H54: Italia | I54: IT | J54: Retail | K54: 37608 | M54: Raiffeisen Kapitalanlage GmbH | N54: =_xlfn.XLOOKUP(_Visualisierung_1_1778072460684[[#This Row],[ISIN / Tranchenname ISIN]],'doc legali'!A:A,'doc legali'!B:B,"no",0) -> Raiffeisen-HighTech-ESG-Aktien (R) VTA | Q54: =_xlfn.XLOOKUP(_Visualisierung_1_1778072460684[[#This Row],[ISIN / Tranchenname ISIN]],'doc legali'!D:D,'doc legali'!E:E,"no",0) -> no
A55: 259 | B55: Raiffeisen Azionario MegaTrends ESG | D55: AT0000A28LK2 | E55: Raiffeisen Azionario MegaTrends ESG (I) VTA | F55: 70001068 | G55: Raiffeisen Azionario MegaTrends ESG (I) VTA | H55: Italia | I55: IT | J55: Retail | K55: 43678 | M55: Raiffeisen Kapitalanlage GmbH | N55: =_xlfn.XLOOKUP(_Visualisierung_1_1778072460684[[#This Row],[ISIN / Tranchenname ISIN]],'doc legali'!A:A,'doc legali'!B:B,"no",0) -> no | Q55: =_xlfn.XLOOKUP(_Visualisierung_1_1778072460684[[#This Row],[ISIN / Tranchenname ISIN]],'doc legali'!D:D,'doc legali'!E:E,"no",0) -> no
A56: 259 | B56: Raiffeisen Azionario MegaTrends ESG | D56: AT0000A28LJ4 | E56: Raiffeisen Azionario MegaTrends ESG (R) VTA | F56: 70001068 | G56: Raiffeisen Azionario MegaTrends ESG (R) VTA | H56: Italia | I56: IT | J56: Retail | K56: 43678 | M56: Raiffeisen Kapitalanlage GmbH | N56: =_xlfn.XLOOKUP(_Visualisierung_1_1778072460684[[#This Row],[ISIN / Tranchenname ISIN]],'doc legali'!A:A,'doc legali'!B:B,"no",0) -> Raiffeisen-MegaTrends-ESG-Aktien (R) VTA | Q56: =_xlfn.XLOOKUP(_Visualisierung_1_1778072460684[[#This Row],[ISIN / Tranchenname ISIN]],'doc legali'!D:D,'doc legali'!E:E,"no",0) -> no
A57: 167 | B57: Raiffeisen Azionario Mercati Emergenti | C57: 44532 | D57: AT0000A0FT15 | E57: Raiffeisen Azionario Mercati Emergenti (I) VTA | F57: 70002205 | G57: Raiffeisen Azionario Mercati Emergenti (I) VTA | H57: Italia | I57: IT | J57: Retail | K57: 43207 | L57: 44532 | M57: Raiffeisen Kapitalanlage GmbH | N57: =_xlfn.XLOOKUP(_Visualisierung_1_1778072460684[[#This Row],[ISIN / Tranchenname ISIN]],'doc legali'!A:A,'doc legali'!B:B,"no",0) -> no | Q57: =_xlfn.XLOOKUP(_Visualisierung_1_1778072460684[[#This Row],[ISIN / Tranchenname ISIN]],'doc legali'!D:D,'doc legali'!E:E,"no",0) -> no
A58: 167 | B58: Raiffeisen Azionario Mercati Emergenti | C58: 44532 | D58: AT0000497268 | E58: Raiffeisen Azionario Mercati Emergenti (R) VTA | F58: 70002205 | G58: Raiffeisen Azionario Mercati Emergenti (R) VTA | H58: Italia | I58: IT | J58: Retail | K58: 40105 | L58: 44532 | M58: Raiffeisen Kapitalanlage GmbH | N58: =_xlfn.XLOOKUP(_Visualisierung_1_1778072460684[[#This Row],[ISIN / Tranchenname ISIN]],'doc legali'!A:A,'doc legali'!B:B,"no",0) -> no | Q58: =_xlfn.XLOOKUP(_Visualisierung_1_1778072460684[[#This Row],[ISIN / Tranchenname ISIN]],'doc legali'!D:D,'doc legali'!E:E,"no",0) -> no
A59: 3071 | B59: Raiffeisen Azionario New Infrastructure-ESG | D59: AT0000A3L7N6 | E59: Raiffeisen Azionario New Infrastructure-ESG (I) VTA | F59: 70168993 | G59: Raiffeisen Azionario New Infrastructure-ESG (I) VTA | H59: Italia | I59: IT | J59: Retail | K59: 45852 | M59: Raiffeisen Kapitalanlage GmbH | N59: =_xlfn.XLOOKUP(_Visualisierung_1_1778072460684[[#This Row],[ISIN / Tranchenname ISIN]],'doc legali'!A:A,'doc legali'!B:B,"no",0) -> no | Q59: =_xlfn.XLOOKUP(_Visualisierung_1_1778072460684[[#This Row],[ISIN / Tranchenname ISIN]],'doc legali'!D:D,'doc legali'!E:E,"no",0) -> no
A60: 3071 | B60: Raiffeisen Azionario New Infrastructure-ESG | D60: AT0000A2R8P4 | E60: Raiffeisen Azionario New Infrastructure-ESG (I) VTA | F60: 70168993 | G60: Raiffeisen Azionario New Infrastructure-ESG (I) VTA | H60: Italia | I60: IT | J60: Retail | K60: 44348 | L60: 45565 | M60: Raiffeisen Kapitalanlage GmbH | N60: =_xlfn.XLOOKUP(_Visualisierung_1_1778072460684[[#This Row],[ISIN / Tranchenname ISIN]],'doc legali'!A:A,'doc legali'!B:B,"no",0) -> no | Q60: =_xlfn.XLOOKUP(_Visualisierung_1_1778072460684[[#This Row],[ISIN / Tranchenname ISIN]],'doc legali'!D:D,'doc legali'!E:E,"no",0) -> no
A61: 3071 | B61: Raiffeisen Azionario New Infrastructure-ESG | D61: AT0000A09ZL0 | E61: Raiffeisen Azionario New Infrastructure-ESG (R) VTA | F61: 70168993 | G61: Raiffeisen Azionario New Infrastructure-ESG (R) VTA | H61: Italia | I61: IT | J61: Retail | K61: 40299 | M61: Raiffeisen Kapitalanlage GmbH | N61: =_xlfn.XLOOKUP(_Visualisierung_1_1778072460684[[#This Row],[ISIN / Tranchenname ISIN]],'doc legali'!A:A,'doc legali'!B:B,"no",0) -> Raiffeisen-NewInfrastructure-ESG-Aktien (R) VTA | Q61: =_xlfn.XLOOKUP(_Visualisierung_1_1778072460684[[#This Row],[ISIN / Tranchenname ISIN]],'doc legali'!D:D,'doc legali'!E:E,"no",0) -> no
A62: 265 | B62: Raiffeisen Azionario Pacifico | C62: 44680 | D62: AT0000A0MRG6 | E62: Raiffeisen Azionario Pacifico (I) VTA | F62: 70001464 | G62: Raiffeisen Azionario Pacifico (I) VTA | H62: Italia | I62: IT | J62: Retail | K62: 43207 | L62: 44680 | M62: Raiffeisen Kapitalanlage GmbH | N62: =_xlfn.XLOOKUP(_Visualisierung_1_1778072460684[[#This Row],[ISIN / Tranchenname ISIN]],'doc legali'!A:A,'doc legali'!B:B,"no",0) -> no | Q62: =_xlfn.XLOOKUP(_Visualisierung_1_1778072460684[[#This Row],[ISIN / Tranchenname ISIN]],'doc legali'!D:D,'doc legali'!E:E,"no",0) -> no
A63: 265 | B63: Raiffeisen Azionario Pacifico | C63: 44680 | D63: AT0000764170 | E63: Raiffeisen Azionario Pacifico (R) VTA | F63: 70001464 | G63: Raiffeisen Azionario Pacifico (R) VTA | H63: Italia | I63: IT | J63: Retail | K63: 36609 | L63: 44680 | M63: Raiffeisen Kapitalanlage GmbH | N63: =_xlfn.XLOOKUP(_Visualisierung_1_1778072460684[[#This Row],[ISIN / Tranchenname ISIN]],'doc legali'!A:A,'doc legali'!B:B,"no",0) -> no | Q63: =_xlfn.XLOOKUP(_Visualisierung_1_1778072460684[[#This Row],[ISIN / Tranchenname ISIN]],'doc legali'!D:D,'doc legali'!E:E,"no",0) -> no
A64: 3449 | B64: Raiffeisen Azionario PAXetBONUM | D64: AT0000A261L7 | E64: Raiffeisen Azionario PAXetBONUM (I) VTA | F64: 70155990 | G64: Raiffeisen Azionario PAXetBONUM (I) VTA | H64: Italia | I64: IT | J64: Retail | K64: 43602 | M64: Raiffeisen Kapitalanlage GmbH | N64: =_xlfn.XLOOKUP(_Visualisierung_1_1778072460684[[#This Row],[ISIN / Tranchenname ISIN]],'doc legali'!A:A,'doc legali'!B:B,"no",0) -> no | Q64: =_xlfn.XLOOKUP(_Visualisierung_1_1778072460684[[#This Row],[ISIN / Tranchenname ISIN]],'doc legali'!D:D,'doc legali'!E:E,"no",0) -> no
A65: 3449 | B65: Raiffeisen Azionario PAXetBONUM | D65: AT0000A261H5 | E65: Raiffeisen Azionario PAXetBONUM (R) VTA | F65: 70155990 | G65: Raiffeisen Azionario PAXetBONUM (R) VTA | H65: Italia | I65: IT | J65: Retail | K65: 43602 | M65: Raiffeisen Kapitalanlage GmbH | N65: =_xlfn.XLOOKUP(_Visualisierung_1_1778072460684[[#This Row],[ISIN / Tranchenname ISIN]],'doc legali'!A:A,'doc legali'!B:B,"no",0) -> Raiffeisen-PAXetBONUM-Aktien (R) VTA | Q65: =_xlfn.XLOOKUP(_Visualisierung_1_1778072460684[[#This Row],[ISIN / Tranchenname ISIN]],'doc legali'!D:D,'doc legali'!E:E,"no",0) -> no
A66: 3052 | B66: Raiffeisen Azionario Russia | D66: AT0000A0LSR3 | E66: Raiffeisen Azionario Russia (I) VTA | F66: 70135130 | G66: Raiffeisen Azionario Russia (I) VTA | H66: Italia | I66: IT | J66: Retail | K66: 43207 | M66: Raiffeisen Kapitalanlage GmbH | N66: =_xlfn.XLOOKUP(_Visualisierung_1_1778072460684[[#This Row],[ISIN / Tranchenname ISIN]],'doc legali'!A:A,'doc legali'!B:B,"no",0) -> no | Q66: =_xlfn.XLOOKUP(_Visualisierung_1_1778072460684[[#This Row],[ISIN / Tranchenname ISIN]],'doc legali'!D:D,'doc legali'!E:E,"no",0) -> no
A67: 3052 | B67: Raiffeisen Azionario Russia | D67: AT0000A07FS1 | E67: Raiffeisen Azionario Russia (R) VTA | F67: 70135130 | G67: Raiffeisen Azionario Russia (R) VTA | H67: Italia | I67: IT | J67: Retail | K67: 39609 | M67: Raiffeisen Kapitalanlage GmbH | N67: =_xlfn.XLOOKUP(_Visualisierung_1_1778072460684[[#This Row],[ISIN / Tranchenname ISIN]],'doc legali'!A:A,'doc legali'!B:B,"no",0) -> Raiffeisen-Russland-Aktien (R) VTA | Q67: =_xlfn.XLOOKUP(_Visualisierung_1_1778072460684[[#This Row],[ISIN / Tranchenname ISIN]],'doc legali'!D:D,'doc legali'!E:E,"no",0) -> no
A68: 334 | B68: Raiffeisen Azionario Salute e Benessere-ESG | D68: AT0000A2R8Q2 | E68: Raiffeisen Azionario Salute e Benessere-ESG (I) VTA | F68: 70164492 | G68: Raiffeisen Azionario Salute e Benessere-ESG (I) VTA | H68: Italia | I68: IT | J68: Retail | K68: 44348 | L68: 45565 | M68: Raiffeisen Kapitalanlage GmbH | N68: =_xlfn.XLOOKUP(_Visualisierung_1_1778072460684[[#This Row],[ISIN / Tranchenname ISIN]],'doc legali'!A:A,'doc legali'!B:B,"no",0) -> no | Q68: =_xlfn.XLOOKUP(_Visualisierung_1_1778072460684[[#This Row],[ISIN / Tranchenname ISIN]],'doc legali'!D:D,'doc legali'!E:E,"no",0) -> no
A69: 334 | B69: Raiffeisen Azionario Salute e Benessere-ESG | D69: AT0000712716 | E69: Raiffeisen Azionario Salute e Benessere-ESG (R) VTA | F69: 70164492 | G69: Raiffeisen Azionario Salute e Benessere-ESG (R) VTA | H69: Italia | I69: IT | J69: Retail | K69: 37608 | M69: Raiffeisen Kapitalanlage GmbH | N69: =_xlfn.XLOOKUP(_Visualisierung_1_1778072460684[[#This Row],[ISIN / Tranchenname ISIN]],'doc legali'!A:A,'doc legali'!B:B,"no",0) -> Raiffeisen-Health and Wellbeing-ESG-Aktien (R) VTA | Q69: =_xlfn.XLOOKUP(_Visualisierung_1_1778072460684[[#This Row],[ISIN / Tranchenname ISIN]],'doc legali'!D:D,'doc legali'!E:E,"no",0) -> no
A70: 3467 | B70: Raiffeisen Azionario SmartEnergy ESG | D70: AT0000A2NYB7 | E70: Raiffeisen Azionario SmartEnergy ESG (I) VTA | F70: 70158702 | G70: Raiffeisen Azionario SmartEnergy ESG (I) VTA | H70: Italia | I70: IT | J70: Retail | K70: 44256 | M70: Raiffeisen Kapitalanlage GmbH | N70: =_xlfn.XLOOKUP(_Visualisierung_1_1778072460684[[#This Row],[ISIN / Tranchenname ISIN]],'doc legali'!A:A,'doc legali'!B:B,"no",0) -> no | Q70: =_xlfn.XLOOKUP(_Visualisierung_1_1778072460684[[#This Row],[ISIN / Tranchenname ISIN]],'doc legali'!D:D,'doc legali'!E:E,"no",0) -> no
A71: 3467 | B71: Raiffeisen Azionario SmartEnergy ESG | D71: AT0000A2ETT8 | E71: Raiffeisen Azionario SmartEnergy ESG (R) VTA | F71: 70158702 | G71: Raiffeisen Azionario SmartEnergy ESG (R) VTA | H71: Italia | I71: IT | J71: Retail | K71: 44244 | M71: Raiffeisen Kapitalanlage GmbH | N71: =_xlfn.XLOOKUP(_Visualisierung_1_1778072460684[[#This Row],[ISIN / Tranchenname ISIN]],'doc legali'!A:A,'doc legali'!B:B,"no",0) -> Raiffeisen-SmartEnergy-ESG-Aktien (R) VTA | Q71: =_xlfn.XLOOKUP(_Visualisierung_1_1778072460684[[#This Row],[ISIN / Tranchenname ISIN]],'doc legali'!D:D,'doc legali'!E:E,"no",0) -> no
A72: 378 | B72: Raiffeisen Azionario Sostenibile | D72: AT0000A20EZ2 | E72: Raiffeisen Azionario Sostenibile (I) VTA | F72: 70001649 | G72: Raiffeisen Azionario Sostenibile (I) VTA | H72: Italia | I72: IT | J72: Retail | K72: 43557 | M72: Raiffeisen Kapitalanlage GmbH | N72: =_xlfn.XLOOKUP(_Visualisierung_1_1778072460684[[#This Row],[ISIN / Tranchenname ISIN]],'doc legali'!A:A,'doc legali'!B:B,"no",0) -> no | Q72: =_xlfn.XLOOKUP(_Visualisierung_1_1778072460684[[#This Row],[ISIN / Tranchenname ISIN]],'doc legali'!D:D,'doc legali'!E:E,"no",0) -> no
A73: 378 | B73: Raiffeisen Azionario Sostenibile | D73: AT0000677927 | E73: Raiffeisen Azionario Sostenibile (R) VTA | F73: 70001649 | G73: Raiffeisen Azionario Sostenibile (R) VTA | H73: Italia | I73: IT | J73: Retail | K73: 37608 | M73: Raiffeisen Kapitalanlage GmbH | N73: =_xlfn.XLOOKUP(_Visualisierung_1_1778072460684[[#This Row],[ISIN / Tranchenname ISIN]],'doc legali'!A:A,'doc legali'!B:B,"no",0) -> Raiffeisen-Nachhaltigkeit-Aktien (R) VTA | Q73: =_xlfn.XLOOKUP(_Visualisierung_1_1778072460684[[#This Row],[ISIN / Tranchenname ISIN]],'doc legali'!D:D,'doc legali'!E:E,"no",0) -> no
A74: 105 | B74: Raiffeisen Azionario Sostenibile Europeo | D74: AT0000A1WB96 | E74: Raiffeisen Azionario Sostenibile Europeo (I) VTA | F74: 70001461 | G74: Raiffeisen Azionario Sostenibile Europeo (I) VTA | H74: Italia | I74: IT | J74: Retail | K74: 43207 | M74: Raiffeisen Kapitalanlage GmbH | N74: =_xlfn.XLOOKUP(_Visualisierung_1_1778072460684[[#This Row],[ISIN / Tranchenname ISIN]],'doc legali'!A:A,'doc legali'!B:B,"no",0) -> no | Q74: =_xlfn.XLOOKUP(_Visualisierung_1_1778072460684[[#This Row],[ISIN / Tranchenname ISIN]],'doc legali'!D:D,'doc legali'!E:E,"no",0) -> no
A75: 105 | B75: Raiffeisen Azionario Sostenibile Europeo | D75: AT0000785225 | E75: Raiffeisen Azionario Sostenibile Europeo (R) VTA | F75: 70001461 | G75: Raiffeisen Azionario Sostenibile Europeo (R) VTA | H75: Italia | I75: IT | J75: Retail | K75: 36306 | M75: Raiffeisen Kapitalanlage GmbH | N75: =_xlfn.XLOOKUP(_Visualisierung_1_1778072460684[[#This Row],[ISIN / Tranchenname ISIN]],'doc legali'!A:A,'doc legali'!B:B,"no",0) -> Raiffeisen-Nachhaltigkeit-Europa-Aktien (R) VTA | Q75: =_xlfn.XLOOKUP(_Visualisierung_1_1778072460684[[#This Row],[ISIN / Tranchenname ISIN]],'doc legali'!D:D,'doc legali'!E:E,"no",0) -> no
A76: 3407 | B76: Raiffeisen Azionario Sostenibile Mercati Emergenti | D76: AT0000A1TB83 | E76: Raiffeisen Azionario Sostenibile Mercati Emergenti (I) VTA | F76: 70149920 | G76: Raiffeisen Azionario Sostenibile Mercati Emergenti (I) VTA | H76: Italia | I76: IT | J76: Retail | K76: 42828 | M76: Raiffeisen Kapitalanlage GmbH | N76: =_xlfn.XLOOKUP(_Visualisierung_1_1778072460684[[#This Row],[ISIN / Tranchenname ISIN]],'doc legali'!A:A,'doc legali'!B:B,"no",0) -> no | Q76: =_xlfn.XLOOKUP(_Visualisierung_1_1778072460684[[#This Row],[ISIN / Tranchenname ISIN]],'doc legali'!D:D,'doc legali'!E:E,"no",0) -> no
A77: 3407 | B77: Raiffeisen Azionario Sostenibile Mercati Emergenti | D77: AT0000A1TB59 | E77: Raiffeisen Azionario Sostenibile Mercati Emergenti (R) VTA | F77: 70149920 | G77: Raiffeisen Azionario Sostenibile Mercati Emergenti (R) VTA | H77: Italia | I77: IT | J77: Retail | K77: 42828 | M77: Raiffeisen Kapitalanlage GmbH | N77: =_xlfn.XLOOKUP(_Visualisierung_1_1778072460684[[#This Row],[ISIN / Tranchenname ISIN]],'doc legali'!A:A,'doc legali'!B:B,"no",0) -> Raiffeisen-Nachhaltigkeit-EmergingMarkets-Aktien (R) VTA | Q77: =_xlfn.XLOOKUP(_Visualisierung_1_1778072460684[[#This Row],[ISIN / Tranchenname ISIN]],'doc legali'!D:D,'doc legali'!E:E,"no",0) -> no
A78: 264 | B78: Raiffeisen Azionario Sostenibile USA | D78: AT0000764766 | E78: Raiffeisen Azionario Sostenibile USA (R) VTA | G78: Raiffeisen Azionario Sostenibile USA (R) VTA | H78: Italia | I78: IT | J78: Retail | K78: 36609 | M78: Raiffeisen Kapitalanlage GmbH | N78: =_xlfn.XLOOKUP(_Visualisierung_1_1778072460684[[#This Row],[ISIN / Tranchenname ISIN]],'doc legali'!A:A,'doc legali'!B:B,"no",0) -> Raiffeisen-Nachhaltigkeit-US-Aktien (R) VTA | Q78: =_xlfn.XLOOKUP(_Visualisierung_1_1778072460684[[#This Row],[ISIN / Tranchenname ISIN]],'doc legali'!D:D,'doc legali'!E:E,"no",0) -> no
A79: 10 | B79: Raiffeisen Bilanciato Sostenibile | D79: AT0000A1VG68 | E79: Raiffeisen Bilanciato Sostenibile (I) VTA | F79: 70001463 | G79: Raiffeisen Bilanciato Sostenibile (I) VTA | H79: Italia | I79: IT | J79: Retail | K79: 42867 | M79: Raiffeisen Kapitalanlage GmbH | N79: =_xlfn.XLOOKUP(_Visualisierung_1_1778072460684[[#This Row],[ISIN / Tranchenname ISIN]],'doc legali'!A:A,'doc legali'!B:B,"no",0) -> no | Q79: =_xlfn.XLOOKUP(_Visualisierung_1_1778072460684[[#This Row],[ISIN / Tranchenname ISIN]],'doc legali'!D:D,'doc legali'!E:E,"no",0) -> no
A80: 10 | B80: Raiffeisen Bilanciato Sostenibile | D80: AT0000785381 | E80: Raiffeisen Bilanciato Sostenibile (R) VTA | F80: 70001463 | G80: Raiffeisen Bilanciato Sostenibile (R) VTA | H80: Italia | I80: IT | J80: Retail | K80: 36306 | M80: Raiffeisen Kapitalanlage GmbH | N80: =_xlfn.XLOOKUP(_Visualisierung_1_1778072460684[[#This Row],[ISIN / Tranchenname ISIN]],'doc legali'!A:A,'doc legali'!B:B,"no",0) -> Raiffeisen-Nachhaltigkeit-Mix (R) VTA | Q80: =_xlfn.XLOOKUP(_Visualisierung_1_1778072460684[[#This Row],[ISIN / Tranchenname ISIN]],'doc legali'!D:D,'doc legali'!E:E,"no",0) -> no
A81: 10 | B81: Raiffeisen Bilanciato Sostenibile | D81: AT0000A2E091 | E81: Raiffeisen Bilanciato Sostenibile (S) A | F81: 70001463 | G81: Raiffeisen Bilanciato Sostenibile (S) A | H81: Italia | I81: IT | J81: Retail | K81: 43922 | M81: Raiffeisen Kapitalanlage GmbH | N81: =_xlfn.XLOOKUP(_Visualisierung_1_1778072460684[[#This Row],[ISIN / Tranchenname ISIN]],'doc legali'!A:A,'doc legali'!B:B,"no",0) -> Raiffeisen-Nachhaltigkeit-Mix (S) A | Q81: =_xlfn.XLOOKUP(_Visualisierung_1_1778072460684[[#This Row],[ISIN / Tranchenname ISIN]],'doc legali'!D:D,'doc legali'!E:E,"no",0) -> no
A82: 3031 | B82: Raiffeisen Bond Total Return | C82: 42033 | D82: AT0000A06QC4 | E82: Raiffeisen Bond Total Return (R) | G82: Raiffeisen Bond Total Return (R) | H82: Italia | I82: IT | J82: Retail | K82: 39447 | L82: 42033 | M82: Raiffeisen Kapitalanlage GmbH | N82: =_xlfn.XLOOKUP(_Visualisierung_1_1778072460684[[#This Row],[ISIN / Tranchenname ISIN]],'doc legali'!A:A,'doc legali'!B:B,"no",0) -> no | Q82: =_xlfn.XLOOKUP(_Visualisierung_1_1778072460684[[#This Row],[ISIN / Tranchenname ISIN]],'doc legali'!D:D,'doc legali'!E:E,"no",0) -> no
A83: 3620 | B83: Raiffeisen Defined Outcome 2029 | D83: AT0000A3S4S5 | E83: Raiffeisen Defined Outcome 2029 (I) VTA | G83: Raiffeisen Defined Outcome 2029 (I) VTA | H83: Italia | I83: IT | J83: Retail | K83: 46141 | M83: Raiffeisen Kapitalanlage GmbH | N83: =_xlfn.XLOOKUP(_Visualisierung_1_1778072460684[[#This Row],[ISIN / Tranchenname ISIN]],'doc legali'!A:A,'doc legali'!B:B,"no",0) -> no | Q83: =_xlfn.XLOOKUP(_Visualisierung_1_1778072460684[[#This Row],[ISIN / Tranchenname ISIN]],'doc legali'!D:D,'doc legali'!E:E,"no",0) -> no
A84: 3620 | B84: Raiffeisen Defined Outcome 2029 | D84: AT0000A3S4Q9 | E84: Raiffeisen Defined Outcome 2029 (R) VTA | G84: Raiffeisen Defined Outcome 2029 (R) VTA | H84: Italia | I84: IT | J84: Retail | K84: 46141 | M84: Raiffeisen Kapitalanlage GmbH | N84: =_xlfn.XLOOKUP(_Visualisierung_1_1778072460684[[#This Row],[ISIN / Tranchenname ISIN]],'doc legali'!A:A,'doc legali'!B:B,"no",0) -> Raiffeisen Defined Outcome 2029 (R) VTA | Q84: =_xlfn.XLOOKUP(_Visualisierung_1_1778072460684[[#This Row],[ISIN / Tranchenname ISIN]],'doc legali'!D:D,'doc legali'!E:E,"no",0) -> no
A85: 3396 | B85: Raiffeisen Dynamic Assets Plus | C85: 43998 | D85: AT0000A20AG0 | E85: Raiffeisen Dynamic Assets Plus (R) VTA | G85: Raiffeisen Dynamic Assets Plus (R) VTA | H85: Italia | I85: IT | J85: Retail | K85: 43215 | L85: 43979 | M85: Raiffeisen Kapitalanlage GmbH | N85: =_xlfn.XLOOKUP(_Visualisierung_1_1778072460684[[#This Row],[ISIN / Tranchenname ISIN]],'doc legali'!A:A,'doc legali'!B:B,"no",0) -> no | Q85: =_xlfn.XLOOKUP(_Visualisierung_1_1778072460684[[#This Row],[ISIN / Tranchenname ISIN]],'doc legali'!D:D,'doc legali'!E:E,"no",0) -> no
A86: 3396 | B86: Raiffeisen Dynamic Assets Plus | C86: 43998 | D86: AT0000A20AH8 | E86: Raiffeisen Dynamic Assets Plus (S) VTA | G86: Raiffeisen Dynamic Assets Plus (S) VTA | H86: Italia | I86: IT | J86: Retail | K86: 43215 | L86: 43979 | M86: Raiffeisen Kapitalanlage GmbH | N86: =_xlfn.XLOOKUP(_Visualisierung_1_1778072460684[[#This Row],[ISIN / Tranchenname ISIN]],'doc legali'!A:A,'doc legali'!B:B,"no",0) -> no | Q86: =_xlfn.XLOOKUP(_Visualisierung_1_1778072460684[[#This Row],[ISIN / Tranchenname ISIN]],'doc legali'!D:D,'doc legali'!E:E,"no",0) -> no
A87: 3429 | B87: Raiffeisen Dynamic Assets Solid | C87: 45490 | D87: AT0000A1Z1R6 | E87: Raiffeisen Dynamic Assets Solid (I) VTA | F87: 70151901 | G87: Raiffeisen Dynamic Assets Solid (I) VTA | H87: Italia | I87: IT | J87: Retail | K87: 43220 | L87: 44805 | M87: Raiffeisen Kapitalanlage GmbH | N87: =_xlfn.XLOOKUP(_Visualisierung_1_1778072460684[[#This Row],[ISIN / Tranchenname ISIN]],'doc legali'!A:A,'doc legali'!B:B,"no",0) -> no | Q87: =_xlfn.XLOOKUP(_Visualisierung_1_1778072460684[[#This Row],[ISIN / Tranchenname ISIN]],'doc legali'!D:D,'doc legali'!E:E,"no",0) -> no
A88: 3429 | B88: Raiffeisen Dynamic Assets Solid | C88: 45490 | D88: AT0000A1Z1M7 | E88: Raiffeisen Dynamic Assets Solid (R) VTA | F88: 70151901 | G88: Raiffeisen Dynamic Assets Solid (R) VTA | H88: Italia | I88: IT | J88: Retail | K88: 43220 | L88: 45490 | M88: Raiffeisen Kapitalanlage GmbH | N88: =_xlfn.XLOOKUP(_Visualisierung_1_1778072460684[[#This Row],[ISIN / Tranchenname ISIN]],'doc legali'!A:A,'doc legali'!B:B,"no",0) -> no | Q88: =_xlfn.XLOOKUP(_Visualisierung_1_1778072460684[[#This Row],[ISIN / Tranchenname ISIN]],'doc legali'!D:D,'doc legali'!E:E,"no",0) -> no
A89: 3429 | B89: Raiffeisen Dynamic Assets Solid | C89: 45490 | D89: AT0000A1Z1S4 | E89: Raiffeisen Dynamic Assets Solid (S) VTA | F89: 70151901 | G89: Raiffeisen Dynamic Assets Solid (S) VTA | H89: Italia | I89: IT | J89: Retail | K89: 43220 | L89: 45490 | M89: Raiffeisen Kapitalanlage GmbH | N89: =_xlfn.XLOOKUP(_Visualisierung_1_1778072460684[[#This Row],[ISIN / Tranchenname ISIN]],'doc legali'!A:A,'doc legali'!B:B,"no",0) -> no | Q89: =_xlfn.XLOOKUP(_Visualisierung_1_1778072460684[[#This Row],[ISIN / Tranchenname ISIN]],'doc legali'!D:D,'doc legali'!E:E,"no",0) -> no
A90: 446 | B90: Raiffeisen Dynamic Bonds | C90: 43220 | D90: AT0000637442 | E90: Raiffeisen Dynamic Bonds (R) VTA | F90: 70001847 | G90: Raiffeisen Dynamic Bonds (R) VTA | H90: Italia | I90: IT | J90: Retail | K90: 37923 | L90: 43220 | M90: Raiffeisen Kapitalanlage GmbH | N90: =_xlfn.XLOOKUP(_Visualisierung_1_1778072460684[[#This Row],[ISIN / Tranchenname ISIN]],'doc legali'!A:A,'doc legali'!B:B,"no",0) -> no | Q90: =_xlfn.XLOOKUP(_Visualisierung_1_1778072460684[[#This Row],[ISIN / Tranchenname ISIN]],'doc legali'!D:D,'doc legali'!E:E,"no",0) -> no
A91: 446 | B91: Raiffeisen Dynamic Bonds | C91: 43220 | D91: AT0000A0QZP1 | E91: Raiffeisen Dynamic Bonds (S) VTA | F91: 70001847 | G91: Raiffeisen Dynamic Bonds (S) VTA | H91: Italia | I91: IT | J91: Retail | K91: 40851 | L91: 43220 | M91: Raiffeisen Kapitalanlage GmbH | N91: =_xlfn.XLOOKUP(_Visualisierung_1_1778072460684[[#This Row],[ISIN / Tranchenname ISIN]],'doc legali'!A:A,'doc legali'!B:B,"no",0) -> no | Q91: =_xlfn.XLOOKUP(_Visualisierung_1_1778072460684[[#This Row],[ISIN / Tranchenname ISIN]],'doc legali'!D:D,'doc legali'!E:E,"no",0) -> no
A92: 133 | B92: Raiffeisen Euro ESG Government Bonds | D92: AT0000607254 | E92: Raiffeisen Euro ESG Government Bonds (I) VTA | F92: 70141985 | G92: Raiffeisen Euro ESG Government Bonds (I) VTA | H92: Italia | I92: IT | J92: Kundenbetreuung | K92: 36892 | M92: Raiffeisen Kapitalanlage GmbH | N92: =_xlfn.XLOOKUP(_Visualisierung_1_1778072460684[[#This Row],[ISIN / Tranchenname ISIN]],'doc legali'!A:A,'doc legali'!B:B,"no",0) -> no | Q92: =_xlfn.XLOOKUP(_Visualisierung_1_1778072460684[[#This Row],[ISIN / Tranchenname ISIN]],'doc legali'!D:D,'doc legali'!E:E,"no",0) -> no
A93: 3399 | B93: Raiffeisen Euro Rendimento ESG | D93: AT0000A1PC78 | E93: Raiffeisen Euro Rendimento ESG (I) VTA | G93: Raiffeisen Euro Rendimento ESG (I) VTA | H93: Italia | I93: IT | J93: Retail | K93: 42668 | M93: Raiffeisen Kapitalanlage GmbH | N93: =_xlfn.XLOOKUP(_Visualisierung_1_1778072460684[[#This Row],[ISIN / Tranchenname ISIN]],'doc legali'!A:A,'doc legali'!B:B,"no",0) -> no | Q93: =_xlfn.XLOOKUP(_Visualisierung_1_1778072460684[[#This Row],[ISIN / Tranchenname ISIN]],'doc legali'!D:D,'doc legali'!E:E,"no",0) -> no
A94: 3399 | B94: Raiffeisen Euro Rendimento ESG | D94: AT0000A1PC52 | E94: Raiffeisen Euro Rendimento ESG (R) VTA | G94: Raiffeisen Euro Rendimento ESG (R) VTA | H94: Italia | I94: IT | J94: Retail | K94: 42668 | M94: Raiffeisen Kapitalanlage GmbH | N94: =_xlfn.XLOOKUP(_Visualisierung_1_1778072460684[[#This Row],[ISIN / Tranchenname ISIN]],'doc legali'!A:A,'doc legali'!B:B,"no",0) -> Raiffeisen-ESG-Euro-Rendite (R) VTA | Q94: =_xlfn.XLOOKUP(_Visualisierung_1_1778072460684[[#This Row],[ISIN / Tranchenname ISIN]],'doc legali'!D:D,'doc legali'!E:E,"no",0) -> no
A95: 3399 | B95: Raiffeisen Euro Rendimento ESG | D95: AT0000A1PC86 | E95: Raiffeisen Euro Rendimento ESG (S) VTA | G95: Raiffeisen Euro Rendimento ESG (S) VTA | H95: Italia | I95: IT | J95: Retail | K95: 42668 | M95: Raiffeisen Kapitalanlage GmbH | N95: =_xlfn.XLOOKUP(_Visualisierung_1_1778072460684[[#This Row],[ISIN / Tranchenname ISIN]],'doc legali'!A:A,'doc legali'!B:B,"no",0) -> Raiffeisen-ESG-Euro-Rendite (S) VTA | Q95: =_xlfn.XLOOKUP(_Visualisierung_1_1778072460684[[#This Row],[ISIN / Tranchenname ISIN]],'doc legali'!D:D,'doc legali'!E:E,"no",0) -> no
A96: 3616 | B96: Raiffeisen Euro Reserve | D96: AT0000A3RD65 | E96: Raiffeisen Euro Reserve (I) VTA | G96: Raiffeisen Euro Reserve (I) VTA | H96: Italia | I96: IT | J96: Kundenbetreuung | K96: 46160 | M96: Raiffeisen Kapitalanlage GmbH | N96: =_xlfn.XLOOKUP(_Visualisierung_1_1778072460684[[#This Row],[ISIN / Tranchenname ISIN]],'doc legali'!A:A,'doc legali'!B:B,"no",0) -> no | Q96: =_xlfn.XLOOKUP(_Visualisierung_1_1778072460684[[#This Row],[ISIN / Tranchenname ISIN]],'doc legali'!D:D,'doc legali'!E:E,"no",0) -> no
A97: 3616 | B97: Raiffeisen Euro Reserve | D97: AT0000A3RD99 | E97: Raiffeisen Euro Reserve (R) VTA | G97: Raiffeisen Euro Reserve (R) VTA | H97: Italia | I97: IT | J97: Kundenbetreuung | K97: 46160 | M97: Raiffeisen Kapitalanlage GmbH | N97: =_xlfn.XLOOKUP(_Visualisierung_1_1778072460684[[#This Row],[ISIN / Tranchenname ISIN]],'doc legali'!A:A,'doc legali'!B:B,"no",0) -> Raiffeisen Euro Reserve (R) VTA | Q97: =_xlfn.XLOOKUP(_Visualisierung_1_1778072460684[[#This Row],[ISIN / Tranchenname ISIN]],'doc legali'!D:D,'doc legali'!E:E,"no",0) -> no
A98: 3616 | B98: Raiffeisen Euro Reserve | D98: AT0000A3W323 | E98: Raiffeisen Euro Reserve (S) VTA | G98: Raiffeisen Euro Reserve (S) VTA | H98: Italia | I98: IT | J98: Kundenbetreuung | K98: 46300 | M98: Raiffeisen Kapitalanlage GmbH | N98: =_xlfn.XLOOKUP(_Visualisierung_1_1778072460684[[#This Row],[ISIN / Tranchenname ISIN]],'doc legali'!A:A,'doc legali'!B:B,"no",0) -> Raiffeisen Euro Reserve (S) VTA | Q98: =_xlfn.XLOOKUP(_Visualisierung_1_1778072460684[[#This Row],[ISIN / Tranchenname ISIN]],'doc legali'!D:D,'doc legali'!E:E,"no",0) -> no
A99: 339 | B99: Raiffeisen Euro-Corporates-ESG | D99: AT0000712534 | E99: Raiffeisen Euro-Corporates-ESG (R) VTA | F99: 70001749 | G99: Raiffeisen Euro-Corporates-ESG (R) VTA | H99: Italia | I99: IT | J99: Retail | K99: 37608 | M99: Raiffeisen Kapitalanlage GmbH | N99: =_xlfn.XLOOKUP(_Visualisierung_1_1778072460684[[#This Row],[ISIN / Tranchenname ISIN]],'doc legali'!A:A,'doc legali'!B:B,"no",0) -> Raiffeisen-ESG-Euro-Corporates (R) VTA | Q99: =_xlfn.XLOOKUP(_Visualisierung_1_1778072460684[[#This Row],[ISIN / Tranchenname ISIN]],'doc legali'!D:D,'doc legali'!E:E,"no",0) -> no
A100: 339 | B100: Raiffeisen Euro-Corporates-ESG | D100: AT0000A0PG42 | E100: Raiffeisen Euro-Corporates-ESG (S) A | F100: 70001749 | G100: Raiffeisen Euro-Corporates-ESG (S) A | H100: Italia | I100: IT | J100: Retail | K100: 40765 | M100: Raiffeisen Kapitalanlage GmbH | N100: =_xlfn.XLOOKUP(_Visualisierung_1_1778072460684[[#This Row],[ISIN / Tranchenname ISIN]],'doc legali'!A:A,'doc legali'!B:B,"no",0) -> Raiffeisen-ESG-Euro-Corporates (S) A | Q100: =_xlfn.XLOOKUP(_Visualisierung_1_1778072460684[[#This Row],[ISIN / Tranchenname ISIN]],'doc legali'!D:D,'doc legali'!E:E,"no",0) -> no
...

Sheet pros EN
A1: ISIN | B1: Tranchenname | C1: PROS / prospetto inglese
A2: AT0000607254 | B2: Raiffeisen 301 - Nachhaltigkeit - Euro Staatsanleihen VTA | C2: https://www.rcm.at/cs/rcm/DokumentDownload/Raiffeisen%20301%20-%20Nachhaltigkeit%20-%20Euro%20Staatsanleihen?dokument&enc=2cdJN80HkWFScNSGtZEvaQ6nM6b4fUJC0e8ovm8ppEAl7CA2nvTF%2FIZsBOWj42zKxlnhJVtUSa8%3D
A3: AT0000607270 | B3: Raiffeisen 304 - ESG - Euro Corporates (I) VTA | C3: https://www.rcm.at/cs/rcm/DokumentDownload/Raiffeisen%20304%20-%20ESG%20-%20Euro%20Corporates?dokument&enc=2cdJN80HkWFScNSGtZEvaQ6nM6b4fUJCFVTSgfGMbfGaMVXGjAJXKYZsBOWj42zKxlnhJVtUSa8%3D
A4: AT0000607312 | B4: Raiffeisen 314 - ESG - Euro Inflation Linked VTA | C4: https://www.rcm.at/cs/rcm/DokumentDownload/Raiffeisen%20314%20-%20ESG%20-%20Euro%20Inflation%20Linked?dokument&enc=2cdJN80HkWFScNSGtZEvaQ6nM6b4fUJCqQid%2BTnxCV8XW%2FJp458ZwoZsBOWj42zKxlnhJVtUSa8%3D
A5: AT0000A0QRR4 | B5: Raiffeisen 337 - Strategic Allocation Master I (I) VTA | C5: https://www.rcm.at/cs/rcm/DokumentDownload/Raiffeisen%20337%20-%20Strategic%20Allocation%20Master%20I?dokument&enc=2cdJN80HkWFScNSGtZEvaQ6nM6b4fUJCoNv7%2F8QXYGdk6WMhDHyMSoZsBOWj42zKxlnhJVtUSa8%3D
A6: AT0000A0RFT3 | B6: CONVERTINVEST All-Cap Convertibles Fund (I) A | C6: https://www.rcm.at/cs/rcm/DokumentDownload/CONVERTINVEST%20All-Cap%20Convertibles%20Fund?dokument&enc=2cdJN80HkWFScNSGtZEvaQ6nM6b4fUJCIDp%2Fsf11%2FoNOacKhRhOMQWmzLy%2FCN3fU28csqhBJaeM%3D
A7: AT0000A0RFV9 | B7: CONVERTINVEST All-Cap Convertibles Fund (I) VTA | C7: https://www.rcm.at/cs/rcm/DokumentDownload/CONVERTINVEST%20All-Cap%20Convertibles%20Fund?dokument&enc=2cdJN80HkWFScNSGtZEvaQ6nM6b4fUJCIDp%2Fsf11%2FoNOacKhRhOMQWmzLy%2FCN3fU28csqhBJaeM%3D
A8: AT0000707096 | B8: Dachfonds Südtirol (I) VTA | C8: https://www.rcm.at/cs/rcm/DokumentDownload/Raiffeisen%20304%20-%20ESG%20-%20Euro%20Corporates?dokument&enc=2cdJN80HkWFScNSGtZEvaQ6nM6b4fUJCFVTSgfGMbfGaMVXGjAJXKYZsBOWj42zKxlnhJVtUSa8%3D
A9: AT0000A0EYC8 | B9: Raiffeisen-Asia-Opportunities-ESG-Aktien (I) VTA | C9: https://www.rcm.at/cs/rcm/DokumentDownload/Raiffeisen-Asia-Opportunities-ESG-Aktien?dokument&enc=2cdJN80HkWFScNSGtZEvaQ6nM6b4fUJCxOADqVhy%2B1vu5WqY8ucCfoZsBOWj42zKxlnhJVtUSa8%3D
A10: AT0000A1BMQ7 | B10: Raiffeisen-Dynamic-Assets (I) VTA | C10: https://www.rcm.at/cs/rcm/DokumentDownload/Raiffeisen-Dynamic-Assets?dokument&enc=2cdJN80HkWFScNSGtZEvaQ6nM6b4fUJCnGYWSnCywkEnq6fMLkRpNOL%2BixUO94hiZbjMIVfMidM%3D
A11: AT0000A0FT23 | B11: Raiffeisen-EmergingMarkets-Rent (I) VTA | C11: https://www.rcm.at/cs/rcm/DokumentDownload/Raiffeisen-EmergingMarkets-Rent?dokument&enc=2cdJN80HkWFScNSGtZEvaQ6nM6b4fUJCqQid%2BTnxCV9edpXwhiaogIZsBOWj42zKxlnhJVtUSa8%3D
A12: AT0000A1JU66 | B12: Raiffeisen-ESG-Income (I) VTA | C12: https://www.rcm.at/cs/rcm/DokumentDownload/Raiffeisen-ESG-Income?dokument&enc=2cdJN80HkWFScNSGtZEvaQ6nM6b4fUJCS%2B2jGpjoSt2xXxemliTsF%2BL%2BixUO94hiZbjMIVfMidM%3D
... A48: AT0000A2R4C1 | B48: Raiffeisen-Mehrwert 2027 VTA | C48: https://www.rcm.at/cs/rcm/DokumentDownload/Raiffeisen-Mehrwert%202027?dokument&enc=2cdJN80HkWFScNSGtZEvaQ6nM6b4fUJCkoDHAs67HFNubWC73EHCm2W4zCFXzInT

Sheet ML_Vertriebszulassungen (Fon...
A1: XentisNo. / Fundname | C1: End of fund | D1: ISIN / Name of Shareclass | F1: BAFIN GZ ID | G1: local name | H1: Distribution Country / ISO-Code | J1: Fund responsibility | K1: Date of registration | L1: Date of deregistration | M1: Issuer (Investment company) | N1: in file? | P1: DEL: tutti con data in L/Deregistrierung, fondi con (I) in B e fondi Insti (300+902)
A2: 3474 | B2: CONVERTINVEST A.R.S. Fund | D2: AT0000A2KUE5 | E2: CONVERTINVEST A.R.S. Fund (R) A | G2: CONVERTINVEST A.R.S. Fund (R) A | H2: Italia | I2: IT | J2: IKÖ | K2: 21.12.2020 | M2: Raiffeisen Kapitalanlage GmbH | N2: =VLOOKUP(D2,'doc legali'!A:B,2,FALSE) -> #N/A
A3: 3474 | B3: CONVERTINVEST A.R.S. Fund | D3: AT0000A2KUH8 | E3: CONVERTINVEST A.R.S. Fund (S) VTA | G3: CONVERTINVEST A.R.S. Fund (S) VTA | H3: Italia | I3: IT | J3: IKÖ | K3: 21.12.2020 | M3: Raiffeisen Kapitalanlage GmbH | N3: =VLOOKUP(D3,'doc legali'!A:B,2,FALSE) -> #N/A
A4: 3223 | B4: CONVERTINVEST All-Cap Convertibles Fund | D4: AT0000A0RFT3 | E4: CONVERTINVEST All-Cap Convertibles Fund (I) A | F4: 70135333 | G4: CONVERTINVEST All-Cap Convertibles Fund (I) A | H4: Italia | I4: IT | J4: IKÖ | K4: 10.11.2017 | L4: 31.07.2024 | M4: Raiffeisen Kapitalanlage GmbH | N4: =VLOOKUP(D4,'doc legali'!A:B,2,FALSE) -> #N/A
A5: 3223 | B5: CONVERTINVEST All-Cap Convertibles Fund | D5: AT0000A0RFV9 | E5: CONVERTINVEST All-Cap Convertibles Fund (I) VTA | F5: 70135333 | G5: CONVERTINVEST All-Cap Convertibles Fund (I) VTA | H5: Italia | I5: IT | J5: IKÖ | K5: 07.10.2015 | M5: Raiffeisen Kapitalanlage GmbH | N5: =VLOOKUP(D5,'doc legali'!A:B,2,FALSE) -> #N/A
A6: 3223 | B6: CONVERTINVEST All-Cap Convertibles Fund | D6: AT0000A21LL5 | E6: CONVERTINVEST All-Cap Convertibles Fund (R) VTA | F6: 70135333 | G6: CONVERTINVEST All-Cap Convertibles Fund (R) VTA | H6: Italia | I6: IT | J6: IKÖ | K6: 02.07.2018 | M6: Raiffeisen Kapitalanlage GmbH | N6: =VLOOKUP(D6,'doc legali'!A:B,2,FALSE) -> CONVERTINVEST All Cap Investment Grade (R) VTA
A7: 3223 | B7: CONVERTINVEST All-Cap Convertibles Fund | D7: AT0000A09016 | E7: CONVERTINVEST All-Cap Convertibles Fund (S) VTA | F7: 70135333 | G7: CONVERTINVEST All-Cap Convertibles Fund (S) VTA | H7: Italia | I7: IT | J7: IKÖ | K7: 07.10.2015 | M7: Raiffeisen Kapitalanlage GmbH | N7: =VLOOKUP(D7,'doc legali'!A:B,2,FALSE) -> CONVERTINVEST All Cap Investment Grade (S) VTA
A8: 343 | B8: Dachfonds Südtirol | D8: AT0000707096 | E8: Dachfonds Südtirol (I) VTA | G8: Dachfonds Südtirol (I) VTA | H8: Italia | I8: IT | J8: Italien | K8: 15.03.2017 | M8: Raiffeisen Kapitalanlage GmbH | N8: =VLOOKUP(D8,'doc legali'!A:B,2,FALSE) -> #N/A
A9: 343 | B9: Dachfonds Südtirol | D9: AT0000A0KR10 | E9: Dachfonds Südtirol (R) VTA | G9: Dachfonds Südtirol (R) VTA | H9: Italia | I9: IT | J9: Italien | K9: 21.02.2011 | M9: Raiffeisen Kapitalanlage GmbH | N9: =VLOOKUP(D9,'doc legali'!A:B,2,FALSE) -> Dachfonds Südtirol (R) VTA
A10: 343 | B10: Dachfonds Südtirol | D10: AT0000A1AD33 | E10: Dachfonds Südtirol (S) A | G10: Dachfonds Südtirol (S) A | H10: Italia | I10: IT | J10: Italien | K10: 02.02.2015 | M10: Raiffeisen Kapitalanlage GmbH | N10: =VLOOKUP(D10,'doc legali'!A:B,2,FALSE) -> Dachfonds Südtirol (S) A
A11: 691 | B11: Fondo Garantito Raiffeisen TopSelection | C11: 06.11.2013 | D11: AT0000A014J4 | E11: Fondo Garantito Raiffeisen TopSelection | G11: Fondo Garantito Raiffeisen TopSelection | H11: Italia | I11: IT | J11: Retail | K11: 07.11.2006 | L11: 06.11.2013 | M11: Raiffeisen Kapitalanlage GmbH | N11: =VLOOKUP(D11,'doc legali'!A:B,2,FALSE) -> #N/A
A12: 691 | B12: Fondo Garantito Raiffeisen TopSelection | C12: 06.11.2013 | D12: AT0000A014G0 | E12: Fondo Garantito Raiffeisen TopSelection | G12: Fondo Garantito Raiffeisen TopSelection | H12: Italia | I12: IT | J12: Retail | K12: 07.11.2006 | L12: 06.11.2013 | M12: Raiffeisen Kapitalanlage GmbH | N12: =VLOOKUP(D12,'doc legali'!A:B,2,FALSE) -> #N/A
A13: 3527 | B13: Index-Selection-Equity | D13: AT0000A3B1H3 | E13: Index-Selection-Equity (R) VTA | G13: Index-Selection-Equity (R) VTA | H13: Italia | I13: IT | J13: Retail | K13: 06.06.2024 | M13: Raiffeisen Kapitalanlage GmbH | N13: =VLOOKUP(D13,'doc legali'!A:B,2,FALSE) -> Index-Selection-Equity (R) VTA
A14: 137 | B14: R 305 - Non-Euro Equities | C14: 07.03.2019 | D14: AT0000607288 | E14: R 305 - Non-Euro Equities VTA | G14: Raiffeisen 305 - Non-Euro Equities VTA | H14: Italia | I14: IT | J14: Kundenbetreuung | K14: 01.01.2001 | L14: 07.03.2019 | M14: Raiffeisen Kapitalanlage GmbH | N14: =VLOOKUP(D14,'doc legali'!A:B,2,FALSE) -> #N/A
A15: 160 | B15: R 308 - Euro-Equities | C15: 15.12.2020 | D15: AT0000607296 | E15: R 308 - Euro-Equities | H15: Italia | I15: IT | J15: Kundenbetreuung | K15: 01.01.2001 | L15: 31.03.2011 | M15: Raiffeisen Kapitalanlage GmbH | N15: =VLOOKUP(D15,'doc legali'!A:B,2,FALSE) -> #N/A
A16: 160 | B16: R 308 - Euro-Equities | C16: 15.12.2020 | D16: AT0000789276 | E16: R 308 - Euro-Equities A | G16: Raiffeisen 308 - Euro Equities A | H16: Italia | I16: IT | J16: Kundenbetreuung | K16: 01.01.2001 | L16: 15.12.2020 | M16: Raiffeisen Kapitalanlage GmbH | N16: =VLOOKUP(D16,'doc legali'!A:B,2,FALSE) -> #N/A
A17: 396 | B17: R 311 | C17: 30.05.2012 | D17: AT0000617147 | E17: R 311 | H17: Italia | I17: IT | J17: RIFA | K17: 01.01.2001 | L17: 30.03.2012 | M17: Raiffeisen Kapitalanlage GmbH | N17: =VLOOKUP(D17,'doc legali'!A:B,2,FALSE) -> #N/A
A18: 3377 | B18: R 355 | C18: 09.05.2018 | D18: AT0000A1G379 | E18: R 355 VTA | G18: R 355 VTA | H18: Italia | I18: IT | J18: Italien | K18: 24.09.2015 | L18: 09.05.2018 | M18: Raiffeisen Kapitalanlage GmbH | N18: =VLOOKUP(D18,'doc legali'!A:B,2,FALSE) -> #N/A
A19: 155 | B19: R 88-Fonds | C19: 08.10.2013 | D19: AT0000654892 | E19: R 88-Fonds VTA | H19: Italia | I19: IT | J19: RIFA Ö | K19: 29.10.2003 | L19: 08.10.2013 | M19: Raiffeisen Kapitalanlage GmbH | N19: =VLOOKUP(D19,'doc legali'!A:B,2,FALSE) -> #N/A
A20: 3384 | B20: R-Südtirol | D20: AT0000A1HG17 | E20: R-Südtirol A | G20: R-Südtirol A | H20: Italia | I20: IT | J20: Italien | K20: 15.12.2015 | M20: Raiffeisen Kapitalanlage GmbH | N20: =VLOOKUP(D20,'doc legali'!A:B,2,FALSE) -> #N/A
A21: 342 | B21: Raiffeisen 304 - Euro Corporates - ESG | D21: AT0000607270 | E21: Raiffeisen 304 - Euro Corporates - ESG (I) VTA | F21: 70141979 | G21: Raiffeisen 304 - ESG - Euro Corporates (I) VTA | H21: Italia | I21: IT | J21: Kundenbetreuung | K21: 01.01.2001 | M21: Raiffeisen Kapitalanlage GmbH | N21: =VLOOKUP(D21,'doc legali'!A:B,2,FALSE) -> #N/A
A22: 323 | B22: Raiffeisen 310 - CEE Bonds | C22: 22.07.2009 | D22: AT0000607338 | E22: Raiffeisen 310 - CEE Bonds | H22: Italia | I22: IT | J22: IKÖ-alt | K22: 01.02.2005 | L22: 22.07.2009 | M22: Raiffeisen Kapitalanlage GmbH | N22: =VLOOKUP(D22,'doc legali'!A:B,2,FALSE) -> #N/A
A23: 437 | B23: Raiffeisen 313 - Euro Bonds Trend Follower | C23: 30.04.2018 | D23: AT0000607304 | E23: Raiffeisen 313 - Euro Bonds Trend Follower VTA | F23: 70142070 | G23: Raiffeisen 313 - Euro Trend Follower VTA | H23: Italia | I23: IT | J23: Kundenbetreuung | K23: 01.01.2001 | L23: 30.04.2018 | M23: Raiffeisen Kapitalanlage GmbH | N23: =VLOOKUP(D23,'doc legali'!A:B,2,FALSE) -> #N/A
A24: 447 | B24: Raiffeisen 314 - Euro Inflation Linked - ESG | D24: AT0000607312 | E24: Raiffeisen 314 - Euro Inflation Linked - ESG VTA | F24: 70141986 | G24: Raiffeisen 314 - ESG - Euro Inflation Linked VTA | H24: Italia | I24: IT | J24: Kundenbetreuung | K24: 01.01.2001 | M24: Raiffeisen Kapitalanlage GmbH | N24: =VLOOKUP(D24,'doc legali'!A:B,2,FALSE) -> #N/A
A25: 658 | B25: Raiffeisen 322 - Euro Alpha Duration | C25: 29.01.2015 | D25: AT0000A03G36 | E25: Raiffeisen 322 - Euro Alpha Duration | H25: Italia | I25: IT | J25: RIFA | K25: 14.12.2007 | L25: 29.01.2015 | M25: Raiffeisen Kapitalanlage GmbH | N25: =VLOOKUP(D25,'doc legali'!A:B,2,FALSE) -> #N/A
A26: 3084 | B26: Raiffeisen 323 - Euro VA Trend Follower | C26: 07.12.2011 | D26: AT0000A0B5M7 | E26: Raiffeisen 323 - Euro VA Trend Follower V | H26: Italia | I26: IT | J26: IKÖ-alt | K26: 25.02.2010 | L26: 07.12.2011 | M26: Raiffeisen Kapitalanlage GmbH | N26: =VLOOKUP(D26,'doc legali'!A:B,2,FALSE) -> #N/A
A27: 696 | B27: Raiffeisen 325 - FX Alpha | C27: 27.10.2008 | D27: AT0000A039B8 | E27: Raiffeisen 325 - FX Alpha | H27: Italia | I27: IT | J27: IKÖ-alt | K27: 17.09.2007 | L27: 27.10.2008 | M27: Raiffeisen Kapitalanlage GmbH | N27: =VLOOKUP(D27,'doc legali'!A:B,2,FALSE) -> #N/A
A28: 213 | B28: Raiffeisen 326 - Asset Allocation Alpha | C28: 31.03.2009 | D28: AT0000A03HX6 | E28: Raiffeisen 326 - Asset Allocation Alpha | H28: Italia | I28: IT | J28: IKÖ-alt | K28: 17.09.2007 | L28: 26.03.2009 | M28: Raiffeisen Kapitalanlage GmbH | N28: =VLOOKUP(D28,'doc legali'!A:B,2,FALSE) -> #N/A
A29: 3048 | B29: Raiffeisen 336 - GTAA Overlay | C29: 29.04.2015 | D29: AT0000A07YP8 | E29: Raiffeisen 336 - GTAA Overlay (I) | H29: Italia | I29: IT | J29: RIFA | K29: 17.11.2008 | L29: 29.04.2015 | M29: Raiffeisen Kapitalanlage GmbH | N29: =VLOOKUP(D29,'doc legali'!A:B,2,FALSE) -> #N/A
A30: 3048 | B30: Raiffeisen 336 - GTAA Overlay | C30: 29.04.2015 | D30: AT0000A0CU07 | E30: Raiffeisen 336 - GTAA Overlay (R) | H30: Italia | I30: IT | J30: RIFA | K30: 22.04.2009 | L30: 29.04.2015 | M30: Raiffeisen Kapitalanlage GmbH | N30: =VLOOKUP(D30,'doc legali'!A:B,2,FALSE) -> #N/A
A31: 3032 | B31: Raiffeisen 902 Sustainable Euro Gov. Bonds II | C31: 05.10.2023 | D31: AT0000A06QF7 | E31: Raiffeisen 902 Sustainable Euro Gov. Bonds II VTA | F31: 70141983 | G31: Raiffeisen 902 Sustainable Euro Gov. Bonds II VTA | H31: Italia | I31: IT | J31: Kundenbetreuung | K31: 30.01.2008 | L31: 05.10.2023 | M31: Raiffeisen Kapitalanlage GmbH | N31: =VLOOKUP(D31,'doc legali'!A:B,2,FALSE) -> #N/A
A32: 3057 | B32: Raiffeisen 904 - Treasury Alpha | C32: 31.10.2012 | D32: AT0000A09172 | E32: Raiffeisen 904 - Treasury Alpha (I) | H32: Italia | I32: IT | J32: RIFA | K32: 10.06.2008 | L32: 31.10.2012 | M32: Raiffeisen Kapitalanlage GmbH | N32: =VLOOKUP(D32,'doc legali'!A:B,2,FALSE) -> #N/A
A33: 3057 | B33: Raiffeisen 904 - Treasury Alpha | C33: 31.10.2012 | D33: AT0000A0CTY6 | E33: Raiffeisen 904 - Treasury Alpha (R) | H33: Italia | I33: IT | J33: RIFA | K33: 22.04.2009 | L33: 31.10.2012 | M33: Raiffeisen Kapitalanlage GmbH | N33: =VLOOKUP(D33,'doc legali'!A:B,2,FALSE) -> #N/A
A34: 638 | B34: Raiffeisen A.R. Global Balanced | C34: 29.04.2015 | D34: AT0000500897 | E34: Raiffeisen A.R. Global Balanced | H34: Italia | I34: IT | J34: RIFA | K34: 04.10.2006 | L34: 29.04.2015 | M34: Raiffeisen Kapitalanlage GmbH | N34: =VLOOKUP(D34,'doc legali'!A:B,2,FALSE) -> #N/A
A35: 3141 | B35: Raiffeisen Active Commodities | D35: AT0000A0H0S9 | E35: Raiffeisen Active Commodities (R) VTA | G35: Raiffeisen Active Commodities (R) VTA | H35: Italia | I35: IT | J35: Retail | K35: 01.05.2010 | M35: Raiffeisen Kapitalanlage GmbH | N35: =VLOOKUP(D35,'doc legali'!A:B,2,FALSE) -> Raiffeisen-Active-Commodities (R) VTA
A36: 295 | B36: Raiffeisen Azionario Asia Opportunities-ESG | D36: AT0000A0EYC8 | E36: Raiffeisen Azionario Asia Opportunities-ESG (I) VTA | F36: 70001304 | G36: Raiffeisen Azionario Asia Opportunities-ESG (I) VTA | H36: Italia | I36: IT | J36: Retail | K36: 04.01.2010 | M36: Raiffeisen Kapitalanlage GmbH | N36: =VLOOKUP(D36,'doc legali'!A:B,2,FALSE) -> #N/A
A37: 295 | B37: Raiffeisen Azionario Asia Opportunities-ESG | D37: AT0000745872 | E37: Raiffeisen Azionario Asia Opportunities-ESG (R) VTA | F37: 70001304 | G37: Raiffeisen Azionario Asia Opportunities-ESG (R) VTA | H37: Italia | I37: IT | J37: Retail | K37: 11.09.2000 | M37: Raiffeisen Kapitalanlage GmbH | N37: =VLOOKUP(D37,'doc legali'!A:B,2,FALSE) -> Raiffeisen-Asia-Opportunities-ESG-Aktien (R) VTA
A38: 170 | B38: Raiffeisen Azionario Attivo | D38: AT0000712575 | E38: Raiffeisen Azionario Attivo (R) VTA | G38: Raiffeisen Azionario Attivo (R) VTA | H38: Italia | I38: IT | J38: Retail | K38: 04.10.2007 | M38: Raiffeisen Kapitalanlage GmbH | N38: =VLOOKUP(D38,'doc legali'!A:B,2,FALSE) -> Raiffeisen-Active-Aktien (R) VTA
A39: 370 | B39: Raiffeisen Azionario Consumo | C39: 14.06.2007 | D39: AT0000688809 | E39: Raiffeisen Azionario Consumo | H39: Italia | I39: IT | J39: Retail | K39: 18.12.2002 | L39: 14.06.2007 | M39: Raiffeisen Kapitalanlage GmbH | N39: =VLOOKUP(D39,'doc legali'!A:B,2,FALSE) -> #N/A
A40: 3049 | B40: Raiffeisen Azionario Emerging ASEAN | C40: 22.07.2009 | D40: AT0000A07FW3 | E40: Raiffeisen Azionario Emerging ASEAN | H40: Italia | I40: IT | J40: Retail | K40: 27.05.2008 | L40: 22.07.2009 | M40: Raiffeisen Kapitalanlage GmbH | N40: =VLOOKUP(D40,'doc legali'!A:B,2,FALSE) -> #N/A
A41: 367 | B41: Raiffeisen Azionario Energia | D41: AT0000688684 | E41: Raiffeisen Azionario Energia (R) VTA | F41: 70002203 | G41: Raiffeisen Azionario Energia (R) VTA | H41: Italia | I41: IT | J41: Retail | K41: 18.12.2002 | M41: Raiffeisen Kapitalanlage GmbH | N41: =VLOOKUP(D41,'doc legali'!A:B,2,FALSE) -> Raiffeisen-Energie-Aktien (R) VTA
A42: 56 | B42: Raiffeisen Azionario Europa Centrale-ESG | D42: AT0000A0EY50 | E42: Raiffeisen Azionario Europa Centrale-ESG (I) VTA | F42: 70000464 | G42: Raiffeisen Azionario Europa Centrale-ESG (I) VTA | H42: Italia | I42: IT | J42: Retail | K42: 04.01.2010 | M42: Raiffeisen Kapitalanlage GmbH | N42: =VLOOKUP(D42,'doc legali'!A:B,2,FALSE) -> #N/A
A43: 56 | B43: Raiffeisen Azionario Europa Centrale-ESG | D43: AT0000785241 | E43: Raiffeisen Azionario Europa Centrale-ESG (R) VTA | F43: 70000464 | G43: Raiffeisen Azionario Europa Centrale-ESG (R) VTA | H43: Italia | I43: IT | J43: Retail | K43: 26.05.1999 | M43: Raiffeisen Kapitalanlage GmbH | N43: =VLOOKUP(D43,'doc legali'!A:B,2,FALSE) -> Raiffeisen-Zentraleuropa-ESG-Aktien (R) VTA
A44: 153 | B44: Raiffeisen Azionario Europa Crescita | C44: 18.11.2003 | D44: AT0000785282 | E44: Raiffeisen Azionario Europa Crescita | H44: Italia | I44: IT | J44: Retail | K44: 26.05.1999 | L44: 18.11.2003 | M44: Raiffeisen Kapitalanlage GmbH | N44: =VLOOKUP(D44,'doc legali'!A:B,2,FALSE) -> #N/A
A45: 3016 | B45: Raiffeisen Azionario Europa Emergente SmallCap | C45: 24.07.2009 | D45: AT0000A05JJ6 | E45: Raiffeisen Azionario Europa Emergente SmallCap | H45: Italia | I45: IT | J45: Retail | K45: 10.06.2008 | L45: 24.07.2009 | M45: Raiffeisen Kapitalanlage GmbH | N45: =VLOOKUP(D45,'doc legali'!A:B,2,FALSE) -> #N/A
A46: 366 | B46: Raiffeisen Azionario Finanza | C46: 13.12.2006 | D46: AT0000688742 | E46: Raiffeisen Azionario Finanza | H46: Italia | I46: IT | J46: Retail | K46: 18.12.2002 | L46: 13.12.2006 | M46: Raiffeisen Kapitalanlage GmbH | N46: =VLOOKUP(D46,'doc legali'!A:B,2,FALSE) -> #N/A
A47: 685 | B47: Raiffeisen Azionario Fondamentale Globale | C47: 08.08.2011 | D47: AT0000A01690 | E47: Raiffeisen Azionario Fondamentale Globale | H47: Italia | I47: IT | J47: Rifa | K47: 04.10.2006 | L47: 09.08.2011 | M47: Raiffeisen Kapitalanlage GmbH | N47: =VLOOKUP(D47,'doc legali'!A:B,2,FALSE) -> #N/A
A48: 621 | B48: Raiffeisen Azionario GlobalDividend-ESG | D48: AT0000A0LST9 | E48: Raiffeisen Azionario GlobalDividend-ESG (I) VTA | F48: 70002403 | G48: Raiffeisen Azionario GlobalDividend-ESG (I) VTA | H48: Italia | I48: IT | J48: Retail | K48: 17.04.2018 | M48: Raiffeisen Kapitalanlage GmbH | N48: =VLOOKUP(D48,'doc legali'!A:B,2,FALSE) -> #N/A
A49: 621 | B49: Raiffeisen Azionario GlobalDividend-ESG | D49: AT0000495304 | E49: Raiffeisen Azionario GlobalDividend-ESG (R) VTA | F49: 70002403 | G49: Raiffeisen Azionario GlobalDividend-ESG (R) VTA | H49: Italia | I49: IT | J49: Retail | K49: 06.04.2006 | M49: Raiffeisen Kapitalanlage GmbH | N49: =VLOOKUP(D49,'doc legali'!A:B,2,FALSE) -> Raiffeisen-GlobalDividend-ESG-Aktien (R) VTA
A50: 40 | B50: Raiffeisen Azionario Globale | C50: 15.12.2021 | D50: AT0000A0LSS1 | E50: Raiffeisen Azionario Globale (I) VTA | F50: 70001462 | G50: Raiffeisen Azionario Globale (I) VTA | H50: Italia | I50: IT | J50: Retail | K50: 17.04.2018 | L50: 15.12.2021 | M50: Raiffeisen Kapitalanlage GmbH | N50: =VLOOKUP(D50,'doc legali'!A:B,2,FALSE) -> #N/A
A51: 40 | B51: Raiffeisen Azionario Globale | C51: 15.12.2021 | D51: AT0000785266 | E51: Raiffeisen Azionario Globale (R) VTA | F51: 70001462 | G51: Raiffeisen Azionario Globale (R) VTA | H51: Italia | I51: IT | J51: Retail | K51: 26.05.1999 | L51: 15.12.2021 | M51: Raiffeisen Kapitalanlage GmbH | N51: =VLOOKUP(D51,'doc legali'!A:B,2,FALSE) -> #N/A
A52: 368 | B52: Raiffeisen Azionario HighTech-ESG | D52: AT0000A2R8R0 | E52: Raiffeisen Azionario HighTech-ESG (I) VTA | F52: 70169229 | G52: Raiffeisen Azionario HighTech-ESG (I) VTA | H52: Italia | I52: IT | J52: Retail | K52: 01.06.2021 | M52: Raiffeisen Kapitalanlage GmbH | N52: =VLOOKUP(D52,'doc legali'!A:B,2,FALSE) -> #N/A
A53: 368 | B53: Raiffeisen Azionario HighTech-ESG | D53: AT0000688866 | E53: Raiffeisen Azionario HighTech-ESG (R) VTA | F53: 70169229 | G53: Raiffeisen Azionario HighTech-ESG (R) VTA | H53: Italia | I53: IT | J53: Retail | K53: 18.12.2002 | M53: Raiffeisen Kapitalanlage GmbH | N53: =VLOOKUP(D53,'doc legali'!A:B,2,FALSE) -> Raiffeisen-HighTech-ESG-Aktien (R) VTA
A54: 259 | B54: Raiffeisen Azionario MegaTrends ESG | D54: AT0000A28LK2 | E54: Raiffeisen Azionario MegaTrends ESG (I) VTA | F54: 70001068 | G54: Raiffeisen Azionario MegaTrends ESG (I) VTA | H54: Italia | I54: IT | J54: Retail | K54: 01.08.2019 | M54: Raiffeisen Kapitalanlage GmbH | N54: =VLOOKUP(D54,'doc legali'!A:B,2,FALSE) -> #N/A
A55: 259 | B55: Raiffeisen Azionario MegaTrends ESG | D55: AT0000A28LJ4 | E55: Raiffeisen Azionario MegaTrends ESG (R) VTA | F55: 70001068 | G55: Raiffeisen Azionario MegaTrends ESG (R) VTA | H55: Italia | I55: IT | J55: Retail | K55: 01.08.2019 | M55: Raiffeisen Kapitalanlage GmbH | N55: =VLOOKUP(D55,'doc legali'!A:B,2,FALSE) -> Raiffeisen-MegaTrends-ESG-Aktien (R) VTA
A56: 167 | B56: Raiffeisen Azionario Mercati Emergenti | C56: 02.12.2021 | D56: AT0000A0FT15 | E56: Raiffeisen Azionario Mercati Emergenti (I) VTA | F56: 70002205 | G56: Raiffeisen Azionario Mercati Emergenti (I) VTA | H56: Italia | I56: IT | J56: Retail | K56: 17.04.2018 | L56: 02.12.2021 | M56: Raiffeisen Kapitalanlage GmbH | N56: =VLOOKUP(D56,'doc legali'!A:B,2,FALSE) -> #N/A
A57: 167 | B57: Raiffeisen Azionario Mercati Emergenti | C57: 02.12.2021 | D57: AT0000497268 | E57: Raiffeisen Azionario Mercati Emergenti (R) VTA | F57: 70002205 | G57: Raiffeisen Azionario Mercati Emergenti (R) VTA | H57: Italia | I57: IT | J57: Retail | K57: 19.10.2009 | L57: 02.12.2021 | M57: Raiffeisen Kapitalanlage GmbH | N57: =VLOOKUP(D57,'doc legali'!A:B,2,FALSE) -> #N/A
A58: 3071 | B58: Raiffeisen Azionario New Infrastructure-ESG | D58: AT0000A3L7N6 | E58: Raiffeisen Azionario New Infrastructure-ESG (I) VTA | F58: 70168993 | G58: Raiffeisen Azionario New Infrastructure-ESG (I) VTA | H58: Italia | I58: IT | J58: Retail | K58: 14.07.2025 | M58: Raiffeisen Kapitalanlage GmbH | N58: =VLOOKUP(D58,'doc legali'!A:B,2,FALSE) -> #N/A
A59: 3071 | B59: Raiffeisen Azionario New Infrastructure-ESG | D59: AT0000A2R8P4 | E59: Raiffeisen Azionario New Infrastructure-ESG (I) VTA | F59: 70168993 | G59: Raiffeisen Azionario New Infrastructure-ESG (I) VTA | H59: Italia | I59: IT | J59: Retail | K59: 01.06.2021 | L59: 30.09.2024 | M59: Raiffeisen Kapitalanlage GmbH | N59: =VLOOKUP(D59,'doc legali'!A:B,2,FALSE) -> #N/A
A60: 3071 | B60: Raiffeisen Azionario New Infrastructure-ESG | D60: AT0000A09ZL0 | E60: Raiffeisen Azionario New Infrastructure-ESG (R) VTA | F60: 70168993 | G60: Raiffeisen Azionario New Infrastructure-ESG (R) VTA | H60: Italia | I60: IT | J60: Retail | K60: 01.05.2010 | M60: Raiffeisen Kapitalanlage GmbH | N60: =VLOOKUP(D60,'doc legali'!A:B,2,FALSE) -> Raiffeisen-NewInfrastructure-ESG-Aktien (R) VTA
A61: 265 | B61: Raiffeisen Azionario Pacifico | C61: 29.04.2022 | D61: AT0000A0MRG6 | E61: Raiffeisen Azionario Pacifico (I) VTA | F61: 70001464 | G61: Raiffeisen Azionario Pacifico (I) VTA | H61: Italia | I61: IT | J61: Retail | K61: 17.04.2018 | L61: 29.04.2022 | M61: Raiffeisen Kapitalanlage GmbH | N61: =VLOOKUP(D61,'doc legali'!A:B,2,FALSE) -> #N/A
A62: 265 | B62: Raiffeisen Azionario Pacifico | C62: 29.04.2022 | D62: AT0000764170 | E62: Raiffeisen Azionario Pacifico (R) VTA | F62: 70001464 | G62: Raiffeisen Azionario Pacifico (R) VTA | H62: Italia | I62: IT | J62: Retail | K62: 24.03.2000 | L62: 29.04.2022 | M62: Raiffeisen Kapitalanlage GmbH | N62: =VLOOKUP(D62,'doc legali'!A:B,2,FALSE) -> #N/A
A63: 3449 | B63: Raiffeisen Azionario PAXetBONUM | D63: AT0000A261L7 | E63: Raiffeisen Azionario PAXetBONUM (I) VTA | F63: 70155990 | G63: Raiffeisen Azionario PAXetBONUM (I) VTA | H63: Italia | I63: IT | J63: Retail | K63: 17.05.2019 | M63: Raiffeisen Kapitalanlage GmbH | N63: =VLOOKUP(D63,'doc legali'!A:B,2,FALSE) -> #N/A
A64: 3449 | B64: Raiffeisen Azionario PAXetBONUM | D64: AT0000A261H5 | E64: Raiffeisen Azionario PAXetBONUM (R) VTA | F64: 70155990 | G64: Raiffeisen Azionario PAXetBONUM (R) VTA | H64: Italia | I64: IT | J64: Retail | K64: 17.05.2019 | M64: Raiffeisen Kapitalanlage GmbH | N64: =VLOOKUP(D64,'doc legali'!A:B,2,FALSE) -> Raiffeisen-PAXetBONUM-Aktien (R) VTA
A65: 3052 | B65: Raiffeisen Azionario Russia | D65: AT0000A0LSR3 | E65: Raiffeisen Azionario Russia (I) VTA | F65: 70135130 | G65: Raiffeisen Azionario Russia (I) VTA | H65: Italia | I65: IT | J65: Retail | K65: 17.04.2018 | M65: Raiffeisen Kapitalanlage GmbH | N65: =VLOOKUP(D65,'doc legali'!A:B,2,FALSE) -> #N/A
A66: 3052 | B66: Raiffeisen Azionario Russia | D66: AT0000A07FS1 | E66: Raiffeisen Azionario Russia (R) VTA | F66: 70135130 | G66: Raiffeisen Azionario Russia (R) VTA | H66: Italia | I66: IT | J66: Retail | K66: 10.06.2008 | M66: Raiffeisen Kapitalanlage GmbH | N66: =VLOOKUP(D66,'doc legali'!A:B,2,FALSE) -> Raiffeisen-Russland-Aktien (R) VTA
A67: 334 | B67: Raiffeisen Azionario Salute e Benessere-ESG | D67: AT0000A2R8Q2 | E67: Raiffeisen Azionario Salute e Benessere-ESG (I) VTA | F67: 70164492 | G67: Raiffeisen Azionario Salute e Benessere-ESG (I) VTA | H67: Italia | I67: IT | J67: Retail | K67: 01.06.2021 | L67: 30.09.2024 | M67: Raiffeisen Kapitalanlage GmbH | N67: =VLOOKUP(D67,'doc legali'!A:B,2,FALSE) -> #N/A
A68: 334 | B68: Raiffeisen Azionario Salute e Benessere-ESG | D68: AT0000712716 | E68: Raiffeisen Azionario Salute e Benessere-ESG (R) VTA | F68: 70164492 | G68: Raiffeisen Azionario Salute e Benessere-ESG (R) VTA | H68: Italia | I68: IT | J68: Retail | K68: 18.12.2002 | M68: Raiffeisen Kapitalanlage GmbH | N68: =VLOOKUP(D68,'doc legali'!A:B,2,FALSE) -> Raiffeisen-Health and Wellbeing-ESG-Aktien (R) VTA
A69: 3467 | B69: Raiffeisen Azionario SmartEnergy ESG | D69: AT0000A2NYB7 | E69: Raiffeisen Azionario SmartEnergy ESG (I) VTA | F69: 70158702 | G69: Raiffeisen Azionario SmartEnergy ESG (I) VTA | H69: Italia | I69: IT | J69: Retail | K69: 01.03.2021 | M69: Raiffeisen Kapitalanlage GmbH | N69: =VLOOKUP(D69,'doc legali'!A:B,2,FALSE) -> #N/A
A70: 3467 | B70: Raiffeisen Azionario SmartEnergy ESG | D70: AT0000A2ETT8 | E70: Raiffeisen Azionario SmartEnergy ESG (R) VTA | F70: 70158702 | G70: Raiffeisen Azionario SmartEnergy ESG (R) VTA | H70: Italia | I70: IT | J70: Retail | K70: 17.02.2021 | M70: Raiffeisen Kapitalanlage GmbH | N70: =VLOOKUP(D70,'doc legali'!A:B,2,FALSE) -> Raiffeisen-SmartEnergy-ESG-Aktien (R) VTA
A71: 378 | B71: Raiffeisen Azionario Sostenibile | D71: AT0000A20EZ2 | E71: Raiffeisen Azionario Sostenibile (I) VTA | F71: 70001649 | G71: Raiffeisen Azionario Sostenibile (I) VTA | H71: Italia | I71: IT | J71: Retail | K71: 02.04.2019 | M71: Raiffeisen Kapitalanlage GmbH | N71: =VLOOKUP(D71,'doc legali'!A:B,2,FALSE) -> #N/A
A72: 378 | B72: Raiffeisen Azionario Sostenibile | D72: AT0000677927 | E72: Raiffeisen Azionario Sostenibile (R) VTA | F72: 70001649 | G72: Raiffeisen Azionario Sostenibile (R) VTA | H72: Italia | I72: IT | J72: Retail | K72: 18.12.2002 | M72: Raiffeisen Kapitalanlage GmbH | N72: =VLOOKUP(D72,'doc legali'!A:B,2,FALSE) -> Raiffeisen-Nachhaltigkeit-Aktien (R) VTA
A73: 105 | B73: Raiffeisen Azionario Sostenibile Europeo | D73: AT0000A1WB96 | E73: Raiffeisen Azionario Sostenibile Europeo (I) VTA | F73: 70001461 | G73: Raiffeisen Azionario Sostenibile Europeo (I) VTA | H73: Italia | I73: IT | J73: Retail | K73: 17.04.2018 | M73: Raiffeisen Kapitalanlage GmbH | N73: =VLOOKUP(D73,'doc legali'!A:B,2,FALSE) -> #N/A
A74: 105 | B74: Raiffeisen Azionario Sostenibile Europeo | D74: AT0000785225 | E74: Raiffeisen Azionario Sostenibile Europeo (R) VTA | F74: 70001461 | G74: Raiffeisen Azionario Sostenibile Europeo (R) VTA | H74: Italia | I74: IT | J74: Retail | K74: 26.05.1999 | M74: Raiffeisen Kapitalanlage GmbH | N74: =VLOOKUP(D74,'doc legali'!A:B,2,FALSE) -> Raiffeisen-Nachhaltigkeit-Europa-Aktien (R) VTA
A75: 3407 | B75: Raiffeisen Azionario Sostenibile Mercati Emergenti | D75: AT0000A1TB83 | E75: Raiffeisen Azionario Sostenibile Mercati Emergenti (I) VTA | F75: 70149920 | G75: Raiffeisen Azionario Sostenibile Mercati Emergenti (I) VTA | H75: Italia | I75: IT | J75: Retail | K75: 03.04.2017 | M75: Raiffeisen Kapitalanlage GmbH | N75: =VLOOKUP(D75,'doc legali'!A:B,2,FALSE) -> #N/A
A76: 3407 | B76: Raiffeisen Azionario Sostenibile Mercati Emergenti | D76: AT0000A1TB59 | E76: Raiffeisen Azionario Sostenibile Mercati Emergenti (R) VTA | F76: 70149920 | G76: Raiffeisen Azionario Sostenibile Mercati Emergenti (R) VTA | H76: Italia | I76: IT | J76: Retail | K76: 03.04.2017 | M76: Raiffeisen Kapitalanlage GmbH | N76: =VLOOKUP(D76,'doc legali'!A:B,2,FALSE) -> Raiffeisen-Nachhaltigkeit-EmergingMarkets-Aktien (R) VTA
A77: 264 | B77: Raiffeisen Azionario Sostenibile USA | D77: AT0000764766 | E77: Raiffeisen Azionario Sostenibile USA (R) VTA | G77: Raiffeisen Azionario Sostenibile USA (R) VTA | H77: Italia | I77: IT | J77: Retail | K77: 24.03.2000 | M77: Raiffeisen Kapitalanlage GmbH | N77: =VLOOKUP(D77,'doc legali'!A:B,2,FALSE) -> Raiffeisen-Nachhaltigkeit-US-Aktien (R) VTA
A78: 10 | B78: Raiffeisen Bilanciato Sostenibile | D78: AT0000A1VG68 | E78: Raiffeisen Bilanciato Sostenibile (I) VTA | F78: 70001463 | G78: Raiffeisen Bilanciato Sostenibile (I) VTA | H78: Italia | I78: IT | J78: Retail | K78: 12.05.2017 | M78: Raiffeisen Kapitalanlage GmbH | N78: =VLOOKUP(D78,'doc legali'!A:B,2,FALSE) -> #N/A
A79: 10 | B79: Raiffeisen Bilanciato Sostenibile | D79: AT0000785381 | E79: Raiffeisen Bilanciato Sostenibile (R) VTA | F79: 70001463 | G79: Raiffeisen Bilanciato Sostenibile (R) VTA | H79: Italia | I79: IT | J79: Retail | K79: 26.05.1999 | M79: Raiffeisen Kapitalanlage GmbH | N79: =VLOOKUP(D79,'doc legali'!A:B,2,FALSE) -> Raiffeisen-Nachhaltigkeit-Mix (R) VTA
A80: 10 | B80: Raiffeisen Bilanciato Sostenibile | D80: AT0000A2E091 | E80: Raiffeisen Bilanciato Sostenibile (S) A | F80: 70001463 | G80: Raiffeisen Bilanciato Sostenibile (S) A | H80: Italia | I80: IT | J80: Retail | K80: 01.04.2020 | M80: Raiffeisen Kapitalanlage GmbH | N80: =VLOOKUP(D80,'doc legali'!A:B,2,FALSE) -> Raiffeisen-Nachhaltigkeit-Mix (S) A
A81: 3031 | B81: Raiffeisen Bond Total Return | C81: 29.01.2015 | D81: AT0000A06QC4 | E81: Raiffeisen Bond Total Return (R) | G81: Raiffeisen Bond Total Return (R) | H81: Italia | I81: IT | J81: Retail | K81: 31.12.2007 | L81: 29.01.2015 | M81: Raiffeisen Kapitalanlage GmbH | N81: =VLOOKUP(D81,'doc legali'!A:B,2,FALSE) -> #N/A
A82: 3396 | B82: Raiffeisen Dynamic Assets Plus | C82: 16.06.2020 | D82: AT0000A20AG0 | E82: Raiffeisen Dynamic Assets Plus (R) VTA | G82: Raiffeisen Dynamic Assets Plus (R) VTA | H82: Italia | I82: IT | J82: Retail | K82: 25.04.2018 | L82: 28.05.2020 | M82: Raiffeisen Kapitalanlage GmbH | N82: =VLOOKUP(D82,'doc legali'!A:B,2,FALSE) -> #N/A
A83: 3396 | B83: Raiffeisen Dynamic Assets Plus | C83: 16.06.2020 | D83: AT0000A20AH8 | E83: Raiffeisen Dynamic Assets Plus (S) VTA | G83: Raiffeisen Dynamic Assets Plus (S) VTA | H83: Italia | I83: IT | J83: Retail | K83: 25.04.2018 | L83: 28.05.2020 | M83: Raiffeisen Kapitalanlage GmbH | N83: =VLOOKUP(D83,'doc legali'!A:B,2,FALSE) -> #N/A
A84: 3429 | B84: Raiffeisen Dynamic Assets Solid | C84: 17.07.2024 | D84: AT0000A1Z1R6 | E84: Raiffeisen Dynamic Assets Solid (I) VTA | F84: 70151901 | G84: Raiffeisen Dynamic Assets Solid (I) VTA | H84: Italia | I84: IT | J84: Retail | K84: 30.04.2018 | L84: 01.09.2022 | M84: Raiffeisen Kapitalanlage GmbH | N84: =VLOOKUP(D84,'doc legali'!A:B,2,FALSE) -> #N/A
A85: 3429 | B85: Raiffeisen Dynamic Assets Solid | C85: 17.07.2024 | D85: AT0000A1Z1M7 | E85: Raiffeisen Dynamic Assets Solid (R) VTA | F85: 70151901 | G85: Raiffeisen Dynamic Assets Solid (R) VTA | H85: Italia | I85: IT | J85: Retail | K85: 30.04.2018 | L85: 17.07.2024 | M85: Raiffeisen Kapitalanlage GmbH | N85: =VLOOKUP(D85,'doc legali'!A:B,2,FALSE) -> #N/A
A86: 3429 | B86: Raiffeisen Dynamic Assets Solid | C86: 17.07.2024 | D86: AT0000A1Z1S4 | E86: Raiffeisen Dynamic Assets Solid (S) VTA | F86: 70151901 | G86: Raiffeisen Dynamic Assets Solid (S) VTA | H86: Italia | I86: IT | J86: Retail | K86: 30.04.2018 | L86: 17.07.2024 | M86: Raiffeisen Kapitalanlage GmbH | N86: =VLOOKUP(D86,'doc legali'!A:B,2,FALSE) -> #N/A
A87: 446 | B87: Raiffeisen Dynamic Bonds | C87: 30.04.2018 | D87: AT0000637442 | E87: Raiffeisen Dynamic Bonds (R) VTA | F87: 70001847 | G87: Raiffeisen Dynamic Bonds (R) VTA | H87: Italia | I87: IT | J87: Retail | K87: 29.10.2003 | L87: 30.04.2018 | M87: Raiffeisen Kapitalanlage GmbH | N87: =VLOOKUP(D87,'doc legali'!A:B,2,FALSE) -> #N/A
A88: 446 | B88: Raiffeisen Dynamic Bonds | C88: 30.04.2018 | D88: AT0000A0QZP1 | E88: Raiffeisen Dynamic Bonds (S) VTA | F88: 70001847 | G88: Raiffeisen Dynamic Bonds (S) VTA | H88: Italia | I88: IT | J88: Retail | K88: 04.11.2011 | L88: 30.04.2018 | M88: Raiffeisen Kapitalanlage GmbH | N88: =VLOOKUP(D88,'doc legali'!A:B,2,FALSE) -> #N/A
A89: 133 | B89: Raiffeisen Euro ESG Government Bonds | D89: AT0000607254 | E89: Raiffeisen Euro ESG Government Bonds (I) VTA | F89: 70141985 | G89: Raiffeisen Euro ESG Government Bonds (I) VTA | H89: Italia | I89: IT | J89: Kundenbetreuung | K89: 01.01.2001 | M89: Raiffeisen Kapitalanlage GmbH | N89: =VLOOKUP(D89,'doc legali'!A:B,2,FALSE) -> #N/A
A90: 3399 | B90: Raiffeisen Euro Rendimento ESG | D90: AT0000A1PC78 | E90: Raiffeisen Euro Rendimento ESG (I) VTA | G90: Raiffeisen Euro Rendimento ESG (I) VTA | H90: Italia | I90: IT | J90: Retail | K90: 25.10.2016 | M90: Raiffeisen Kapitalanlage GmbH | N90: =VLOOKUP(D90,'doc legali'!A:B,2,FALSE) -> #N/A
A91: 3399 | B91: Raiffeisen Euro Rendimento ESG | D91: AT0000A1PC52 | E91: Raiffeisen Euro Rendimento ESG (R) VTA | G91: Raiffeisen Euro Rendimento ESG (R) VTA | H91: Italia | I91: IT | J91: Retail | K91: 25.10.2016 | M91: Raiffeisen Kapitalanlage GmbH | N91: =VLOOKUP(D91,'doc legali'!A:B,2,FALSE) -> Raiffeisen-ESG-Euro-Rendite (R) VTA
A92: 3399 | B92: Raiffeisen Euro Rendimento ESG | D92: AT0000A1PC86 | E92: Raiffeisen Euro Rendimento ESG (S) VTA | G92: Raiffeisen Euro Rendimento ESG (S) VTA | H92: Italia | I92: IT | J92: Retail | K92: 25.10.2016 | M92: Raiffeisen Kapitalanlage GmbH | N92: =VLOOKUP(D92,'doc legali'!A:B,2,FALSE) -> Raiffeisen-ESG-Euro-Rendite (S) VTA
A93: 339 | B93: Raiffeisen Euro-Corporates-ESG | D93: AT0000712534 | E93: Raiffeisen Euro-Corporates-ESG (R) VTA | F93: 70001749 | G93: Raiffeisen Euro-Corporates-ESG (R) VTA | H93: Italia | I93: IT | J93: Retail | K93: 18.12.2002 | M93: Raiffeisen Kapitalanlage GmbH | N93: =VLOOKUP(D93,'doc legali'!A:B,2,FALSE) -> Raiffeisen-ESG-Euro-Corporates (R) VTA
A94: 339 | B94: Raiffeisen Euro-Corporates-ESG | D94: AT0000A0PG42 | E94: Raiffeisen Euro-Corporates-ESG (S) A | F94: 70001749 | G94: Raiffeisen Euro-Corporates-ESG (S) A | H94: Italia | I94: IT | J94: Retail | K94: 10.08.2011 | M94: Raiffeisen Kapitalanlage GmbH | N94: =VLOOKUP(D94,'doc legali'!A:B,2,FALSE) -> Raiffeisen-ESG-Euro-Corporates (S) A
A95: 444 | B95: Raiffeisen Europa SmallCap | C95: 27.07.2021 | D95: AT0000A0LQ44 | E95: Raiffeisen Europa SmallCap (I) VTA | F95: 70001828 | G95: Raiffeisen Europa SmallCap (I) VTA | H95: Italia | I95: IT | J95: Retail | K95: 17.04.2018 | L95: 27.07.2021 | M95: Raiffeisen Kapitalanlage GmbH | N95: =VLOOKUP(D95,'doc legali'!A:B,2,FALSE) -> #N/A
A96: 444 | B96: Raiffeisen Europa SmallCap | C96: 27.07.2021 | D96: AT0000639000 | E96: Raiffeisen Europa SmallCap (R) VTA | F96: 70001828 | G96: Raiffeisen Europa SmallCap (R) VTA | H96: Italia | I96: IT | J96: Retail | K96: 29.10.2003 | L96: 27.07.2021 | M96: Raiffeisen Kapitalanlage GmbH | N96: =VLOOKUP(D96,'doc legali'!A:B,2,FALSE) -> #N/A
A97: 3598 | B97: Raiffeisen FixedTerm ESG 2028 | D97: AT0000A3JF06 | E97: Raiffeisen FixedTerm ESG 2028 (I) VTA | G97: Raiffeisen FixedTerm ESG 2028 (I) VTA | H97: Italia | I97: IT | J97: Retail | K97: 29.04.2025 | M97: Raiffeisen Kapitalanlage GmbH | N97: =VLOOKUP(D97,'doc legali'!A:B,2,FALSE) -> #N/A
A98: 3598 | B98: Raiffeisen FixedTerm ESG 2028 | D98: AT0000A3JF30 | E98: Raiffeisen FixedTerm ESG 2028 (R) VTA | G98: Raiffeisen FixedTerm ESG 2028 (R) VTA | H98: Italia | I98: IT | J98: Retail | K98: 29.04.2025 | L98: 29.04.2025 | M98: Raiffeisen Kapitalanlage GmbH | N98: =VLOOKUP(D98,'doc legali'!A:B,2,FALSE) -> #N/A
A99: 3598 | B99: Raiffeisen FixedTerm ESG 2028 | D99: AT0000A3KTE5 | E99: Raiffeisen FixedTerm ESG 2028 (S) VTA | G99: Raiffeisen FixedTerm ESG 2028 (S) VTA | H99: Italia | I99: IT | J99: Retail | K99: 29.04.2025 | M99: Raiffeisen Kapitalanlage GmbH | N99: =VLOOKUP(D99,'doc legali'!A:B,2,FALSE) -> Raiffeisen Laufzeitfonds ESG 2028 (S) VTA
A100: 3387 | B100: Raiffeisen Global Income | D100: AT0000A1JU66 | E100: Raiffeisen Global Income (I) VTA | F100: 70149164 | G100: Raiffeisen Global Income (I) VTA | H100: Italia | I100: IT | J100: Kundenbetreuung | K100: 30.05.2016 | M100: Raiffeisen Kapitalanlage GmbH | N100: =VLOOKUP(D100,'doc legali'!A:B,2,FALSE) -> #N/A
...

Sheet Stammdaten
A1: Fonds: ExterneReferenz | B1: Fonds: Name Lang | C1: Tranche: ISIN | D1: Tranche: ID | E1: Tranche: LINS_INS_ID_FND | F1: Tranche: V3Nummer | G1: Tranche: Instrument 1 akt Name lang | H1: Tranche: Deutsche WPKNR | I1: Tranche: Ticker | J1: Tranche: Tranchentyp | K1: Tranche: Tranchentyp Name DE | L1: Tranche: Ertragstyp | M1: Tranche: Verwaltungsgebühr | N1: Tranche: Ausschüttungsintervall | O1: Ausschüttungstag ID | P1: Valorennummer ID | Q1: Währung ISOCODE_NEU | R1: Auflagedatum NAME | S1: Emittent NAME | T1: Depotbank NAME | U1: Konformität ID | V1: OeNB ID ID | W1: GJ von ID | X1: GJ bis ID | Y1: Mindestveranlagung ID | Z1: Zielgruppe ID | AA1: Advisory ID | AB1: Fondstyp ID | AC1: Fondsverantwortung NAME | AD1: Anlagekategorie NAME | AE1: Dachfonds-Kennzeichen ID | AF1: AIF/OGAW UCITS_AIF | AG1: AIF/OGAW NAME | AH1: LEI Code ID | AI1: BAFIN GZ ID | AJ1: Bewertung (t+) ID | AK1: BM in Medien ID | AL1: Behaltedauer Anlagehorizont_ohne_Text | AM1: Fremdfonds Durchrechnung (J/N) ID | AN1: Artikel 6/8/9 NAME | AO1: Ausgabeaufschlag ID | AP1: Assetklasse 1 NAME | AQ1: Assetklasse 2 NAME | AR1: Assetklasse 3 NAME
A2: 3329 | B2: C 11 | C2: AT0000721402 | D2: 391808 | E2: 35302604 | F2: 353026 | G2: C 11 A | H2: A0J4QW | J2: A | K2: Ausschüttung | M2: 0.35 | O2: 15.12. | P2: 1586544 | Q2: EUR | R2: 26.06.2001 | S2: Raiffeisen Kapitalanlage GmbH | T2: Raiffeisen Bank International AG | U2: BI33Z7.99999.SL.040 | V2: 8190925 | W2: 01.10. | X2: 30.09. | Z2: S | AA2: N | AB2: X | AC2: Kathrein | AD2: Gemischter Fonds mit Aktienanteil bis 100% | AE2: J | AF2: AIF | AG2: AIF (Spezialfonds §163 iVm §166f InvFG) | AJ2: t+2 | AK2: J | AL2: 8 | AM2: N | AN2: Artikel 6 | AO2: 0 | AP2: Sonstige Strategien | AQ2: Mischfonds | AR2: Mischfonds
A3: 3474 | B3: CONVERTINVEST A.R.S. Fund | C3: AT0000A2KUG0 | D3: 118746808 | E3: 1000872304 | F3: 10008723 | G3: CONVERTINVEST A.R.S. Fund (I) A | H3: A2QG4J | I3: CIARSF(I)A | J3: A | K3: Ausschüttung | L3: I | O3: 15.01. | Q3: EUR | R3: 15.12.2020 | S3: Raiffeisen Kapitalanlage GmbH | T3: Raiffeisen Bank International AG | U3: 76GZCY.99999.SL.040 | V3: 26149869 | W3: 01.11. | X3: 31.10. | Y3: 2000000 | Z3: G | AA3: N | AB3: Z | AC3: IKÖ | AD3: Rentenfonds | AE3: N | AF3: UCITS | AG3: OGAW (PublF §46 iVM §66ff InvFG) | AJ3: t+1 | AK3: N | AL3: 8 | AM3: N | AN3: Artikel 8 | AO3: 0 | AP3: Sonstige Strategien | AQ3: Wandelanleihen | AR3: Wandelanleihen
A4: 3474 | B4: CONVERTINVEST A.R.S. Fund | C4: AT0000A2KUF2 | D4: 118746908 | E4: 1000872304 | F4: 10008723 | G4: CONVERTINVEST A.R.S. Fund (I) T | H4: A2QG4H | I4: CIARSF(I)T | J4: T | K4: Thesaurierung | L4: I | O4: 15.01. | Q4: EUR | R4: 15.12.2020 | S4: Raiffeisen Kapitalanlage GmbH | T4: Raiffeisen Bank International AG | U4: 76GZCY.99999.SL.040 | V4: 26149869 | W4: 01.11. | X4: 31.10. | Y4: 2000000 | Z4: G | AA4: N | AB4: Z | AC4: IKÖ | AD4: Rentenfonds | AE4: N | AF4: UCITS | AG4: OGAW (PublF §46 iVM §66ff InvFG) | AJ4: t+1 | AK4: N | AL4: 8 | AM4: N | AN4: Artikel 8 | AO4: 0 | AP4: Sonstige Strategien | AQ4: Wandelanleihen | AR4: Wandelanleihen
A5: 3474 | B5: CONVERTINVEST A.R.S. Fund | C5: AT0000A2KUE5 | D5: 118746708 | E5: 1000872304 | F5: 10008723 | G5: CONVERTINVEST A.R.S. Fund (R) A | H5: A2QG4G | I5: CIARSF(R)A | J5: A | K5: Ausschüttung | L5: R | O5: 15.01. | Q5: EUR | R5: 15.12.2020 | S5: Raiffeisen Kapitalanlage GmbH | T5: Raiffeisen Bank International AG | U5: 76GZCY.99999.SL.040 | V5: 26149869 | W5: 01.11. | X5: 31.10. | Z5: P | AA5: N | AB5: Z | AC5: IKÖ | AD5: Rentenfonds | AE5: N | AF5: UCITS | AG5: OGAW (PublF §46 iVM §66ff InvFG) | AJ5: t+1 | AK5: N | AL5: 8 | AM5: N | AN5: Artikel 8 | AO5: 0 | AP5: Sonstige Strategien | AQ5: Wandelanleihen | AR5: Wandelanleihen
A6: 3474 | B6: CONVERTINVEST A.R.S. Fund | C6: AT0000A2KUH8 | D6: 118747008 | E6: 1000872304 | F6: 10008723 | G6: CONVERTINVEST A.R.S. Fund (S) VTA | H6: A2QG4F | I6: CIARSF(S)VTA | J6: V | K6: Vollthesaurierung | L6: S | O6: 15.01. | Q6: EUR | R6: 15.12.2020 | S6: Raiffeisen Kapitalanlage GmbH | T6: Raiffeisen Bank International AG | U6: 76GZCY.99999.SL.040 | V6: 26149869 | W6: 01.11. | X6: 31.10. | Y6: 1000000 | Z6: G | AA6: N | AB6: Z | AC6: IKÖ | AD6: Rentenfonds | AE6: N | AF6: UCITS | AG6: OGAW (PublF §46 iVM §66ff InvFG) | AJ6: t+1 | AK6: N | AL6: 8 | AM6: N | AN6: Artikel 8 | AO6: 0 | AP6: Sonstige Strategien | AQ6: Wandelanleihen | AR6: Wandelanleihen
A7: 3223 | B7: CONVERTINVEST All-Cap Convertibles Fund | C7: AT0000A0RFU1 | D7: 72233508 | E7: 320342404 | F7: 3203424 | G7: CONVERTINVEST All-Cap Convertibles Fund (I) T | H7: A1JHVR | I7: CSPACIT | J7: T | K7: Thesaurierung | L7: I | O7: 31.05. | P7: 13778965 | Q7: EUR | R7: 03.10.2011 | S7: Raiffeisen Kapitalanlage GmbH | T7: Raiffeisen Bank International AG | U7: EFRQ25.99999.SL.040 | V7: 8510580 | W7: 01.03. | X7: 28.02. | Y7: 3000000 | Z7: G | AA7: N | AB7: Z | AC7: IKÖ | AD7: Rentenfonds | AE7: N | AF7: UCITS | AG7: OGAW (PublF §46 iVM §66ff InvFG) | AI7: 70135333 | AJ7: t+1 | AK7: N | AL7: 8 | AM7: N | AN7: Artikel 8 | AO7: 0 | AP7: Sonstige Strategien | AQ7: Wandelanleihen | AR7: Wandelanleihen
A8: 3223 | B8: CONVERTINVEST All-Cap Convertibles Fund | C8: AT0000A0RFV9 | D8: 72233708 | E8: 320342404 | F8: 3203424 | G8: CONVERTINVEST All-Cap Convertibles Fund (I) VTA | H8: A1JEYB | I8: CSACIVA | J8: V | K8: Vollthesaurierung | L8: I | O8: 31.05. | P8: 13779069 | Q8: EUR | R8: 03.10.2011 | S8: Raiffeisen Kapitalanlage GmbH | T8: Raiffeisen Bank International AG | U8: EFRQ25.99999.SL.040 | V8: 8510580 | W8: 01.03. | X8: 28.02. | Y8: 3000000 | Z8: G | AA8: N | AB8: Z | AC8: IKÖ | AD8: Rentenfonds | AE8: N | AF8: UCITS | AG8: OGAW (PublF §46 iVM §66ff InvFG) | AI8: 70135333 | AJ8: t+1 | AK8: N | AL8: 8 | AM8: N | AN8: Artikel 8 | AO8: 0 | AP8: Sonstige Strategien | AQ8: Wandelanleihen | AR8: Wandelanleihen
A9: 3223 | B9: CONVERTINVEST All-Cap Convertibles Fund | C9: AT0000A21LL5 | D9: 94870708 | E9: 320342404 | F9: 3203424 | G9: CONVERTINVEST All-Cap Convertibles Fund (R) VTA | H9: A2JNM2 | I9: COACVTA | J9: V | K9: Vollthesaurierung | L9: R | O9: 31.05. | Q9: EUR | R9: 02.07.2018 | S9: Raiffeisen Kapitalanlage GmbH | T9: Raiffeisen Bank International AG | U9: EFRQ25.99999.SL.040 | V9: 8510580 | W9: 01.03. | X9: 28.02. | Z9: P | AA9: N | AB9: Z | AC9: IKÖ | AD9: Rentenfonds | AE9: N | AF9: UCITS | AG9: OGAW (PublF §46 iVM §66ff InvFG) | AI9: 70135333 | AJ9: t+1 | AK9: N | AL9: 8 | AM9: N | AN9: Artikel 8 | AO9: 0 | AP9: Sonstige Strategien | AQ9: Wandelanleihen | AR9: Wandelanleihen
A10: 3223 | B10: CONVERTINVEST All-Cap Convertibles Fund | C10: AT0000A08Y62 | D10: 59794108 | E10: 320342404 | F10: 3203424 | G10: CONVERTINVEST All-Cap Convertibles Fund (S) A | H10: A0NFRL | J10: A | K10: Ausschüttung | L10: S | O10: 31.05. | P10: 3844846 | Q10: EUR | R10: 17.03.2008 | S10: Raiffeisen Kapitalanlage GmbH | T10: Raiffeisen Bank International AG | U10: EFRQ25.99999.SL.040 | V10: 8510580 | W10: 01.03. | X10: 28.02. | Z10: P | AA10: N | AB10: Z | AC10: IKÖ | AD10: Rentenfonds | AE10: N | AF10: UCITS | AG10: OGAW (PublF §46 iVM §66ff InvFG) | AI10: 70135333 | AJ10: t+1 | AK10: N | AL10: 8 | AM10: N | AN10: Artikel 8 | AO10: 0 | AP10: Sonstige Strategien | AQ10: Wandelanleihen | AR10: Wandelanleihen
A11: 3223 | B11: CONVERTINVEST All-Cap Convertibles Fund | C11: AT0000A09008 | D11: 59794208 | E11: 320342404 | F11: 3203424 | G11: CONVERTINVEST All-Cap Convertibles Fund (S) T | H11: A0NGQB | I11: CSPCACT | J11: T | K11: Thesaurierung | L11: S | O11: 31.05. | P11: 3868403 | Q11: EUR | R11: 17.03.2008 | S11: Raiffeisen Kapitalanlage GmbH | T11: Raiffeisen Bank International AG | U11: EFRQ25.99999.SL.040 | V11: 8510580 | W11: 01.03. | X11: 28.02. | Z11: P | AA11: N | AB11: Z | AC11: IKÖ | AD11: Rentenfonds | AE11: N | AF11: UCITS | AG11: OGAW (PublF §46 iVM §66ff InvFG) | AI11: 70135333 | AJ11: t+1 | AK11: N | AL11: 8 | AM11: N | AN11: Artikel 8 | AO11: 0 | AP11: Sonstige Strategien | AQ11: Wandelanleihen | AR11: Wandelanleihen
A12: 3223 | B12: CONVERTINVEST All-Cap Convertibles Fund | C12: AT0000A09016 | D12: 59794308 | E12: 320342404 | F12: 3203424 | G12: CONVERTINVEST All-Cap Convertibles Fund (S) VTA | H12: A0NGRK | I12: CSPCACV | J12: V | K12: Vollthesaurierung | L12: S | O12: 31.05. | P12: 3868420 | Q12: EUR | R12: 17.03.2008 | S12: Raiffeisen Kapitalanlage GmbH | T12: Raiffeisen Bank International AG | U12: EFRQ25.99999.SL.040 | V12: 8510580 | W12: 01.03. | X12: 28.02. | Z12: P | AA12: N | AB12: Z | AC12: IKÖ | AD12: Rentenfonds | AE12: N | AF12: UCITS | AG12: OGAW (PublF §46 iVM §66ff InvFG) | AI12: 70135333 | AJ12: t+1 | AK12: N | AL12: 8 | AM12: N | AN12: Artikel 8 | AO12: 0 | AP12: Sonstige Strategien | AQ12: Wandelanleihen | AR12: Wandelanleihen
A13: 3223 | B13: CONVERTINVEST All-Cap Convertibles Fund | C13: AT0000A1W442 | D13: 89404208 | E13: 320342404 | F13: 3203424 | G13: CONVERTINVEST All-Cap Convertibles Fund (SZ) A | H13: A2DRME | J13: A | K13: Ausschüttung | L13: SZ | O13: 31.05. | P13: 36743291 | Q13: EUR | R13: 01.06.2017 | S13: Raiffeisen Kapitalanlage GmbH | T13: Raiffeisen Bank International AG | U13: EFRQ25.99999.SL.040 | V13: 8510580 | W13: 01.03. | X13: 28.02. | Y13: 3000000 | Z13: P | AA13: N | AB13: Z | AC13: IKÖ | AD13: Rentenfonds | AE13: N | AF13: UCITS | AG13: OGAW (PublF §46 iVM §66ff InvFG) | AI13: 70135333 | AJ13: t+1 | AK13: N | AL13: 8 | AM13: N | AN13: Artikel 8 | AO13: 0 | AP13: Sonstige Strategien | AQ13: Wandelanleihen | AR13: Wandelanleihen
A14: 3223 | B14: CONVERTINVEST All-Cap Convertibles Fund | C14: AT0000A1W434 | D14: 89404308 | E14: 320342404 | F14: 3203424 | G14: CONVERTINVEST All-Cap Convertibles Fund (SZ) T | H14: A2DRMG | J14: T | K14: Thesaurierung | L14: SZ | O14: 31.05. | P14: 36742744 | Q14: EUR | R14: 01.06.2017 | S14: Raiffeisen Kapitalanlage GmbH | T14: Raiffeisen Bank International AG | U14: EFRQ25.99999.SL.040 | V14: 8510580 | W14: 01.03. | X14: 28.02. | Y14: 3000000 | Z14: P | AA14: N | AB14: Z | AC14: IKÖ | AD14: Rentenfonds | AE14: N | AF14: UCITS | AG14: OGAW (PublF §46 iVM §66ff InvFG) | AI14: 70135333 | AJ14: t+1 | AK14: N | AL14: 8 | AM14: N | AN14: Artikel 8 | AO14: 0 | AP14: Sonstige Strategien | AQ14: Wandelanleihen | AR14: Wandelanleihen
A15: 343 | B15: Dachfonds Südtirol | C15: AT0000707096 | D15: 401108 | E15: 34304 | F15: 343 | G15: Dachfonds Südtirol (I) VTA | H15: A0MTW6 | I15: DACSUDT | J15: V | K15: Vollthesaurierung | L15: I | M15: 0.4 | O15: 15.12. | P15: 1763408 | Q15: EUR | R15: 23.05.2001 | S15: Raiffeisen Kapitalanlage GmbH | T15: Raiffeisen Bank International AG | U15: ZMHC36.99999.SL.040 | V15: 7886799 | W15: 01.10. | X15: 30.09. | Y15: 500000 | Z15: G | AA15: N | AB15: D | AC15: Italien | AD15: Gemischter Fonds mit Aktienanteil bis zu 30% | AE15: J | AF15: UCITS | AG15: OGAW (PublF §46 iVM §66ff InvFG) | AJ15: t+2 | AK15: N | AL15: 5 | AM15: N | AN15: Artikel 6 | AO15: 0 | AP15: Sonstige Strategien | AQ15: Mischfonds | AR15: Mischfonds Sicherheit
A16: 343 | B16: Dachfonds Südtirol | C16: AT0000A0KR10 | D16: 68839908 | E16: 34304 | F16: 343 | G16: Dachfonds Südtirol (R) VTA | H16: A1C5KB | I16: DACSRVA | J16: V | K16: Vollthesaurierung | L16: R | M16: 1 | O16: 15.12. | P16: 11804465 | Q16: EUR | R16: 03.01.2011 | S16: Raiffeisen Kapitalanlage GmbH | T16: Raiffeisen Bank International AG | U16: ZMHC36.99999.SL.040 | V16: 7886799 | W16: 01.10. | X16: 30.09. | Z16: P | AA16: N | AB16: D | AC16: Italien | AD16: Gemischter Fonds mit Aktienanteil bis zu 30% | AE16: J | AF16: UCITS | AG16: OGAW (PublF §46 iVM §66ff InvFG) | AJ16: t+2 | AK16: N | AL16: 5 | AM16: N | AN16: Artikel 6 | AO16: 0 | AP16: Sonstige Strategien | AQ16: Mischfonds | AR16: Mischfonds Sicherheit
A17: 343 | B17: Dachfonds Südtirol | C17: AT0000A1AD33 | D17: 83008308 | E17: 34304 | F17: 343 | G17: Dachfonds Südtirol (S) A | H17: A12BN1 | I17: DACSSVA | J17: A | K17: Ausschüttung | L17: S | M17: 1.75 | O17: 15.12. | P17: 25902610 | Q17: EUR | R17: 02.02.2015 | S17: Raiffeisen Kapitalanlage GmbH | T17: Raiffeisen Bank International AG | U17: ZMHC36.99999.SL.040 | V17: 7886799 | W17: 01.10. | X17: 30.09. | Z17: P | AA17: N | AB17: D | AC17: Italien | AD17: Gemischter Fonds mit Aktienanteil bis zu 30% | AE17: J | AF17: UCITS | AG17: OGAW (PublF §46 iVM §66ff InvFG) | AJ17: t+2 | AK17: N | AL17: 5 | AM17: N | AN17: Artikel 6 | AO17: 0 | AP17: Sonstige Strategien | AQ17: Mischfonds | AR17: Mischfonds Sicherheit
A18: 3594 | B18: DT Spezialfonds | C18: AT0000A3J0F1 | D18: 143950608 | E18: 359404 | F18: 3594 | G18: DT Spezialfonds VTI | H18: A411TZ | I18: RFDTSFV | J18: W | K18: Vollthesaurierer Österreich | O18: 15.03. | Q18: EUR | R18: 03.03.2025 | S18: Raiffeisen Kapitalanlage GmbH | T18: Raiffeisen Bank International AG | U18: 5CGW6G.99999.SL.040 | V18: 31945767 | W18: 01.01. | X18: 31.12. | Z18: S | AA18: N | AB18: X | AC18: IKÖ | AD18: Rentenfonds | AE18: J | AF18: AIF | AG18: AIF (Spezialfonds §163 iVM InvFG) | AJ18: t+2 | AK18: J | AL18: 5 | AM18: N | AN18: Artikel 6 | AO18: 0 | AP18: Anleihen | AQ18: Anleihen Developed Markets | AR18: Anleihen Non Euro/Global
A19: 3118 | B19: FlexProtection Active Fund | C19: AT0000A0D5E2 | D19: 64053708 | E19: 311804 | F19: 3118 | G19: FlexProtection Active Fund VTI | H19: A0RGYS | J19: W | K19: Vollthesaurierer Österreich | M19: 1.7 | O19: 01.02. | P19: 10006915 | Q19: EUR | R19: 30.04.2009 | S19: Raiffeisen Kapitalanlage GmbH | T19: Raiffeisen Bank International AG | U19: GMPXWL.00039.ME.040 | V19: 9126821 | W19: 01.12. | X19: 30.11. | Z19: G | AA19: N | AB19: D | AC19: IKÖ | AD19: Gemischter Fonds mit Aktienanteil bis 100% | AE19: J | AF19: AIF | AG19: AIF (PublF §166f InvFG) | AJ19: t+2 | AK19: N | AL19: 10 | AM19: N | AN19: Artikel 6 | AO19: 0 | AP19: Sonstige Strategien | AQ19: Mischfonds | AR19: Mischfonds
A20: 3208 | B20: FlexProtection Secure 11 | C20: AT0000A0PD52 | D20: 70593008 | E20: 319631504 | F20: 3196315 | G20: FlexProtection Secure 11 VTI | H20: A1H9UW | J20: W | K20: Vollthesaurierer Österreich | M20: 0.8 | O20: 31.05. | P20: 12880765 | Q20: EUR | R20: 29.04.2011 | S20: Raiffeisen Kapitalanlage GmbH | T20: Raiffeisen Bank International AG | U20: GMPXWL.00050.ME.040 | V20: 10774220 | W20: 01.04. | X20: 31.03. | Z20: S | AA20: N | AB20: X | AC20: IKÖ | AD20: Rentenfonds | AE20: N | AF20: AIF | AG20: AIF (Spezialfonds §163 iVm §166f InvFG) | AJ20: t+2 | AK20: N | AM20: N | AN20: Artikel 6 | AO20: 5 | AP20: Anleihen | AQ20: Anleihen Developed Markets | AR20: Anleihen Euro/Europa
A21: 3241 | B21: FlexProtection Secure 12 | C21: AT0000A0UBW0 | D21: 73701908 | E21: 321562204 | F21: 3215622 | G21: FlexProtection Secure 12 VTI | H21: A1JSW8 | J21: W | K21: Vollthesaurierer Österreich | M21: 0.8 | O21: 31.05. | P21: 18031331 | Q21: EUR | R21: 30.04.2012 | S21: Raiffeisen Kapitalanlage GmbH | T21: Raiffeisen Bank International AG | U21: GMPXWL.00051.ME.040 | V21: 11327464 | W21: 01.04. | X21: 31.03. | Z21: S | AA21: N | AB21: X | AC21: IKÖ | AD21: Rentenfonds | AE21: N | AF21: AIF | AG21: AIF (Spezialfonds §163 iVm §166f InvFG) | AJ21: t+2 | AK21: N | AM21: N | AN21: Artikel 6 | AO21: 5 | AP21: Anleihen | AQ21: Anleihen Developed Markets | AR21: Anleihen Euro/Europa
A22: 3260 | B22: FlexProtection Secure 13 | C22: AT0000A10AA4 | D22: 77889808 | E22: 323446304 | F22: 3234463 | G22: FlexProtection Secure 13 VTI | H22: A1T9NF | J22: W | K22: Vollthesaurierer Österreich | M22: 0.8 | O22: 31.05. | P22: 21247255 | Q22: EUR | R22: 30.04.2013 | S22: Raiffeisen Kapitalanlage GmbH | T22: Raiffeisen Bank International AG | U22: GMPXWL.00052.ME.040 | V22: 16577434 | W22: 01.04. | X22: 31.03. | Z22: S | AA22: N | AB22: X | AC22: IKÖ | AD22: Rentenfonds | AE22: N | AF22: AIF | AG22: AIF (Spezialfonds §163 iVm §166f InvFG) | AJ22: t+2 | AK22: N | AM22: N | AN22: Artikel 6 | AO22: 5 | AP22: Anleihen | AQ22: Anleihen Developed Markets | AR22: Anleihen Euro/Europa
A23: 3279 | B23: FlexProtection Secure 14 | C23: AT0000A16QK6 | D23: 80615208 | E23: 324044404 | F23: 3240444 | G23: FlexProtection Secure 14 VTI | H23: A1XDYW | J23: W | K23: Vollthesaurierer Österreich | M23: 0.8 | O23: 31.05. | P23: 23959866 | Q23: EUR | R23: 30.04.2014 | S23: Raiffeisen Kapitalanlage GmbH | T23: Raiffeisen Bank International AG | U23: GMPXWL.00140.ME.040 | V23: 17396000 | W23: 01.04. | X23: 31.03. | Z23: S | AA23: N | AB23: X | AC23: IKÖ | AD23: Rentenfonds | AE23: N | AF23: AIF | AG23: AIF (Spezialfonds §163 iVm §166f InvFG) | AJ23: t+2 | AK23: N | AM23: N | AN23: Artikel 6 | AO23: 5 | AP23: Anleihen | AQ23: Anleihen Developed Markets | AR23: Anleihen Euro/Europa
A24: 3366 | B24: FlexProtection Secure 15 | C24: AT0000A1DJQ9 | D24: 83339908 | E24: 324858204 | F24: 3248582 | G24: FlexProtection Secure 15 VTI | H24: A14P78 | J24: W | K24: Vollthesaurierer Österreich | M24: 0.8 | O24: 01.06. | P24: 27459056 | Q24: EUR | R24: 30.04.2015 | S24: Raiffeisen Kapitalanlage GmbH | T24: Raiffeisen Bank International AG | U24: GMPXWL.00150.ME.040 | V24: 18285180 | W24: 01.04. | X24: 31.03. | Z24: S | AA24: N | AB24: X | AC24: IKÖ | AD24: Rentenfonds | AE24: N | AF24: AIF | AG24: AIF (Spezialfonds §163 iVM InvFG) | AJ24: t+2 | AK24: N | AM24: N | AN24: Artikel 6 | AO24: 5 | AP24: Anleihen | AQ24: Anleihen Developed Markets | AR24: Anleihen Euro/Europa
A25: 3391 | B25: FlexProtection Secure 16 | C25: AT0000A1KT82 | D25: 85099608 | E25: 1000144204 | F25: 10001442 | G25: FlexProtection Secure 16 VTI | H25: A2AGF6 | I25: FPS16 | J25: W | K25: Vollthesaurierer Österreich | M25: 0.8 | O25: 01.06. | P25: 32053875 | Q25: EUR | R25: 27.04.2016 | S25: Raiffeisen Kapitalanlage GmbH | T25: Raiffeisen Bank International AG | U25: GJAS87.99999.SL.040 | V25: 19260288 | W25: 01.04. | X25: 31.03. | Z25: S | AA25: N | AB25: X | AC25: IKÖ | AD25: Rentenfonds | AE25: N | AF25: AIF | AG25: AIF (Spezialfonds §163 iVM InvFG) | AJ25: t+2 | AK25: N | AM25: N | AN25: Artikel 6 | AO25: 5 | AP25: Anleihen | AQ25: Anleihen Developed Markets | AR25: Anleihen Euro/Europa
A26: 3414 | B26: FlexProtection Secure 17 | C26: AT0000A1VGU9 | D26: 88994908 | E26: 1000352204 | F26: 10003522 | G26: FlexProtection Secure 17 VTI | H26: A2DP59 | J26: W | K26: Vollthesaurierer Österreich | M26: 0.8 | O26: 01.06. | P26: 36452232 | Q26: EUR | R26: 26.04.2017 | S26: Raiffeisen Kapitalanlage GmbH | T26: Raiffeisen Bank International AG | U26: 3FFQIT.99999.SL.040 | V26: 20279078 | W26: 01.04. | X26: 31.03. | Z26: S | AA26: N | AB26: X | AC26: IKÖ | AD26: Rentenfonds | AE26: N | AF26: AIF | AG26: AIF (Spezialfonds §163 iVM InvFG) | AJ26: t+2 | AK26: N | AM26: N | AN26: Artikel 6 | AO26: 5 | AP26: Anleihen | AQ26: Anleihen Developed Markets | AR26: Anleihen Euro/Europa
